 Dungeon Crawl Stone Soup version 0.31-a0-830-g2a533130d9 (webtiles) character file.

Game seed: 4039995659923387923

1804244 qw the Conqueror (level 26, 193/193 HPs)
             Began as a Gargoyle Hunter on Sept 23, 2023.
             Was an Elder of Okawaru.
             Escaped with the Orb
             ... and 3 runes on Sept 24, 2023!
             The game lasted 00:46:48 (57805 turns).

qw the Conqueror (Gargoyle Hunter)                 Turns: 57805, Time: 00:46:49

Health: 193/193    AC: 34    Str: 18 (19) XL:     26   Next: 97%
Magic:  28/31      EV: 57    Int: 10      God:    Okawaru [****..]
Gold:   5256       SH:  0    Dex: 44      Spells: 25/25 levels left

rFire   + . .        s - +7 longbow of Mens Rea {freeze, *Corrode rF- Dex+8}
rCold   + + .        (shield currently unavailable)
rNeg    + . .        u - +2 troll leather armour
rPois   inf          z - -1 hat of Useasuov {Contam rC+ Regen+ Dex+3}
rElec   +            r - scarf "Jenwon" {rC+ rF+, rElec Regen+}
rCorr   .            y - +2 pair of gloves of the Salmon {*Corrode rF+ Str+2 Slay+3}
SInv    .            x - +2 pair of boots
Will    +....        w - amulet of faith
Stlth   ++           m - +6 ring of dexterity
HPRegen 2.92/turn    j - +6 ring of dexterity
MPRegen 0.22/turn

%: corrode self (6%), faith
@: heroic, finesse-ful, flying, hasted, very quick
A: sickness immunity, AC +20, big wings, negative energy resistance 1,
electricity resistance, torment resistance 1, petrification resistance, fangs 1,
hooves 1, deformed body, deterioration 1, dopey 1, sense surroundings 1,
screaming 1, subdued magic 2, MP-powered wands
0: Orb of Zot
}: 3/15 runes: barnacled, silver, gossamer
a: Renounce Religion, Heroism, Finesse


You escaped.
You worshipped Okawaru.
Okawaru was greatly pleased with you.
You visited 9 branches of the dungeon, and saw 45 of its levels.
You visited the Abyss 1 time.
You also visited: Sewer and Gauntlet.

You collected 6580 gold pieces.
You spent 1324 gold pieces at shops.


Innate Abilities, Weirdness & Mutations

You are immune to sickness and miasma.
Your stone body is resilient. (AC +20)
You are immune to poison.
Your large and strong wings let you fly.
You resist negative energy. (rN+)
You are resistant to electric shocks. (rElec)
You are resistant to unholy torment.
You are immune to petrification.
You have very sharp teeth.
You have large cloven feet.
Armour fits poorly on your strangely shaped body.
Your body sometimes deteriorates upon taking damage.
You are dopey. (Int -2)
You passively map a small area around you.
You occasionally shout uncontrollably at your foes.
Your spells are easier to cast, but less powerful.
You expend magic power (3 MP) to strengthen your wands.


   Skills:
 O Level 27 Fighting
 - Level 22.0(27) Ranged Weapons
 + Level 19.2(24.2) Armour
 - Level 22.0(27) Dodging
 - Level 1.1(6.1) Stealth
 - Level 11.6 Invocations


You had 25 spell levels left.
You didn't know any spells.
Your spell library was empty.

Inventory:

Hand Weapons
 s - the +7 longbow of Mens Rea (weapon) {freeze, *Corrode rF- Dex+8}
   (Okawaru gifted it to you on level 4 of the Spider Nest)

   Dex+8:     It affects your dexterity (+8).
   rF-:       It makes you vulnerable to fire.
   *Corrode:  It may corrode you when you take damage.
 Y - a +1 triple crossbow of draining
Armour
 b - the +0 pair of boots of Liberty {rF+}
   (You found it on level 2 of the Realm of Zot)

   rF+:       It protects you from fire.
 d - a +1 ring mail of fire resistance
 n - the +1 pair of gloves of Rotation {Contam Str+3 Dex+3}
   (You found it in a sewer)

   Str+3:     It affects your strength (+3).
   Dex+3:     It affects your dexterity (+3).
   Contam:    It causes magical contamination when unequipped.
 r - the scarf "Jenwon" (worn) {rC+ rF+, rElec Regen+}
   (You acquired it on level 4 of the Vaults)

   rElec:     It insulates you from electricity.
   Regen+:    It increases your rate of health regeneration.
 u - a +2 troll leather armour (worn)
 x - a +2 pair of boots (worn)
 y - the +2 pair of gloves of the Salmon (worn) {*Corrode rF+ Str+2 Slay+3}
   (You took it off Nikola on level 2 of the Spider Nest)

   Str+2:     It affects your strength (+2).
   Slay+3:    It affects your accuracy & damage with ranged weapons and melee
   (+3).
   rF+:       It protects you from fire.
   *Corrode:  It may corrode you when you take damage.
 z - the -1 hat of Useasuov (worn) {Contam rC+ Regen+ Dex+3}
   (You found it on level 2 of the Depths)

   Dex+3:     It affects your dexterity (+3).
   rC+:       It protects you from cold.
   Contam:    It causes magical contamination when unequipped.
   Regen+:    It increases your rate of health regeneration.
Jewellery
 e - an amulet of reflection
 j - a +6 ring of dexterity (right hand)
 m - a +6 ring of dexterity (left hand)
 w - an amulet of faith (around neck)
Wands
 q - a wand of digging (8)
Scrolls
 c - 40 scrolls of identify
 k - 12 scrolls of teleportation
Potions
 a - 2 potions of cancellation
 g - 16 potions of curing
 h - 2 potions of haste
 i - 8 potions of might
 l - 6 potions of heal wounds
 o - 10 potions of enlightenment
 p - 7 potions of mutation
 t - 6 potions of magic

Dungeon Overview and Level Annotations

Branches:
Dungeon (15/15)            Temple (1/1) D:7            Lair (5/5) D:11
 Shoals (4/4) Lair:3       Spider (4/4) Lair:3        Slime (0/5) Lair:4
    Orc (2/2) D:9             Elf (0/3) Orc:2        Vaults (5/5) D:13
  Crypt (0/3) Vaults:2     Depths (4/4) D:15            Zot (5/5) Depths:4
  Sewer (visited)         Gauntlet (visited)

Altars:
Ashenzari
Cheibriados
Dithmenos
Elyvilon
Fedhas
Gozag
Hepliaklqana
Kikubaaqudgha
Makhleb
Nemelex Xobeh
Okawaru
Qazlal
Ru
Sif Muna
Trog
Uskayaw
Vehumet
Wu Jian
Xom
Yredelemnul
Zin
The Shining One
Jiyva

Shops:
D:2 (   Orc:2 (=[   Shoals:4 ?   Depths:2 !   Depths:3 :=:[

Portals:
Hell: Depths:1 Depths:2 Depths:3 Depths:4
Abyss: Depths:1 Depths:3
Pandemonium: Depths:2 Depths:3
Ziggurat: Depths:4
Trove: D:12 (give 17 potions of curing)

Annotations:
D:3 1 runed translucent door, Crazy Yiuf
D:5 3 runed translucent doors, qw's ghost, novice GrHu
D:7 3 runed translucent doors
D:15 3 runed translucent doors, qw's ghost, journeyman GrHu
Lair:1 2 transporters
Orc:2 3 runed translucent doors, qw's ghost, adept GrHu
Vaults:1 1 runed translucent door, qw's ghost, adept GrHu
Vaults:4 exclusions: vault sentinel and vault warden
Depths:1 4 transporters
Depths:3 1 transporter


Message History

Enter note:
Enter note:
Enter note:
Enter note:
Enter note:
Enter note:
Enter note:
Enter note:
Enter note:
Enter note:
Enter note:
Enter note:
Enter note:
Enter note:
Enter note:
Enter note:
Enter note:
Enter note:
Enter note:
Enter note:
Enter note:
Enter note: What level of the Dungeon? (default 1, ? - help)
A reaper comes into view. It is wielding a +0 scythe of venom.
You yell at the reaper!
You shoot an arrow. The arrow barely misses the reaper.
You shoot an arrow. The arrow hits the reaper!!!
The arrow freezes the reaper.
The reaper is severely wounded.
You shoot an arrow. The arrow hits the reaper!
The arrow freezes the reaper.
The reaper is almost dead.
You shoot an arrow. The arrow hits the reaper.
The arrow freezes the reaper.
The reaper is almost dead.
You shoot an arrow. The arrow hits the reaper!!!
You kill the reaper!
Okawaru accepts your kill.
What level of the Dungeon? (default 1, ? - help)
You see here a +0 scythe of venom.
There is a staircase leading out of the dungeon here.
HP restored.
You have escaped!

..# #.# #..#....#...###......
..## #.#####.##..####....#####..
#..####.......##.## ##....# #..
##...######.###..# #....## #..
...#.## #.##...# ###.....# #..
...#..# #.##..## ##.......###..
...##.# #......###..#####..##.)
...##.# ####....#.#.## #...#..
...##.# #..@......####.....#
#####.# ##...#......##..#### #
#.# #..####........##...
#####.#########)# ##....##.##...
.............##.## ####.#####...
.............###.## ##.#.##......
....%........##...###....##......
.............#.................##
..................#########....#


There were no monsters in sight!

Vanquished Creatures
  A dread lich (Zot:5)
  An ancient lich (Zot:2)
  3 orbs of fire
  Mara (Vaults:4)
  2 pandemonium lords
  7 Killer Klowns (Zot:5)
  3 curse toes
  Frederick (Vaults:4)
  15 golden dragons
  4 caustic shrikes (Depths:4)
  Jory (Vaults:4)
  A bone dragon (Depths:4)
  Nikola (Spider:2)
  A Tzitzimitl (D:13)
  Arachne (Spider:4)
  4 electric golems
  A Brimstone Fiend (Zot:1)
  25 Orb Guardians
  Zenata (Vaults:2)
  3 liches
  An Ice Fiend (D:2)
  19 tentacled monstrosities
  3 sphinxes
  10 death cobs
  4 quicksilver dragons
  2 Executioners
  2 krakens
  Frances (D:13)
  Kirke (Lair:3)
  5 shadow dragons
  Donald (Vaults:4)
  5 tengu reavers
  Roxanne (Shoals:1)
  13 storm dragons
  14 draconian monks
  A fenstrider witch (Shoals:3)
  A draconian knight (Zot:1)
  4 emperor scorpions
  5 fire giants
  4 iron dragons
  5 balrugs
  7 frost giants
  10 ghost moths
  17 vault wardens
  4 draconian scorchers
  A cacodemon (D:4)
  4 draconian shifters
  2 ghouls (Vaults:2)
  Louise (D:14)
  4 reapers
  19 ironbound preservers
  2 orc warlords
  A draconian stormcaller (Zot:1)
  3 formless jellyfish
  4 draconian annihilators
  18 very ugly things
  5 stone giants
  3 war gargoyles
  3 vampire knights
  A deep elf demonologist (Vaults:5)
  7 green draconians
  10 black draconians
  5 ironbound thunderhulks
  14 red draconians
  11 white draconians
  2 deep elf annihilators
  9 purple draconians
  10 spark wasps
  A minotaur (Gauntlet)
  7 yellow draconians
  Snorg (D:13)
  A green death (D:2)
  A deep elf death mage (Vaults:5)
  A blizzard demon (D:14)
  9 merfolk javelineers
  2 jiangshi (Depths:2)
  4 entropy weavers
  12 fire dragons
  10 merfolk impalers
  19 yaktaur captains
  7 ettins
  Josephine (Orc:1)
  10 ice dragons
  4 great orbs of eyes
  2 deep elf high priests (Vaults:5)
  3 spriggan air magi
  29 vault guards
  3 catoblepae
  Harold (D:9)
  2 rakshasas
  A hydra (Lair:5)
  A hell beast (Depths:3)
  2 peacekeepers
  3 jorogumos
  3 ogre magi
  A radroach (Spider:4)
  11 centaur warriors
  A catoblepas (shapeshifter) (Vaults:5)
  2 merfolk avatars
  A death knight (Vaults:2)
  7 ironbound frosthearts
  6 dancing weapons
  6 merfolk aquamancers
  An alligator snapping turtle (Shoals:4)
  10 boulder beetles
  10 two-headed ogres
  4 tengu warriors
  3 death yaks (Lair:4)
  4 deep troll shamans
  4 deep troll earth magi
  8 demonic crawlers
  A hell hog (Depths:2)
  3 orc high priests (Orc:2)
  2 vampire magi
  2 spriggans (Depths:1)
  A shock serpent (shapeshifter) (Depths:3)
  Urug (D:13)
  12 sun demons
  3 spriggan berserkers
  A soul eater (Depths:2)
  Sonja (D:11)
  3 thrashing horrors (Abyss:3)
  Nergalle (Orc:1)
  13 pharaoh ants
  A shadow wraith (Vaults:5)
  2 sun moths
  3 skeletal warriors (D:14)
  6 skysharks
  8 iron trolls
  4 sixfirhies
  2 glowing orange brains
  14 sea snakes
  8 orb spiders
  A shadow demon (D:6)
  An obsidian statue (Gauntlet)
  53 deep trolls
  3 flayed ghosts
  A harpy (shapeshifter) (Vaults:3)
  12 ironbound convokers
  6 wizards
  A necromancer (Vaults:1)
  A lindwurm (shapeshifter) (Vaults:4)
  7 phantasmal warriors (Vaults:5)
  10 steelbarb worms
  A tengu zombie (Vaults:1)
  41 harpies
  15 orc knights
  43 ugly things
  16 wolf spiders
  6 fauns
  5 orc sorcerers
  A will-o-the-wisp (Abyss:3)
  23 elephants
  6 cyclopes
  9 large abominations
  A salamander (shapeshifter) (D:14)
  17 manticores
  26 moths of wrath
  3 black mambas
  9 merfolk sirens
  2 smoke demons (Depths:2)
  Joseph (D:8)
  14 cane toads
  8 water nymphs
  15 vault sentinels
  2 orange demons
  Psyche (D:8)
  9 torpor snails
  3 gargoyles
  Maggie (D:7)
  4 unseen horrors
  30 yaktaurs
  A hellion (D:13)
  A kobold demonologist (Depths:1)
  14 komodo dragons
  4 rime drakes
  A freezing wraith (Vaults:5)
  An ice devil (Depths:3)
  A tormentor (Depths:2)
  5 tengu conjurers
  A guardian mummy (D:12)
  39 merfolk
  13 human skeletons
  A red devil (Depths:3)
  A tyrant leech (shapeshifter) (Vaults:5)
  7 meliai
  A troll (shapeshifter) (Vaults:5)
  9 polar bears (Lair:5)
  4 trolls
  A hornet (shapeshifter) (Vaults:5)
  22 tarantellas
  9 wind drakes
  3 hornets
  2 hellwings
  Prince Ribbit (D:9)
  20 blink frogs
  13 dream sheep
  A raiju (Lair:5)
  9 snapping turtles
  24 slime creatures
  22 jumping spiders
  Sigmund (D:4)
  A slime creature (shapeshifter) (Vaults:3)
  2 ynoxinuls
  27 culicivoras
  18 water elementals
  6 wyverns
  39 yaks
  5 hogs (Lair:3)
  8 wraiths
  A fire elemental (Abyss:3)
  8 basilisks
  4 fire bats (Depths:2)
  4 vampires
  2 steam dragons
  16 humans (D:13)
  9 vampire mosquitoes
  50 redbacks
  2 neqoxecs
  A hog (shapeshifter) (Vaults:5)
  6 wargs
  A glowing shapeshifter zombie (Vaults:1)
  2 acid dragons
  11 water moccasins
  16 hell hounds (Lair:5)
  A swamp drake (D:11)
  27 orc warriors
  A sky beast (D:7)
  12 black bears
  3 ice beasts
  8 ogres
  An orc zombie (Vaults:1)
  22 wolves
  2 centaurs
  4 kobold brigands
  5 small abominations (Abyss:3)
  10 bullfrogs
  3 gnoll sergeants
  3 scorpions
  5 wights (D:9)
  7 killer bees
  3 howler monkeys (D:10)
  An electric eel (Lair:5)
  4 jellies
  3 hounds
  12 orc priests
  2 gnoll boudas
  2 iguanas
  A sleepcap (D:4)
  24 orc wizards
  Robin (D:4)
  11 gnolls
  15 adders
  6 river rats (Sewer)
  2 white imps
  An ufetubus (D:4)
  5 worms
  A dart slug (D:2)
  58 orcs
  6 endoplasms
  7 giant cockroaches
  15 goblins
  8 hobgoblins
  5 jackals
  10 kobolds
  6 quokkas
  13 ball pythons
  11 bats
  5 frilled lizards
  4 rats
  A lurking horror (Abyss:3)
  3 tentacles
1906 creatures vanquished.

Vanquished Creatures (others)
  A purple draconian (Zot:1)
  A white draconian (Zot:1)
  A komodo dragon (D:11)
  A red devil (D:9)
  An orc warrior (Orc:1)
  2 orcs
  2 foxfires (Abyss:3)
  39 tentacles
48 creatures vanquished.

Grand Total: 1954 creatures vanquished

Notes
Turn   | Place    | Note
-------+----------+-------------------------------------------
     0 | D:1      | qw the Gargoyle Hunter began the quest for the Orb.
     0 | D:1      | Reached XP level 1. HP: 12/12 MP: 1/1
     0 | D:1      | 0 ||| qw: Version: 0.3-a-83-gcd0e7d8
     0 | D:1      | 0 ||| qw: Game counter: 1932
     0 | D:1      | 0 ||| qw: Melee chars always use a shield: true
     0 | D:1      | 0 ||| qw: God list: Okawaru
     0 | D:1      | 0 ||| qw: Allow faded altars: false
     0 | D:1      | 0 ||| qw: Do Orc after clearing Dungeon:15 true
     0 | D:1      | 0 ||| qw: Do second Lair branch before Depths: true
     0 | D:1      | 0 ||| qw: Lair rune preference: random
     0 | D:1      | 0 ||| qw: Goals: Normal
     0 | D:1      | 0 ||| PLANNING D:1-11
   212 | D:1      | Reached XP level 2. HP: 16/17 MP: 2/2
   744 | D:1      | 744 ||| UPGRADING to +0 ring mail.
   754 | D:1      | 754 ||| DROPPING +0 leather armour.
   755 | D:1      | 755 ||| UPGRADING to +4 ring of protection.
   756 | D:1      | 756 ||| READING scroll labelled BEKHLA ACRYQI.
   756 | D:1      | Identified a scroll of acquirement
   756 | D:1      | 756 ||| ACQUIRING scarf "Kygging" {harm, rPois rF+ Str+3
                  | Stlth-}
   756 | D:1      | Acquired the scarf "Kygging" {harm, rPois rF+ Str+3 Stlth-}
   758 | D:1      | 758 ||| DRINKING 2 bubbling pink potions.
   862 | D:1      | 862 ||| DROPPING scroll of butterflies.
   863 | D:1      | 863 ||| DROPPING potion of berserk rage.
  1050 | D:2      | Reached skill level 1 in Armour
  1050 | D:2      | Reached XP level 3. HP: 11/21 MP: 3/3
  1090 | D:2      | Found Pamay's Weapon Shoppe.
  1386 | D:2      | 1386 ||| UPGRADING to ring of protection from cold.
  1387 | D:2      | 1387 ||| READING scroll labelled IFFISUEWID.
  1388 | D:2      | 1388 ||| READING 2 scrolls labelled COT WIG JOPSET.
  1389 | D:2      | 1389 ||| READING scroll labelled ROUBBOCVASE.
  1390 | D:2      | 1390 ||| READING scroll labelled ECETSOVIYPT.
  1391 | D:2      | 1391 ||| DRINKING 2 golden potions.
  1441 | D:2      | 1441 ||| DRINKING 2 fuming emerald potions.
  1442 | D:2      | 1442 ||| DRINKING 2 puce potions.
  1443 | D:2      | 1443 ||| DROPPING potion of lignification.
  1444 | D:2      | 1444 ||| DROPPING potion of degeneration.
  1495 | D:3      | Found a runed translucent door.
  1496 | D:3      | Noticed Crazy Yiuf
  1565 | D:3      | Reached skill level 3 in Fighting
  1565 | D:3      | Reached XP level 4. HP: 28/28 MP: 4/4
  1915 | D:3      | 1915 ||| UPGRADING to amulet of reflection.
  1920 | D:3      | 1920 ||| READING scroll labelled PEBBOSS YDWY.
  1921 | D:3      | 1921 ||| READING scroll labelled SEPETW SEOMPE.
  1984 | D:4      | 1984 ||| PLANNING SEWER
  2050 | D:4      | Found a basalt altar of Yredelemnul.
  2050 | D:4      | Found a shadowy altar of Dithmenos.
  2089 | D:4      | Found a radiant altar of Vehumet.
  2128 | D:4      | 2128 ||| READING scroll of enchant weapon.
  2128 | D:4      | 2128 ||| ENCHANTING +1 shortbow of draining.
  2178 | D:4      | 2178 ||| READING scroll of enchant weapon.
  2178 | D:4      | 2178 ||| ENCHANTING +2 shortbow of draining.
  2184 | D:4      | Found a glowing drain.
  2189 | D:4      | Reached XP level 5. HP: 32/32 MP: 5/5
  2191 | D:4      | 2191 ||| READING scroll labelled XINIWESIOP.
  2195 | D:4      | 2195 ||| READING 2 scrolls of identify.
  2195 | D:4      | 2195 ||| IDENTIFYING bubbling dark potion
  2196 | D:4      | 2196 ||| DROPPING potion of ambrosia.
  2293 | Sewer    | Entered a sewer
  2319 | Sewer    | 2319 ||| Stepping ~*~*~tactically~*~*~ (water).
  2324 | Sewer    | 2324 ||| Stepping ~*~*~tactically~*~*~ (water).
  2326 | Sewer    | 2326 ||| Stepping ~*~*~tactically~*~*~ (water).
  2352 | Sewer    | Reached skill level 6 in Ranged Weapons
  2423 | Sewer    | 2423 ||| Stepping ~*~*~tactically~*~*~ (water).
  2436 | Sewer    | 2436 ||| Stepping ~*~*~tactically~*~*~ (water).
  2438 | Sewer    | 2438 ||| Stepping ~*~*~tactically~*~*~ (water).
  2440 | Sewer    | 2440 ||| Stepping ~*~*~tactically~*~*~ (water).
  2442 | Sewer    | 2442 ||| Stepping ~*~*~tactically~*~*~ (water).
  2444 | Sewer    | 2444 ||| Stepping ~*~*~tactically~*~*~ (water).
  2446 | Sewer    | 2446 ||| Stepping ~*~*~tactically~*~*~ (water).
  2448 | Sewer    | 2448 ||| Stepping ~*~*~tactically~*~*~ (water).
  2450 | Sewer    | 2450 ||| Stepping ~*~*~tactically~*~*~ (water).
  2452 | Sewer    | 2452 ||| Stepping ~*~*~tactically~*~*~ (water).
  2454 | Sewer    | 2454 ||| Stepping ~*~*~tactically~*~*~ (water).
  2456 | Sewer    | 2456 ||| Stepping ~*~*~tactically~*~*~ (water).
  2458 | Sewer    | 2458 ||| Stepping ~*~*~tactically~*~*~ (water).
  2460 | Sewer    | 2460 ||| Stepping ~*~*~tactically~*~*~ (water).
  2462 | Sewer    | 2462 ||| Stepping ~*~*~tactically~*~*~ (water).
  2464 | Sewer    | 2464 ||| Stepping ~*~*~tactically~*~*~ (water).
  2466 | Sewer    | 2466 ||| Stepping ~*~*~tactically~*~*~ (water).
  2468 | Sewer    | 2468 ||| Stepping ~*~*~tactically~*~*~ (water).
  2470 | Sewer    | 2470 ||| Stepping ~*~*~tactically~*~*~ (water).
  2472 | Sewer    | 2472 ||| Stepping ~*~*~tactically~*~*~ (water).
  2474 | Sewer    | 2474 ||| Stepping ~*~*~tactically~*~*~ (water).
  2476 | Sewer    | 2476 ||| Stepping ~*~*~tactically~*~*~ (water).
  2478 | Sewer    | 2478 ||| Stepping ~*~*~tactically~*~*~ (water).
  2480 | Sewer    | 2480 ||| Stepping ~*~*~tactically~*~*~ (water).
  2482 | Sewer    | 2482 ||| Stepping ~*~*~tactically~*~*~ (water).
  2484 | Sewer    | 2484 ||| Stepping ~*~*~tactically~*~*~ (water).
  2486 | Sewer    | 2486 ||| Stepping ~*~*~tactically~*~*~ (water).
  2488 | Sewer    | 2488 ||| Stepping ~*~*~tactically~*~*~ (water).
  2490 | Sewer    | 2490 ||| Stepping ~*~*~tactically~*~*~ (water).
  2492 | Sewer    | 2492 ||| Stepping ~*~*~tactically~*~*~ (water).
  2494 | Sewer    | 2494 ||| Stepping ~*~*~tactically~*~*~ (water).
  2496 | Sewer    | 2496 ||| Stepping ~*~*~tactically~*~*~ (water).
  2498 | Sewer    | 2498 ||| Stepping ~*~*~tactically~*~*~ (water).
  2500 | Sewer    | 2500 ||| Stepping ~*~*~tactically~*~*~ (water).
  2502 | Sewer    | 2502 ||| Stepping ~*~*~tactically~*~*~ (water).
  2504 | Sewer    | 2504 ||| Stepping ~*~*~tactically~*~*~ (water).
  2506 | Sewer    | 2506 ||| Stepping ~*~*~tactically~*~*~ (water).
  2508 | Sewer    | 2508 ||| Stepping ~*~*~tactically~*~*~ (water).
  2510 | Sewer    | 2510 ||| Stepping ~*~*~tactically~*~*~ (water).
  2512 | Sewer    | 2512 ||| Stepping ~*~*~tactically~*~*~ (water).
  2514 | Sewer    | 2514 ||| Stepping ~*~*~tactically~*~*~ (water).
  2516 | Sewer    | 2516 ||| Stepping ~*~*~tactically~*~*~ (water).
  2518 | Sewer    | 2518 ||| Stepping ~*~*~tactically~*~*~ (water).
  2520 | Sewer    | 2520 ||| Stepping ~*~*~tactically~*~*~ (water).
  2522 | Sewer    | 2522 ||| Stepping ~*~*~tactically~*~*~ (water).
  2524 | Sewer    | 2524 ||| Stepping ~*~*~tactically~*~*~ (water).
  2526 | Sewer    | 2526 ||| Stepping ~*~*~tactically~*~*~ (water).
  2528 | Sewer    | 2528 ||| Stepping ~*~*~tactically~*~*~ (water).
  2530 | Sewer    | 2530 ||| Stepping ~*~*~tactically~*~*~ (water).
  2532 | Sewer    | 2532 ||| Stepping ~*~*~tactically~*~*~ (water).
  2534 | Sewer    | 2534 ||| Stepping ~*~*~tactically~*~*~ (water).
  2536 | Sewer    | 2536 ||| Stepping ~*~*~tactically~*~*~ (water).
  2538 | Sewer    | 2538 ||| Stepping ~*~*~tactically~*~*~ (water).
  2540 | Sewer    | 2540 ||| Stepping ~*~*~tactically~*~*~ (water).
  2542 | Sewer    | 2542 ||| Stepping ~*~*~tactically~*~*~ (water).
  2544 | Sewer    | 2544 ||| Stepping ~*~*~tactically~*~*~ (water).
  2546 | Sewer    | 2546 ||| Stepping ~*~*~tactically~*~*~ (water).
  2548 | Sewer    | 2548 ||| Stepping ~*~*~tactically~*~*~ (water).
  2550 | Sewer    | 2550 ||| Stepping ~*~*~tactically~*~*~ (water).
  2552 | Sewer    | 2552 ||| Stepping ~*~*~tactically~*~*~ (water).
  2554 | Sewer    | 2554 ||| Stepping ~*~*~tactically~*~*~ (water).
  2556 | Sewer    | 2556 ||| Stepping ~*~*~tactically~*~*~ (water).
  2558 | Sewer    | 2558 ||| Stepping ~*~*~tactically~*~*~ (water).
  2560 | Sewer    | 2560 ||| Stepping ~*~*~tactically~*~*~ (water).
  2562 | Sewer    | 2562 ||| Stepping ~*~*~tactically~*~*~ (water).
  2564 | Sewer    | 2564 ||| Stepping ~*~*~tactically~*~*~ (water).
  2566 | Sewer    | 2566 ||| Stepping ~*~*~tactically~*~*~ (water).
  2568 | Sewer    | 2568 ||| Stepping ~*~*~tactically~*~*~ (water).
  2570 | Sewer    | 2570 ||| Stepping ~*~*~tactically~*~*~ (water).
  2572 | Sewer    | 2572 ||| Stepping ~*~*~tactically~*~*~ (water).
  2574 | Sewer    | 2574 ||| Stepping ~*~*~tactically~*~*~ (water).
  2576 | Sewer    | 2576 ||| Stepping ~*~*~tactically~*~*~ (water).
  2578 | Sewer    | 2578 ||| Stepping ~*~*~tactically~*~*~ (water).
  2580 | Sewer    | 2580 ||| Stepping ~*~*~tactically~*~*~ (water).
  2582 | Sewer    | 2582 ||| Stepping ~*~*~tactically~*~*~ (water).
  2584 | Sewer    | 2584 ||| Stepping ~*~*~tactically~*~*~ (water).
  2586 | Sewer    | 2586 ||| Stepping ~*~*~tactically~*~*~ (water).
  2588 | Sewer    | 2588 ||| Stepping ~*~*~tactically~*~*~ (water).
  2590 | Sewer    | 2590 ||| Stepping ~*~*~tactically~*~*~ (water).
  2592 | Sewer    | 2592 ||| Stepping ~*~*~tactically~*~*~ (water).
  2594 | Sewer    | 2594 ||| Stepping ~*~*~tactically~*~*~ (water).
  2596 | Sewer    | 2596 ||| Stepping ~*~*~tactically~*~*~ (water).
  2598 | Sewer    | 2598 ||| Stepping ~*~*~tactically~*~*~ (water).
  2600 | Sewer    | 2600 ||| Stepping ~*~*~tactically~*~*~ (water).
  2602 | Sewer    | 2602 ||| Stepping ~*~*~tactically~*~*~ (water).
  2604 | Sewer    | 2604 ||| Stepping ~*~*~tactically~*~*~ (water).
  2606 | Sewer    | 2606 ||| Stepping ~*~*~tactically~*~*~ (water).
  2608 | Sewer    | 2608 ||| Stepping ~*~*~tactically~*~*~ (water).
  2610 | Sewer    | 2610 ||| Stepping ~*~*~tactically~*~*~ (water).
  2612 | Sewer    | 2612 ||| Stepping ~*~*~tactically~*~*~ (water).
  2614 | Sewer    | 2614 ||| Stepping ~*~*~tactically~*~*~ (water).
  2616 | Sewer    | 2616 ||| Stepping ~*~*~tactically~*~*~ (water).
  2618 | Sewer    | 2618 ||| Stepping ~*~*~tactically~*~*~ (water).
  2620 | Sewer    | 2620 ||| Stepping ~*~*~tactically~*~*~ (water).
  2622 | Sewer    | 2622 ||| Stepping ~*~*~tactically~*~*~ (water).
  2624 | Sewer    | 2624 ||| Stepping ~*~*~tactically~*~*~ (water).
  2626 | Sewer    | 2626 ||| Stepping ~*~*~tactically~*~*~ (water).
  2628 | Sewer    | 2628 ||| Stepping ~*~*~tactically~*~*~ (water).
  2630 | Sewer    | 2630 ||| Stepping ~*~*~tactically~*~*~ (water).
  2632 | Sewer    | 2632 ||| Stepping ~*~*~tactically~*~*~ (water).
  2634 | Sewer    | 2634 ||| Stepping ~*~*~tactically~*~*~ (water).
  2636 | Sewer    | 2636 ||| Stepping ~*~*~tactically~*~*~ (water).
  2638 | Sewer    | 2638 ||| Stepping ~*~*~tactically~*~*~ (water).
  2640 | Sewer    | 2640 ||| Stepping ~*~*~tactically~*~*~ (water).
  2642 | Sewer    | 2642 ||| Stepping ~*~*~tactically~*~*~ (water).
  2644 | Sewer    | 2644 ||| Stepping ~*~*~tactically~*~*~ (water).
  2646 | Sewer    | 2646 ||| Stepping ~*~*~tactically~*~*~ (water).
  2648 | Sewer    | 2648 ||| Stepping ~*~*~tactically~*~*~ (water).
  2650 | Sewer    | 2650 ||| Stepping ~*~*~tactically~*~*~ (water).
  2652 | Sewer    | 2652 ||| Stepping ~*~*~tactically~*~*~ (water).
  2654 | Sewer    | 2654 ||| Stepping ~*~*~tactically~*~*~ (water).
  2656 | Sewer    | 2656 ||| Stepping ~*~*~tactically~*~*~ (water).
  2658 | Sewer    | 2658 ||| Stepping ~*~*~tactically~*~*~ (water).
  2660 | Sewer    | 2660 ||| Stepping ~*~*~tactically~*~*~ (water).
  2662 | Sewer    | 2662 ||| Stepping ~*~*~tactically~*~*~ (water).
  2664 | Sewer    | 2664 ||| Stepping ~*~*~tactically~*~*~ (water).
  2666 | Sewer    | 2666 ||| Stepping ~*~*~tactically~*~*~ (water).
  2668 | Sewer    | 2668 ||| Stepping ~*~*~tactically~*~*~ (water).
  2670 | Sewer    | 2670 ||| Stepping ~*~*~tactically~*~*~ (water).
  2672 | Sewer    | 2672 ||| Stepping ~*~*~tactically~*~*~ (water).
  2674 | Sewer    | 2674 ||| Stepping ~*~*~tactically~*~*~ (water).
  2676 | Sewer    | 2676 ||| Stepping ~*~*~tactically~*~*~ (water).
  2678 | Sewer    | 2678 ||| Stepping ~*~*~tactically~*~*~ (water).
  2680 | Sewer    | 2680 ||| Stepping ~*~*~tactically~*~*~ (water).
  2682 | Sewer    | 2682 ||| Stepping ~*~*~tactically~*~*~ (water).
  2684 | Sewer    | 2684 ||| Stepping ~*~*~tactically~*~*~ (water).
  2686 | Sewer    | 2686 ||| Stepping ~*~*~tactically~*~*~ (water).
  2688 | Sewer    | 2688 ||| Stepping ~*~*~tactically~*~*~ (water).
  2690 | Sewer    | 2690 ||| Stepping ~*~*~tactically~*~*~ (water).
  2692 | Sewer    | 2692 ||| Stepping ~*~*~tactically~*~*~ (water).
  2694 | Sewer    | 2694 ||| Stepping ~*~*~tactically~*~*~ (water).
  2696 | Sewer    | 2696 ||| Stepping ~*~*~tactically~*~*~ (water).
  2698 | Sewer    | 2698 ||| Stepping ~*~*~tactically~*~*~ (water).
  2700 | Sewer    | 2700 ||| Stepping ~*~*~tactically~*~*~ (water).
  2702 | Sewer    | 2702 ||| Stepping ~*~*~tactically~*~*~ (water).
  2704 | Sewer    | 2704 ||| Stepping ~*~*~tactically~*~*~ (water).
  2706 | Sewer    | 2706 ||| Stepping ~*~*~tactically~*~*~ (water).
  2708 | Sewer    | 2708 ||| Stepping ~*~*~tactically~*~*~ (water).
  2710 | Sewer    | 2710 ||| Stepping ~*~*~tactically~*~*~ (water).
  2712 | Sewer    | 2712 ||| Stepping ~*~*~tactically~*~*~ (water).
  2714 | Sewer    | 2714 ||| Stepping ~*~*~tactically~*~*~ (water).
  2716 | Sewer    | 2716 ||| Stepping ~*~*~tactically~*~*~ (water).
  2718 | Sewer    | 2718 ||| Stepping ~*~*~tactically~*~*~ (water).
  2720 | Sewer    | 2720 ||| Stepping ~*~*~tactically~*~*~ (water).
  2722 | Sewer    | 2722 ||| Stepping ~*~*~tactically~*~*~ (water).
  2724 | Sewer    | 2724 ||| Stepping ~*~*~tactically~*~*~ (water).
  2726 | Sewer    | 2726 ||| Stepping ~*~*~tactically~*~*~ (water).
  2728 | Sewer    | 2728 ||| Stepping ~*~*~tactically~*~*~ (water).
  2730 | Sewer    | 2730 ||| Stepping ~*~*~tactically~*~*~ (water).
  2732 | Sewer    | 2732 ||| Stepping ~*~*~tactically~*~*~ (water).
  2734 | Sewer    | 2734 ||| Stepping ~*~*~tactically~*~*~ (water).
  2736 | Sewer    | 2736 ||| Stepping ~*~*~tactically~*~*~ (water).
  2738 | Sewer    | 2738 ||| Stepping ~*~*~tactically~*~*~ (water).
  2740 | Sewer    | 2740 ||| Stepping ~*~*~tactically~*~*~ (water).
  2742 | Sewer    | 2742 ||| Stepping ~*~*~tactically~*~*~ (water).
  2744 | Sewer    | 2744 ||| Stepping ~*~*~tactically~*~*~ (water).
  2746 | Sewer    | 2746 ||| Stepping ~*~*~tactically~*~*~ (water).
  2748 | Sewer    | 2748 ||| Stepping ~*~*~tactically~*~*~ (water).
  2750 | Sewer    | 2750 ||| Stepping ~*~*~tactically~*~*~ (water).
  2752 | Sewer    | 2752 ||| Stepping ~*~*~tactically~*~*~ (water).
  2754 | Sewer    | 2754 ||| Stepping ~*~*~tactically~*~*~ (water).
  2756 | Sewer    | 2756 ||| Stepping ~*~*~tactically~*~*~ (water).
  2758 | Sewer    | 2758 ||| Stepping ~*~*~tactically~*~*~ (water).
  2760 | Sewer    | 2760 ||| Stepping ~*~*~tactically~*~*~ (water).
  2762 | Sewer    | 2762 ||| Stepping ~*~*~tactically~*~*~ (water).
  2764 | Sewer    | 2764 ||| Stepping ~*~*~tactically~*~*~ (water).
  2766 | Sewer    | 2766 ||| Stepping ~*~*~tactically~*~*~ (water).
  2768 | Sewer    | 2768 ||| Stepping ~*~*~tactically~*~*~ (water).
  2770 | Sewer    | 2770 ||| Stepping ~*~*~tactically~*~*~ (water).
  2772 | Sewer    | 2772 ||| Stepping ~*~*~tactically~*~*~ (water).
  2774 | Sewer    | 2774 ||| Stepping ~*~*~tactically~*~*~ (water).
  2776 | Sewer    | 2776 ||| Stepping ~*~*~tactically~*~*~ (water).
  2778 | Sewer    | 2778 ||| Stepping ~*~*~tactically~*~*~ (water).
  2780 | Sewer    | 2780 ||| Stepping ~*~*~tactically~*~*~ (water).
  2782 | Sewer    | 2782 ||| Stepping ~*~*~tactically~*~*~ (water).
  2784 | Sewer    | 2784 ||| Stepping ~*~*~tactically~*~*~ (water).
  2786 | Sewer    | 2786 ||| Stepping ~*~*~tactically~*~*~ (water).
  2788 | Sewer    | 2788 ||| Stepping ~*~*~tactically~*~*~ (water).
  2790 | Sewer    | 2790 ||| Stepping ~*~*~tactically~*~*~ (water).
  2792 | Sewer    | 2792 ||| Stepping ~*~*~tactically~*~*~ (water).
  2794 | Sewer    | 2794 ||| Stepping ~*~*~tactically~*~*~ (water).
  2796 | Sewer    | 2796 ||| Stepping ~*~*~tactically~*~*~ (water).
  2798 | Sewer    | 2798 ||| Stepping ~*~*~tactically~*~*~ (water).
  2800 | Sewer    | 2800 ||| Stepping ~*~*~tactically~*~*~ (water).
  2802 | Sewer    | 2802 ||| Stepping ~*~*~tactically~*~*~ (water).
  2804 | Sewer    | 2804 ||| Stepping ~*~*~tactically~*~*~ (water).
  2806 | Sewer    | 2806 ||| Stepping ~*~*~tactically~*~*~ (water).
  2808 | Sewer    | 2808 ||| Stepping ~*~*~tactically~*~*~ (water).
  2810 | Sewer    | 2810 ||| Stepping ~*~*~tactically~*~*~ (water).
  2812 | Sewer    | 2812 ||| Stepping ~*~*~tactically~*~*~ (water).
  2814 | Sewer    | 2814 ||| Stepping ~*~*~tactically~*~*~ (water).
  2816 | Sewer    | 2816 ||| Stepping ~*~*~tactically~*~*~ (water).
  2818 | Sewer    | 2818 ||| Stepping ~*~*~tactically~*~*~ (water).
  2820 | Sewer    | 2820 ||| Stepping ~*~*~tactically~*~*~ (water).
  2822 | Sewer    | 2822 ||| Stepping ~*~*~tactically~*~*~ (water).
  2824 | Sewer    | 2824 ||| Stepping ~*~*~tactically~*~*~ (water).
  2826 | Sewer    | 2826 ||| Stepping ~*~*~tactically~*~*~ (water).
  2828 | Sewer    | 2828 ||| Stepping ~*~*~tactically~*~*~ (water).
  2830 | Sewer    | 2830 ||| Stepping ~*~*~tactically~*~*~ (water).
  2832 | Sewer    | 2832 ||| Stepping ~*~*~tactically~*~*~ (water).
  2834 | Sewer    | 2834 ||| Stepping ~*~*~tactically~*~*~ (water).
  2836 | Sewer    | 2836 ||| Stepping ~*~*~tactically~*~*~ (water).
  2838 | Sewer    | 2838 ||| Stepping ~*~*~tactically~*~*~ (water).
  2840 | Sewer    | 2840 ||| Stepping ~*~*~tactically~*~*~ (water).
  2842 | Sewer    | 2842 ||| Stepping ~*~*~tactically~*~*~ (water).
  2844 | Sewer    | 2844 ||| Stepping ~*~*~tactically~*~*~ (water).
  2846 | Sewer    | 2846 ||| Stepping ~*~*~tactically~*~*~ (water).
  2848 | Sewer    | 2848 ||| Stepping ~*~*~tactically~*~*~ (water).
  2850 | Sewer    | 2850 ||| Stepping ~*~*~tactically~*~*~ (water).
  2852 | Sewer    | 2852 ||| Stepping ~*~*~tactically~*~*~ (water).
  2854 | Sewer    | 2854 ||| Stepping ~*~*~tactically~*~*~ (water).
  2856 | Sewer    | 2856 ||| Stepping ~*~*~tactically~*~*~ (water).
  2858 | Sewer    | 2858 ||| Stepping ~*~*~tactically~*~*~ (water).
  2860 | Sewer    | 2860 ||| Stepping ~*~*~tactically~*~*~ (water).
  2862 | Sewer    | 2862 ||| Stepping ~*~*~tactically~*~*~ (water).
  2864 | Sewer    | 2864 ||| Stepping ~*~*~tactically~*~*~ (water).
  2866 | Sewer    | 2866 ||| Stepping ~*~*~tactically~*~*~ (water).
  2868 | Sewer    | 2868 ||| Stepping ~*~*~tactically~*~*~ (water).
  2870 | Sewer    | 2870 ||| Stepping ~*~*~tactically~*~*~ (water).
  2872 | Sewer    | 2872 ||| Stepping ~*~*~tactically~*~*~ (water).
  2874 | Sewer    | 2874 ||| Stepping ~*~*~tactically~*~*~ (water).
  2876 | Sewer    | 2876 ||| Stepping ~*~*~tactically~*~*~ (water).
  2878 | Sewer    | 2878 ||| Stepping ~*~*~tactically~*~*~ (water).
  2880 | Sewer    | 2880 ||| Stepping ~*~*~tactically~*~*~ (water).
  2882 | Sewer    | 2882 ||| Stepping ~*~*~tactically~*~*~ (water).
  2884 | Sewer    | 2884 ||| Stepping ~*~*~tactically~*~*~ (water).
  2886 | Sewer    | 2886 ||| Stepping ~*~*~tactically~*~*~ (water).
  2888 | Sewer    | 2888 ||| Stepping ~*~*~tactically~*~*~ (water).
  2890 | Sewer    | 2890 ||| Stepping ~*~*~tactically~*~*~ (water).
  2892 | Sewer    | 2892 ||| Stepping ~*~*~tactically~*~*~ (water).
  2894 | Sewer    | 2894 ||| Stepping ~*~*~tactically~*~*~ (water).
  2896 | Sewer    | 2896 ||| Stepping ~*~*~tactically~*~*~ (water).
  2898 | Sewer    | 2898 ||| Stepping ~*~*~tactically~*~*~ (water).
  2900 | Sewer    | 2900 ||| Stepping ~*~*~tactically~*~*~ (water).
  2902 | Sewer    | 2902 ||| Stepping ~*~*~tactically~*~*~ (water).
  2904 | Sewer    | 2904 ||| Stepping ~*~*~tactically~*~*~ (water).
  2906 | Sewer    | 2906 ||| Stepping ~*~*~tactically~*~*~ (water).
  2908 | Sewer    | 2908 ||| Stepping ~*~*~tactically~*~*~ (water).
  2910 | Sewer    | 2910 ||| Stepping ~*~*~tactically~*~*~ (water).
  2912 | Sewer    | 2912 ||| Stepping ~*~*~tactically~*~*~ (water).
  2914 | Sewer    | 2914 ||| Stepping ~*~*~tactically~*~*~ (water).
  2916 | Sewer    | 2916 ||| Stepping ~*~*~tactically~*~*~ (water).
  2918 | Sewer    | 2918 ||| Stepping ~*~*~tactically~*~*~ (water).
  2920 | Sewer    | 2920 ||| Stepping ~*~*~tactically~*~*~ (water).
  2922 | Sewer    | 2922 ||| Stepping ~*~*~tactically~*~*~ (water).
  2924 | Sewer    | 2924 ||| Stepping ~*~*~tactically~*~*~ (water).
  2926 | Sewer    | 2926 ||| Stepping ~*~*~tactically~*~*~ (water).
  2928 | Sewer    | 2928 ||| Stepping ~*~*~tactically~*~*~ (water).
  2930 | Sewer    | 2930 ||| Stepping ~*~*~tactically~*~*~ (water).
  2932 | Sewer    | 2932 ||| Stepping ~*~*~tactically~*~*~ (water).
  2934 | Sewer    | 2934 ||| Stepping ~*~*~tactically~*~*~ (water).
  2936 | Sewer    | 2936 ||| Stepping ~*~*~tactically~*~*~ (water).
  2938 | Sewer    | 2938 ||| Stepping ~*~*~tactically~*~*~ (water).
  2940 | Sewer    | 2940 ||| Stepping ~*~*~tactically~*~*~ (water).
  2942 | Sewer    | 2942 ||| Stepping ~*~*~tactically~*~*~ (water).
  2944 | Sewer    | 2944 ||| Stepping ~*~*~tactically~*~*~ (water).
  2946 | Sewer    | 2946 ||| Stepping ~*~*~tactically~*~*~ (water).
  2948 | Sewer    | 2948 ||| Stepping ~*~*~tactically~*~*~ (water).
  2950 | Sewer    | 2950 ||| Stepping ~*~*~tactically~*~*~ (water).
  2952 | Sewer    | 2952 ||| Stepping ~*~*~tactically~*~*~ (water).
  2954 | Sewer    | 2954 ||| Stepping ~*~*~tactically~*~*~ (water).
  2956 | Sewer    | 2956 ||| Stepping ~*~*~tactically~*~*~ (water).
  2958 | Sewer    | 2958 ||| Stepping ~*~*~tactically~*~*~ (water).
  2960 | Sewer    | 2960 ||| Stepping ~*~*~tactically~*~*~ (water).
  2962 | Sewer    | 2962 ||| Stepping ~*~*~tactically~*~*~ (water).
  2964 | Sewer    | 2964 ||| Stepping ~*~*~tactically~*~*~ (water).
  2966 | Sewer    | 2966 ||| Stepping ~*~*~tactically~*~*~ (water).
  2968 | Sewer    | 2968 ||| Stepping ~*~*~tactically~*~*~ (water).
  2970 | Sewer    | 2970 ||| Stepping ~*~*~tactically~*~*~ (water).
  2972 | Sewer    | 2972 ||| Stepping ~*~*~tactically~*~*~ (water).
  2974 | Sewer    | 2974 ||| Stepping ~*~*~tactically~*~*~ (water).
  2976 | Sewer    | 2976 ||| Stepping ~*~*~tactically~*~*~ (water).
  2978 | Sewer    | 2978 ||| Stepping ~*~*~tactically~*~*~ (water).
  2980 | Sewer    | 2980 ||| Stepping ~*~*~tactically~*~*~ (water).
  2982 | Sewer    | 2982 ||| Stepping ~*~*~tactically~*~*~ (water).
  2984 | Sewer    | 2984 ||| Stepping ~*~*~tactically~*~*~ (water).
  2986 | Sewer    | 2986 ||| Stepping ~*~*~tactically~*~*~ (water).
  2988 | Sewer    | 2988 ||| Stepping ~*~*~tactically~*~*~ (water).
  2990 | Sewer    | 2990 ||| Stepping ~*~*~tactically~*~*~ (water).
  2992 | Sewer    | 2992 ||| Stepping ~*~*~tactically~*~*~ (water).
  2994 | Sewer    | 2994 ||| Stepping ~*~*~tactically~*~*~ (water).
  2996 | Sewer    | 2996 ||| Stepping ~*~*~tactically~*~*~ (water).
  2998 | Sewer    | 2998 ||| Stepping ~*~*~tactically~*~*~ (water).
  3000 | Sewer    | 3000 ||| Stepping ~*~*~tactically~*~*~ (water).
  3002 | Sewer    | 3002 ||| Stepping ~*~*~tactically~*~*~ (water).
  3004 | Sewer    | 3004 ||| Stepping ~*~*~tactically~*~*~ (water).
  3006 | Sewer    | 3006 ||| Stepping ~*~*~tactically~*~*~ (water).
  3008 | Sewer    | 3008 ||| Stepping ~*~*~tactically~*~*~ (water).
  3010 | Sewer    | 3010 ||| Stepping ~*~*~tactically~*~*~ (water).
  3012 | Sewer    | 3012 ||| Stepping ~*~*~tactically~*~*~ (water).
  3014 | Sewer    | 3014 ||| Stepping ~*~*~tactically~*~*~ (water).
  3016 | Sewer    | 3016 ||| Stepping ~*~*~tactically~*~*~ (water).
  3018 | Sewer    | 3018 ||| Stepping ~*~*~tactically~*~*~ (water).
  3020 | Sewer    | 3020 ||| Stepping ~*~*~tactically~*~*~ (water).
  3022 | Sewer    | 3022 ||| Stepping ~*~*~tactically~*~*~ (water).
  3024 | Sewer    | 3024 ||| Stepping ~*~*~tactically~*~*~ (water).
  3026 | Sewer    | 3026 ||| Stepping ~*~*~tactically~*~*~ (water).
  3028 | Sewer    | 3028 ||| Stepping ~*~*~tactically~*~*~ (water).
  3030 | Sewer    | 3030 ||| Stepping ~*~*~tactically~*~*~ (water).
  3032 | Sewer    | 3032 ||| Stepping ~*~*~tactically~*~*~ (water).
  3034 | Sewer    | 3034 ||| Stepping ~*~*~tactically~*~*~ (water).
  3036 | Sewer    | 3036 ||| Stepping ~*~*~tactically~*~*~ (water).
  3038 | Sewer    | 3038 ||| Stepping ~*~*~tactically~*~*~ (water).
  3040 | Sewer    | 3040 ||| Stepping ~*~*~tactically~*~*~ (water).
  3042 | Sewer    | 3042 ||| Stepping ~*~*~tactically~*~*~ (water).
  3044 | Sewer    | 3044 ||| Stepping ~*~*~tactically~*~*~ (water).
  3046 | Sewer    | 3046 ||| Stepping ~*~*~tactically~*~*~ (water).
  3048 | Sewer    | 3048 ||| Stepping ~*~*~tactically~*~*~ (water).
  3050 | Sewer    | 3050 ||| Stepping ~*~*~tactically~*~*~ (water).
  3052 | Sewer    | 3052 ||| Stepping ~*~*~tactically~*~*~ (water).
  3054 | Sewer    | 3054 ||| Stepping ~*~*~tactically~*~*~ (water).
  3056 | Sewer    | 3056 ||| Stepping ~*~*~tactically~*~*~ (water).
  3058 | Sewer    | 3058 ||| Stepping ~*~*~tactically~*~*~ (water).
  3060 | Sewer    | 3060 ||| Stepping ~*~*~tactically~*~*~ (water).
  3062 | Sewer    | 3062 ||| Stepping ~*~*~tactically~*~*~ (water).
  3064 | Sewer    | 3064 ||| Stepping ~*~*~tactically~*~*~ (water).
  3066 | Sewer    | 3066 ||| Stepping ~*~*~tactically~*~*~ (water).
  3068 | Sewer    | 3068 ||| Stepping ~*~*~tactically~*~*~ (water).
  3070 | Sewer    | 3070 ||| Stepping ~*~*~tactically~*~*~ (water).
  3072 | Sewer    | 3072 ||| Stepping ~*~*~tactically~*~*~ (water).
  3074 | Sewer    | 3074 ||| Stepping ~*~*~tactically~*~*~ (water).
  3076 | Sewer    | 3076 ||| Stepping ~*~*~tactically~*~*~ (water).
  3078 | Sewer    | 3078 ||| Stepping ~*~*~tactically~*~*~ (water).
  3080 | Sewer    | 3080 ||| Stepping ~*~*~tactically~*~*~ (water).
  3082 | Sewer    | 3082 ||| Stepping ~*~*~tactically~*~*~ (water).
  3084 | Sewer    | 3084 ||| Stepping ~*~*~tactically~*~*~ (water).
  3086 | Sewer    | 3086 ||| Stepping ~*~*~tactically~*~*~ (water).
  3088 | Sewer    | 3088 ||| Stepping ~*~*~tactically~*~*~ (water).
  3090 | Sewer    | 3090 ||| Stepping ~*~*~tactically~*~*~ (water).
  3092 | Sewer    | 3092 ||| Stepping ~*~*~tactically~*~*~ (water).
  3094 | Sewer    | 3094 ||| Stepping ~*~*~tactically~*~*~ (water).
  3096 | Sewer    | 3096 ||| Stepping ~*~*~tactically~*~*~ (water).
  3098 | Sewer    | 3098 ||| Stepping ~*~*~tactically~*~*~ (water).
  3100 | Sewer    | 3100 ||| Stepping ~*~*~tactically~*~*~ (water).
  3102 | Sewer    | 3102 ||| Stepping ~*~*~tactically~*~*~ (water).
  3104 | Sewer    | 3104 ||| Stepping ~*~*~tactically~*~*~ (water).
  3106 | Sewer    | 3106 ||| Stepping ~*~*~tactically~*~*~ (water).
  3108 | Sewer    | 3108 ||| Stepping ~*~*~tactically~*~*~ (water).
  3110 | Sewer    | 3110 ||| Stepping ~*~*~tactically~*~*~ (water).
  3112 | Sewer    | 3112 ||| Stepping ~*~*~tactically~*~*~ (water).
  3114 | Sewer    | 3114 ||| Stepping ~*~*~tactically~*~*~ (water).
  3116 | Sewer    | 3116 ||| Stepping ~*~*~tactically~*~*~ (water).
  3118 | Sewer    | 3118 ||| Stepping ~*~*~tactically~*~*~ (water).
  3120 | Sewer    | 3120 ||| Stepping ~*~*~tactically~*~*~ (water).
  3122 | Sewer    | 3122 ||| Stepping ~*~*~tactically~*~*~ (water).
  3124 | Sewer    | 3124 ||| Stepping ~*~*~tactically~*~*~ (water).
  3126 | Sewer    | 3126 ||| Stepping ~*~*~tactically~*~*~ (water).
  3128 | Sewer    | 3128 ||| Stepping ~*~*~tactically~*~*~ (water).
  3130 | Sewer    | 3130 ||| Stepping ~*~*~tactically~*~*~ (water).
  3132 | Sewer    | 3132 ||| Stepping ~*~*~tactically~*~*~ (water).
  3134 | Sewer    | 3134 ||| Stepping ~*~*~tactically~*~*~ (water).
  3136 | Sewer    | 3136 ||| Stepping ~*~*~tactically~*~*~ (water).
  3138 | Sewer    | 3138 ||| Stepping ~*~*~tactically~*~*~ (water).
  3140 | Sewer    | 3140 ||| Stepping ~*~*~tactically~*~*~ (water).
  3142 | Sewer    | 3142 ||| Stepping ~*~*~tactically~*~*~ (water).
  3144 | Sewer    | 3144 ||| Stepping ~*~*~tactically~*~*~ (water).
  3146 | Sewer    | 3146 ||| Stepping ~*~*~tactically~*~*~ (water).
  3148 | Sewer    | 3148 ||| Stepping ~*~*~tactically~*~*~ (water).
  3150 | Sewer    | 3150 ||| Stepping ~*~*~tactically~*~*~ (water).
  3152 | Sewer    | 3152 ||| Stepping ~*~*~tactically~*~*~ (water).
  3154 | Sewer    | 3154 ||| Stepping ~*~*~tactically~*~*~ (water).
  3156 | Sewer    | 3156 ||| Stepping ~*~*~tactically~*~*~ (water).
  3158 | Sewer    | 3158 ||| Stepping ~*~*~tactically~*~*~ (water).
  3160 | Sewer    | 3160 ||| Stepping ~*~*~tactically~*~*~ (water).
  3162 | Sewer    | 3162 ||| Stepping ~*~*~tactically~*~*~ (water).
  3164 | Sewer    | 3164 ||| Stepping ~*~*~tactically~*~*~ (water).
  3166 | Sewer    | 3166 ||| Stepping ~*~*~tactically~*~*~ (water).
  3168 | Sewer    | 3168 ||| Stepping ~*~*~tactically~*~*~ (water).
  3170 | Sewer    | 3170 ||| Stepping ~*~*~tactically~*~*~ (water).
  3172 | Sewer    | 3172 ||| Stepping ~*~*~tactically~*~*~ (water).
  3174 | Sewer    | 3174 ||| Stepping ~*~*~tactically~*~*~ (water).
  3176 | Sewer    | 3176 ||| Stepping ~*~*~tactically~*~*~ (water).
  3178 | Sewer    | 3178 ||| Stepping ~*~*~tactically~*~*~ (water).
  3180 | Sewer    | 3180 ||| Stepping ~*~*~tactically~*~*~ (water).
  3182 | Sewer    | 3182 ||| Stepping ~*~*~tactically~*~*~ (water).
  3184 | Sewer    | 3184 ||| Stepping ~*~*~tactically~*~*~ (water).
  3186 | Sewer    | 3186 ||| Stepping ~*~*~tactically~*~*~ (water).
  3188 | Sewer    | 3188 ||| Stepping ~*~*~tactically~*~*~ (water).
  3190 | Sewer    | 3190 ||| Stepping ~*~*~tactically~*~*~ (water).
  3192 | Sewer    | 3192 ||| Stepping ~*~*~tactically~*~*~ (water).
  3194 | Sewer    | 3194 ||| Stepping ~*~*~tactically~*~*~ (water).
  3196 | Sewer    | 3196 ||| Stepping ~*~*~tactically~*~*~ (water).
  3198 | Sewer    | 3198 ||| Stepping ~*~*~tactically~*~*~ (water).
  3200 | Sewer    | 3200 ||| Stepping ~*~*~tactically~*~*~ (water).
  3202 | Sewer    | 3202 ||| Stepping ~*~*~tactically~*~*~ (water).
  3204 | Sewer    | 3204 ||| Stepping ~*~*~tactically~*~*~ (water).
  3206 | Sewer    | 3206 ||| Stepping ~*~*~tactically~*~*~ (water).
  3208 | Sewer    | 3208 ||| Stepping ~*~*~tactically~*~*~ (water).
  3210 | Sewer    | 3210 ||| Stepping ~*~*~tactically~*~*~ (water).
  3212 | Sewer    | 3212 ||| Stepping ~*~*~tactically~*~*~ (water).
  3214 | Sewer    | 3214 ||| Stepping ~*~*~tactically~*~*~ (water).
  3216 | Sewer    | 3216 ||| Stepping ~*~*~tactically~*~*~ (water).
  3218 | Sewer    | 3218 ||| Stepping ~*~*~tactically~*~*~ (water).
  3220 | Sewer    | 3220 ||| Stepping ~*~*~tactically~*~*~ (water).
  3222 | Sewer    | 3222 ||| Stepping ~*~*~tactically~*~*~ (water).
  3224 | Sewer    | 3224 ||| Stepping ~*~*~tactically~*~*~ (water).
  3226 | Sewer    | 3226 ||| Stepping ~*~*~tactically~*~*~ (water).
  3228 | Sewer    | 3228 ||| Stepping ~*~*~tactically~*~*~ (water).
  3230 | Sewer    | 3230 ||| Stepping ~*~*~tactically~*~*~ (water).
  3232 | Sewer    | 3232 ||| Stepping ~*~*~tactically~*~*~ (water).
  3234 | Sewer    | 3234 ||| Stepping ~*~*~tactically~*~*~ (water).
  3236 | Sewer    | 3236 ||| Stepping ~*~*~tactically~*~*~ (water).
  3238 | Sewer    | 3238 ||| Stepping ~*~*~tactically~*~*~ (water).
  3240 | Sewer    | 3240 ||| Stepping ~*~*~tactically~*~*~ (water).
  3242 | Sewer    | 3242 ||| Stepping ~*~*~tactically~*~*~ (water).
  3244 | Sewer    | 3244 ||| Stepping ~*~*~tactically~*~*~ (water).
  3246 | Sewer    | 3246 ||| Stepping ~*~*~tactically~*~*~ (water).
  3248 | Sewer    | 3248 ||| Stepping ~*~*~tactically~*~*~ (water).
  3250 | Sewer    | 3250 ||| Stepping ~*~*~tactically~*~*~ (water).
  3252 | Sewer    | 3252 ||| Stepping ~*~*~tactically~*~*~ (water).
  3254 | Sewer    | 3254 ||| Stepping ~*~*~tactically~*~*~ (water).
  3256 | Sewer    | 3256 ||| Stepping ~*~*~tactically~*~*~ (water).
  3258 | Sewer    | 3258 ||| Stepping ~*~*~tactically~*~*~ (water).
  3260 | Sewer    | 3260 ||| Stepping ~*~*~tactically~*~*~ (water).
  3262 | Sewer    | 3262 ||| Stepping ~*~*~tactically~*~*~ (water).
  3264 | Sewer    | 3264 ||| Stepping ~*~*~tactically~*~*~ (water).
  3266 | Sewer    | 3266 ||| Stepping ~*~*~tactically~*~*~ (water).
  3268 | Sewer    | 3268 ||| Stepping ~*~*~tactically~*~*~ (water).
  3270 | Sewer    | 3270 ||| Stepping ~*~*~tactically~*~*~ (water).
  3272 | Sewer    | 3272 ||| Stepping ~*~*~tactically~*~*~ (water).
  3274 | Sewer    | 3274 ||| Stepping ~*~*~tactically~*~*~ (water).
  3276 | Sewer    | 3276 ||| Stepping ~*~*~tactically~*~*~ (water).
  3278 | Sewer    | 3278 ||| Stepping ~*~*~tactically~*~*~ (water).
  3280 | Sewer    | 3280 ||| Stepping ~*~*~tactically~*~*~ (water).
  3282 | Sewer    | 3282 ||| Stepping ~*~*~tactically~*~*~ (water).
  3284 | Sewer    | 3284 ||| Stepping ~*~*~tactically~*~*~ (water).
  3286 | Sewer    | 3286 ||| Stepping ~*~*~tactically~*~*~ (water).
  3288 | Sewer    | 3288 ||| Stepping ~*~*~tactically~*~*~ (water).
  3290 | Sewer    | 3290 ||| Stepping ~*~*~tactically~*~*~ (water).
  3292 | Sewer    | 3292 ||| Stepping ~*~*~tactically~*~*~ (water).
  3294 | Sewer    | 3294 ||| Stepping ~*~*~tactically~*~*~ (water).
  3296 | Sewer    | 3296 ||| Stepping ~*~*~tactically~*~*~ (water).
  3298 | Sewer    | 3298 ||| Stepping ~*~*~tactically~*~*~ (water).
  3300 | Sewer    | 3300 ||| Stepping ~*~*~tactically~*~*~ (water).
  3302 | Sewer    | 3302 ||| Stepping ~*~*~tactically~*~*~ (water).
  3304 | Sewer    | 3304 ||| Stepping ~*~*~tactically~*~*~ (water).
  3306 | Sewer    | 3306 ||| Stepping ~*~*~tactically~*~*~ (water).
  3308 | Sewer    | 3308 ||| Stepping ~*~*~tactically~*~*~ (water).
  3310 | Sewer    | 3310 ||| Stepping ~*~*~tactically~*~*~ (water).
  3312 | Sewer    | 3312 ||| Stepping ~*~*~tactically~*~*~ (water).
  3314 | Sewer    | 3314 ||| Stepping ~*~*~tactically~*~*~ (water).
  3316 | Sewer    | 3316 ||| Stepping ~*~*~tactically~*~*~ (water).
  3318 | Sewer    | 3318 ||| Stepping ~*~*~tactically~*~*~ (water).
  3320 | Sewer    | 3320 ||| Stepping ~*~*~tactically~*~*~ (water).
  3322 | Sewer    | 3322 ||| Stepping ~*~*~tactically~*~*~ (water).
  3324 | Sewer    | 3324 ||| Stepping ~*~*~tactically~*~*~ (water).
  3326 | Sewer    | 3326 ||| Stepping ~*~*~tactically~*~*~ (water).
  3328 | Sewer    | 3328 ||| Stepping ~*~*~tactically~*~*~ (water).
  3330 | Sewer    | 3330 ||| Stepping ~*~*~tactically~*~*~ (water).
  3332 | Sewer    | 3332 ||| Stepping ~*~*~tactically~*~*~ (water).
  3334 | Sewer    | 3334 ||| Stepping ~*~*~tactically~*~*~ (water).
  3336 | Sewer    | 3336 ||| Stepping ~*~*~tactically~*~*~ (water).
  3338 | Sewer    | 3338 ||| Stepping ~*~*~tactically~*~*~ (water).
  3340 | Sewer    | 3340 ||| Stepping ~*~*~tactically~*~*~ (water).
  3342 | Sewer    | 3342 ||| Stepping ~*~*~tactically~*~*~ (water).
  3344 | Sewer    | 3344 ||| Stepping ~*~*~tactically~*~*~ (water).
  3346 | Sewer    | 3346 ||| Stepping ~*~*~tactically~*~*~ (water).
  3348 | Sewer    | 3348 ||| Stepping ~*~*~tactically~*~*~ (water).
  3350 | Sewer    | 3350 ||| Stepping ~*~*~tactically~*~*~ (water).
  3352 | Sewer    | 3352 ||| Stepping ~*~*~tactically~*~*~ (water).
  3354 | Sewer    | 3354 ||| Stepping ~*~*~tactically~*~*~ (water).
  3356 | Sewer    | 3356 ||| Stepping ~*~*~tactically~*~*~ (water).
  3358 | Sewer    | 3358 ||| Stepping ~*~*~tactically~*~*~ (water).
  3360 | Sewer    | 3360 ||| Stepping ~*~*~tactically~*~*~ (water).
  3362 | Sewer    | 3362 ||| Stepping ~*~*~tactically~*~*~ (water).
  3364 | Sewer    | 3364 ||| Stepping ~*~*~tactically~*~*~ (water).
  3366 | Sewer    | 3366 ||| Stepping ~*~*~tactically~*~*~ (water).
  3368 | Sewer    | 3368 ||| Stepping ~*~*~tactically~*~*~ (water).
  3370 | Sewer    | 3370 ||| Stepping ~*~*~tactically~*~*~ (water).
  3372 | Sewer    | 3372 ||| Stepping ~*~*~tactically~*~*~ (water).
  3374 | Sewer    | 3374 ||| Stepping ~*~*~tactically~*~*~ (water).
  3376 | Sewer    | 3376 ||| Stepping ~*~*~tactically~*~*~ (water).
  3378 | Sewer    | 3378 ||| Stepping ~*~*~tactically~*~*~ (water).
  3380 | Sewer    | 3380 ||| Stepping ~*~*~tactically~*~*~ (water).
  3382 | Sewer    | 3382 ||| Stepping ~*~*~tactically~*~*~ (water).
  3384 | Sewer    | 3384 ||| Stepping ~*~*~tactically~*~*~ (water).
  3386 | Sewer    | 3386 ||| Stepping ~*~*~tactically~*~*~ (water).
  3388 | Sewer    | 3388 ||| Stepping ~*~*~tactically~*~*~ (water).
  3390 | Sewer    | 3390 ||| Stepping ~*~*~tactically~*~*~ (water).
  3392 | Sewer    | 3392 ||| Stepping ~*~*~tactically~*~*~ (water).
  3394 | Sewer    | 3394 ||| Stepping ~*~*~tactically~*~*~ (water).
  3396 | Sewer    | 3396 ||| Stepping ~*~*~tactically~*~*~ (water).
  3398 | Sewer    | 3398 ||| Stepping ~*~*~tactically~*~*~ (water).
  3400 | Sewer    | 3400 ||| Stepping ~*~*~tactically~*~*~ (water).
  3402 | Sewer    | 3402 ||| Stepping ~*~*~tactically~*~*~ (water).
  3404 | Sewer    | 3404 ||| Stepping ~*~*~tactically~*~*~ (water).
  3406 | Sewer    | 3406 ||| Stepping ~*~*~tactically~*~*~ (water).
  3408 | Sewer    | 3408 ||| Stepping ~*~*~tactically~*~*~ (water).
  3410 | Sewer    | 3410 ||| Stepping ~*~*~tactically~*~*~ (water).
  3412 | Sewer    | 3412 ||| Stepping ~*~*~tactically~*~*~ (water).
  3414 | Sewer    | 3414 ||| Stepping ~*~*~tactically~*~*~ (water).
  3416 | Sewer    | 3416 ||| Stepping ~*~*~tactically~*~*~ (water).
  3418 | Sewer    | 3418 ||| Stepping ~*~*~tactically~*~*~ (water).
  3420 | Sewer    | 3420 ||| Stepping ~*~*~tactically~*~*~ (water).
  3422 | Sewer    | 3422 ||| Stepping ~*~*~tactically~*~*~ (water).
  3424 | Sewer    | 3424 ||| Stepping ~*~*~tactically~*~*~ (water).
  3426 | Sewer    | 3426 ||| Stepping ~*~*~tactically~*~*~ (water).
  3428 | Sewer    | 3428 ||| Stepping ~*~*~tactically~*~*~ (water).
  3430 | Sewer    | 3430 ||| Stepping ~*~*~tactically~*~*~ (water).
  3432 | Sewer    | 3432 ||| Stepping ~*~*~tactically~*~*~ (water).
  3434 | Sewer    | 3434 ||| Stepping ~*~*~tactically~*~*~ (water).
  3436 | Sewer    | 3436 ||| Stepping ~*~*~tactically~*~*~ (water).
  3438 | Sewer    | 3438 ||| Stepping ~*~*~tactically~*~*~ (water).
  3440 | Sewer    | 3440 ||| Stepping ~*~*~tactically~*~*~ (water).
  3442 | Sewer    | 3442 ||| Stepping ~*~*~tactically~*~*~ (water).
  3444 | Sewer    | 3444 ||| Stepping ~*~*~tactically~*~*~ (water).
  3446 | Sewer    | 3446 ||| Stepping ~*~*~tactically~*~*~ (water).
  3448 | Sewer    | 3448 ||| Stepping ~*~*~tactically~*~*~ (water).
  3450 | Sewer    | 3450 ||| Stepping ~*~*~tactically~*~*~ (water).
  3452 | Sewer    | 3452 ||| Stepping ~*~*~tactically~*~*~ (water).
  3454 | Sewer    | 3454 ||| Stepping ~*~*~tactically~*~*~ (water).
  3456 | Sewer    | 3456 ||| Stepping ~*~*~tactically~*~*~ (water).
  3458 | Sewer    | 3458 ||| Stepping ~*~*~tactically~*~*~ (water).
  3460 | Sewer    | 3460 ||| Stepping ~*~*~tactically~*~*~ (water).
  3462 | Sewer    | 3462 ||| Stepping ~*~*~tactically~*~*~ (water).
  3464 | Sewer    | 3464 ||| Stepping ~*~*~tactically~*~*~ (water).
  3466 | Sewer    | 3466 ||| Stepping ~*~*~tactically~*~*~ (water).
  3468 | Sewer    | 3468 ||| Stepping ~*~*~tactically~*~*~ (water).
  3470 | Sewer    | 3470 ||| Stepping ~*~*~tactically~*~*~ (water).
  3472 | Sewer    | 3472 ||| Stepping ~*~*~tactically~*~*~ (water).
  3474 | Sewer    | 3474 ||| Stepping ~*~*~tactically~*~*~ (water).
  3476 | Sewer    | 3476 ||| Stepping ~*~*~tactically~*~*~ (water).
  3478 | Sewer    | 3478 ||| Stepping ~*~*~tactically~*~*~ (water).
  3480 | Sewer    | 3480 ||| Stepping ~*~*~tactically~*~*~ (water).
  3482 | Sewer    | 3482 ||| Stepping ~*~*~tactically~*~*~ (water).
  3484 | Sewer    | 3484 ||| Stepping ~*~*~tactically~*~*~ (water).
  3486 | Sewer    | 3486 ||| Stepping ~*~*~tactically~*~*~ (water).
  3488 | Sewer    | 3488 ||| Stepping ~*~*~tactically~*~*~ (water).
  3490 | Sewer    | 3490 ||| Stepping ~*~*~tactically~*~*~ (water).
  3492 | Sewer    | 3492 ||| Stepping ~*~*~tactically~*~*~ (water).
  3494 | Sewer    | 3494 ||| Stepping ~*~*~tactically~*~*~ (water).
  3496 | Sewer    | 3496 ||| Stepping ~*~*~tactically~*~*~ (water).
  3498 | Sewer    | 3498 ||| Stepping ~*~*~tactically~*~*~ (water).
  3500 | Sewer    | 3500 ||| Stepping ~*~*~tactically~*~*~ (water).
  3502 | Sewer    | 3502 ||| Stepping ~*~*~tactically~*~*~ (water).
  3504 | Sewer    | 3504 ||| Stepping ~*~*~tactically~*~*~ (water).
  3506 | Sewer    | 3506 ||| Stepping ~*~*~tactically~*~*~ (water).
  3508 | Sewer    | 3508 ||| Stepping ~*~*~tactically~*~*~ (water).
  3510 | Sewer    | 3510 ||| Stepping ~*~*~tactically~*~*~ (water).
  3512 | Sewer    | 3512 ||| Stepping ~*~*~tactically~*~*~ (water).
  3514 | Sewer    | 3514 ||| Stepping ~*~*~tactically~*~*~ (water).
  3516 | Sewer    | 3516 ||| Stepping ~*~*~tactically~*~*~ (water).
  3518 | Sewer    | 3518 ||| Stepping ~*~*~tactically~*~*~ (water).
  3520 | Sewer    | 3520 ||| Stepping ~*~*~tactically~*~*~ (water).
  3522 | Sewer    | 3522 ||| Stepping ~*~*~tactically~*~*~ (water).
  3524 | Sewer    | 3524 ||| Stepping ~*~*~tactically~*~*~ (water).
  3526 | Sewer    | 3526 ||| Stepping ~*~*~tactically~*~*~ (water).
  3528 | Sewer    | 3528 ||| Stepping ~*~*~tactically~*~*~ (water).
  3530 | Sewer    | 3530 ||| Stepping ~*~*~tactically~*~*~ (water).
  3532 | Sewer    | 3532 ||| Stepping ~*~*~tactically~*~*~ (water).
  3534 | Sewer    | 3534 ||| Stepping ~*~*~tactically~*~*~ (water).
  3536 | Sewer    | 3536 ||| Stepping ~*~*~tactically~*~*~ (water).
  3538 | Sewer    | 3538 ||| Stepping ~*~*~tactically~*~*~ (water).
  3540 | Sewer    | 3540 ||| Stepping ~*~*~tactically~*~*~ (water).
  3542 | Sewer    | 3542 ||| Stepping ~*~*~tactically~*~*~ (water).
  3544 | Sewer    | 3544 ||| Stepping ~*~*~tactically~*~*~ (water).
  3546 | Sewer    | 3546 ||| Stepping ~*~*~tactically~*~*~ (water).
  3548 | Sewer    | 3548 ||| Stepping ~*~*~tactically~*~*~ (water).
  3550 | Sewer    | 3550 ||| Stepping ~*~*~tactically~*~*~ (water).
  3552 | Sewer    | 3552 ||| Stepping ~*~*~tactically~*~*~ (water).
  3554 | Sewer    | 3554 ||| Stepping ~*~*~tactically~*~*~ (water).
  3556 | Sewer    | 3556 ||| Stepping ~*~*~tactically~*~*~ (water).
  3558 | Sewer    | 3558 ||| Stepping ~*~*~tactically~*~*~ (water).
  3560 | Sewer    | 3560 ||| Stepping ~*~*~tactically~*~*~ (water).
  3562 | Sewer    | 3562 ||| Stepping ~*~*~tactically~*~*~ (water).
  3564 | Sewer    | 3564 ||| Stepping ~*~*~tactically~*~*~ (water).
  3566 | Sewer    | 3566 ||| Stepping ~*~*~tactically~*~*~ (water).
  3568 | Sewer    | 3568 ||| Stepping ~*~*~tactically~*~*~ (water).
  3570 | Sewer    | 3570 ||| Stepping ~*~*~tactically~*~*~ (water).
  3572 | Sewer    | 3572 ||| Stepping ~*~*~tactically~*~*~ (water).
  3574 | Sewer    | 3574 ||| Stepping ~*~*~tactically~*~*~ (water).
  3576 | Sewer    | 3576 ||| Stepping ~*~*~tactically~*~*~ (water).
  3578 | Sewer    | 3578 ||| Stepping ~*~*~tactically~*~*~ (water).
  3580 | Sewer    | 3580 ||| Stepping ~*~*~tactically~*~*~ (water).
  3582 | Sewer    | 3582 ||| Stepping ~*~*~tactically~*~*~ (water).
  3584 | Sewer    | 3584 ||| Stepping ~*~*~tactically~*~*~ (water).
  3586 | Sewer    | 3586 ||| Stepping ~*~*~tactically~*~*~ (water).
  3588 | Sewer    | 3588 ||| Stepping ~*~*~tactically~*~*~ (water).
  3590 | Sewer    | 3590 ||| Stepping ~*~*~tactically~*~*~ (water).
  3592 | Sewer    | 3592 ||| Stepping ~*~*~tactically~*~*~ (water).
  3594 | Sewer    | 3594 ||| Stepping ~*~*~tactically~*~*~ (water).
  3596 | Sewer    | 3596 ||| Stepping ~*~*~tactically~*~*~ (water).
  3598 | Sewer    | 3598 ||| Stepping ~*~*~tactically~*~*~ (water).
  3600 | Sewer    | 3600 ||| Stepping ~*~*~tactically~*~*~ (water).
  3602 | Sewer    | 3602 ||| Stepping ~*~*~tactically~*~*~ (water).
  3604 | Sewer    | 3604 ||| Stepping ~*~*~tactically~*~*~ (water).
  3606 | Sewer    | 3606 ||| Stepping ~*~*~tactically~*~*~ (water).
  3608 | Sewer    | 3608 ||| Stepping ~*~*~tactically~*~*~ (water).
  3610 | Sewer    | 3610 ||| Stepping ~*~*~tactically~*~*~ (water).
  3612 | Sewer    | 3612 ||| Stepping ~*~*~tactically~*~*~ (water).
  3614 | Sewer    | 3614 ||| Stepping ~*~*~tactically~*~*~ (water).
  3616 | Sewer    | 3616 ||| Stepping ~*~*~tactically~*~*~ (water).
  3618 | Sewer    | 3618 ||| Stepping ~*~*~tactically~*~*~ (water).
  3620 | Sewer    | 3620 ||| Stepping ~*~*~tactically~*~*~ (water).
  3622 | Sewer    | 3622 ||| Stepping ~*~*~tactically~*~*~ (water).
  3624 | Sewer    | 3624 ||| Stepping ~*~*~tactically~*~*~ (water).
  3626 | Sewer    | 3626 ||| Stepping ~*~*~tactically~*~*~ (water).
  3628 | Sewer    | 3628 ||| Stepping ~*~*~tactically~*~*~ (water).
  3630 | Sewer    | 3630 ||| Stepping ~*~*~tactically~*~*~ (water).
  3632 | Sewer    | 3632 ||| Stepping ~*~*~tactically~*~*~ (water).
  3634 | Sewer    | 3634 ||| Stepping ~*~*~tactically~*~*~ (water).
  3636 | Sewer    | 3636 ||| Stepping ~*~*~tactically~*~*~ (water).
  3638 | Sewer    | 3638 ||| Stepping ~*~*~tactically~*~*~ (water).
  3640 | Sewer    | 3640 ||| Stepping ~*~*~tactically~*~*~ (water).
  3642 | Sewer    | 3642 ||| Stepping ~*~*~tactically~*~*~ (water).
  3644 | Sewer    | 3644 ||| Stepping ~*~*~tactically~*~*~ (water).
  3646 | Sewer    | 3646 ||| Stepping ~*~*~tactically~*~*~ (water).
  3648 | Sewer    | 3648 ||| Stepping ~*~*~tactically~*~*~ (water).
  3650 | Sewer    | 3650 ||| Stepping ~*~*~tactically~*~*~ (water).
  3652 | Sewer    | 3652 ||| Stepping ~*~*~tactically~*~*~ (water).
  3654 | Sewer    | 3654 ||| Stepping ~*~*~tactically~*~*~ (water).
  3656 | Sewer    | 3656 ||| Stepping ~*~*~tactically~*~*~ (water).
  3658 | Sewer    | 3658 ||| Stepping ~*~*~tactically~*~*~ (water).
  3660 | Sewer    | 3660 ||| Stepping ~*~*~tactically~*~*~ (water).
  3662 | Sewer    | 3662 ||| Stepping ~*~*~tactically~*~*~ (water).
  3664 | Sewer    | 3664 ||| Stepping ~*~*~tactically~*~*~ (water).
  3666 | Sewer    | 3666 ||| Stepping ~*~*~tactically~*~*~ (water).
  3668 | Sewer    | 3668 ||| Stepping ~*~*~tactically~*~*~ (water).
  3670 | Sewer    | 3670 ||| Stepping ~*~*~tactically~*~*~ (water).
  3672 | Sewer    | 3672 ||| Stepping ~*~*~tactically~*~*~ (water).
  3674 | Sewer    | 3674 ||| Stepping ~*~*~tactically~*~*~ (water).
  3676 | Sewer    | 3676 ||| Stepping ~*~*~tactically~*~*~ (water).
  3678 | Sewer    | 3678 ||| Stepping ~*~*~tactically~*~*~ (water).
  3680 | Sewer    | 3680 ||| Stepping ~*~*~tactically~*~*~ (water).
  3682 | Sewer    | 3682 ||| Stepping ~*~*~tactically~*~*~ (water).
  3684 | Sewer    | 3684 ||| Stepping ~*~*~tactically~*~*~ (water).
  3686 | Sewer    | 3686 ||| Stepping ~*~*~tactically~*~*~ (water).
  3688 | Sewer    | 3688 ||| Stepping ~*~*~tactically~*~*~ (water).
  3690 | Sewer    | 3690 ||| Stepping ~*~*~tactically~*~*~ (water).
  3692 | Sewer    | 3692 ||| Stepping ~*~*~tactically~*~*~ (water).
  3694 | Sewer    | 3694 ||| Stepping ~*~*~tactically~*~*~ (water).
  3696 | Sewer    | 3696 ||| Stepping ~*~*~tactically~*~*~ (water).
  3698 | Sewer    | 3698 ||| Stepping ~*~*~tactically~*~*~ (water).
  3700 | Sewer    | 3700 ||| Stepping ~*~*~tactically~*~*~ (water).
  3702 | Sewer    | 3702 ||| Stepping ~*~*~tactically~*~*~ (water).
  3704 | Sewer    | 3704 ||| Stepping ~*~*~tactically~*~*~ (water).
  3706 | Sewer    | 3706 ||| Stepping ~*~*~tactically~*~*~ (water).
  3708 | Sewer    | 3708 ||| Stepping ~*~*~tactically~*~*~ (water).
  3710 | Sewer    | 3710 ||| Stepping ~*~*~tactically~*~*~ (water).
  3712 | Sewer    | 3712 ||| Stepping ~*~*~tactically~*~*~ (water).
  3714 | Sewer    | 3714 ||| Stepping ~*~*~tactically~*~*~ (water).
  3716 | Sewer    | 3716 ||| Stepping ~*~*~tactically~*~*~ (water).
  3718 | Sewer    | 3718 ||| Stepping ~*~*~tactically~*~*~ (water).
  3720 | Sewer    | 3720 ||| Stepping ~*~*~tactically~*~*~ (water).
  3722 | Sewer    | 3722 ||| Stepping ~*~*~tactically~*~*~ (water).
  3724 | Sewer    | 3724 ||| Stepping ~*~*~tactically~*~*~ (water).
  3726 | Sewer    | 3726 ||| Stepping ~*~*~tactically~*~*~ (water).
  3728 | Sewer    | 3728 ||| Stepping ~*~*~tactically~*~*~ (water).
  3730 | Sewer    | 3730 ||| Stepping ~*~*~tactically~*~*~ (water).
  3732 | Sewer    | 3732 ||| Stepping ~*~*~tactically~*~*~ (water).
  3734 | Sewer    | 3734 ||| Stepping ~*~*~tactically~*~*~ (water).
  3736 | Sewer    | 3736 ||| Stepping ~*~*~tactically~*~*~ (water).
  3738 | Sewer    | 3738 ||| Stepping ~*~*~tactically~*~*~ (water).
  3740 | Sewer    | 3740 ||| Stepping ~*~*~tactically~*~*~ (water).
  3742 | Sewer    | 3742 ||| Stepping ~*~*~tactically~*~*~ (water).
  3744 | Sewer    | 3744 ||| Stepping ~*~*~tactically~*~*~ (water).
  3746 | Sewer    | 3746 ||| Stepping ~*~*~tactically~*~*~ (water).
  3748 | Sewer    | 3748 ||| Stepping ~*~*~tactically~*~*~ (water).
  3750 | Sewer    | 3750 ||| Stepping ~*~*~tactically~*~*~ (water).
  3752 | Sewer    | 3752 ||| Stepping ~*~*~tactically~*~*~ (water).
  3754 | Sewer    | 3754 ||| Stepping ~*~*~tactically~*~*~ (water).
  3756 | Sewer    | 3756 ||| Stepping ~*~*~tactically~*~*~ (water).
  3758 | Sewer    | 3758 ||| Stepping ~*~*~tactically~*~*~ (water).
  3760 | Sewer    | 3760 ||| Stepping ~*~*~tactically~*~*~ (water).
  3762 | Sewer    | 3762 ||| Stepping ~*~*~tactically~*~*~ (water).
  3764 | Sewer    | 3764 ||| Stepping ~*~*~tactically~*~*~ (water).
  3766 | Sewer    | 3766 ||| Stepping ~*~*~tactically~*~*~ (water).
  3768 | Sewer    | 3768 ||| Stepping ~*~*~tactically~*~*~ (water).
  3770 | Sewer    | 3770 ||| Stepping ~*~*~tactically~*~*~ (water).
  3772 | Sewer    | 3772 ||| Stepping ~*~*~tactically~*~*~ (water).
  3774 | Sewer    | 3774 ||| Stepping ~*~*~tactically~*~*~ (water).
  3776 | Sewer    | 3776 ||| Stepping ~*~*~tactically~*~*~ (water).
  3778 | Sewer    | 3778 ||| Stepping ~*~*~tactically~*~*~ (water).
  3780 | Sewer    | 3780 ||| Stepping ~*~*~tactically~*~*~ (water).
  3782 | Sewer    | 3782 ||| Stepping ~*~*~tactically~*~*~ (water).
  3784 | Sewer    | 3784 ||| Stepping ~*~*~tactically~*~*~ (water).
  3786 | Sewer    | 3786 ||| Stepping ~*~*~tactically~*~*~ (water).
  3788 | Sewer    | 3788 ||| Stepping ~*~*~tactically~*~*~ (water).
  3790 | Sewer    | 3790 ||| Stepping ~*~*~tactically~*~*~ (water).
  3792 | Sewer    | 3792 ||| Stepping ~*~*~tactically~*~*~ (water).
  3794 | Sewer    | 3794 ||| Stepping ~*~*~tactically~*~*~ (water).
  3796 | Sewer    | 3796 ||| Stepping ~*~*~tactically~*~*~ (water).
  3798 | Sewer    | 3798 ||| Stepping ~*~*~tactically~*~*~ (water).
  3800 | Sewer    | 3800 ||| Stepping ~*~*~tactically~*~*~ (water).
  3802 | Sewer    | 3802 ||| Stepping ~*~*~tactically~*~*~ (water).
  3804 | Sewer    | 3804 ||| Stepping ~*~*~tactically~*~*~ (water).
  3806 | Sewer    | 3806 ||| Stepping ~*~*~tactically~*~*~ (water).
  3808 | Sewer    | 3808 ||| Stepping ~*~*~tactically~*~*~ (water).
  3810 | Sewer    | 3810 ||| Stepping ~*~*~tactically~*~*~ (water).
  3812 | Sewer    | 3812 ||| Stepping ~*~*~tactically~*~*~ (water).
  3814 | Sewer    | 3814 ||| Stepping ~*~*~tactically~*~*~ (water).
  3816 | Sewer    | 3816 ||| Stepping ~*~*~tactically~*~*~ (water).
  3818 | Sewer    | 3818 ||| Stepping ~*~*~tactically~*~*~ (water).
  3820 | Sewer    | 3820 ||| Stepping ~*~*~tactically~*~*~ (water).
  3822 | Sewer    | 3822 ||| Stepping ~*~*~tactically~*~*~ (water).
  3824 | Sewer    | 3824 ||| Stepping ~*~*~tactically~*~*~ (water).
  3826 | Sewer    | 3826 ||| Stepping ~*~*~tactically~*~*~ (water).
  3828 | Sewer    | 3828 ||| Stepping ~*~*~tactically~*~*~ (water).
  3830 | Sewer    | 3830 ||| Stepping ~*~*~tactically~*~*~ (water).
  3832 | Sewer    | 3832 ||| Stepping ~*~*~tactically~*~*~ (water).
  3834 | Sewer    | 3834 ||| Stepping ~*~*~tactically~*~*~ (water).
  3836 | Sewer    | 3836 ||| Stepping ~*~*~tactically~*~*~ (water).
  3838 | Sewer    | 3838 ||| Stepping ~*~*~tactically~*~*~ (water).
  3840 | Sewer    | 3840 ||| Stepping ~*~*~tactically~*~*~ (water).
  3842 | Sewer    | 3842 ||| Stepping ~*~*~tactically~*~*~ (water).
  3844 | Sewer    | 3844 ||| Stepping ~*~*~tactically~*~*~ (water).
  3846 | Sewer    | 3846 ||| Stepping ~*~*~tactically~*~*~ (water).
  3848 | Sewer    | 3848 ||| Stepping ~*~*~tactically~*~*~ (water).
  3850 | Sewer    | 3850 ||| Stepping ~*~*~tactically~*~*~ (water).
  3852 | Sewer    | 3852 ||| Stepping ~*~*~tactically~*~*~ (water).
  3854 | Sewer    | 3854 ||| Stepping ~*~*~tactically~*~*~ (water).
  3856 | Sewer    | 3856 ||| Stepping ~*~*~tactically~*~*~ (water).
  3858 | Sewer    | 3858 ||| Stepping ~*~*~tactically~*~*~ (water).
  3860 | Sewer    | 3860 ||| Stepping ~*~*~tactically~*~*~ (water).
  3862 | Sewer    | 3862 ||| Stepping ~*~*~tactically~*~*~ (water).
  3864 | Sewer    | 3864 ||| Stepping ~*~*~tactically~*~*~ (water).
  3866 | Sewer    | 3866 ||| Stepping ~*~*~tactically~*~*~ (water).
  3868 | Sewer    | 3868 ||| Stepping ~*~*~tactically~*~*~ (water).
  3870 | Sewer    | 3870 ||| Stepping ~*~*~tactically~*~*~ (water).
  3872 | Sewer    | 3872 ||| Stepping ~*~*~tactically~*~*~ (water).
  3874 | Sewer    | 3874 ||| Stepping ~*~*~tactically~*~*~ (water).
  3876 | Sewer    | 3876 ||| Stepping ~*~*~tactically~*~*~ (water).
  3878 | Sewer    | 3878 ||| Stepping ~*~*~tactically~*~*~ (water).
  3880 | Sewer    | 3880 ||| Stepping ~*~*~tactically~*~*~ (water).
  3882 | Sewer    | 3882 ||| Stepping ~*~*~tactically~*~*~ (water).
  3884 | Sewer    | 3884 ||| Stepping ~*~*~tactically~*~*~ (water).
  3886 | Sewer    | 3886 ||| Stepping ~*~*~tactically~*~*~ (water).
  3888 | Sewer    | 3888 ||| Stepping ~*~*~tactically~*~*~ (water).
  3890 | Sewer    | 3890 ||| Stepping ~*~*~tactically~*~*~ (water).
  3892 | Sewer    | 3892 ||| Stepping ~*~*~tactically~*~*~ (water).
  3894 | Sewer    | 3894 ||| Stepping ~*~*~tactically~*~*~ (water).
  3896 | Sewer    | 3896 ||| Stepping ~*~*~tactically~*~*~ (water).
  3898 | Sewer    | 3898 ||| Stepping ~*~*~tactically~*~*~ (water).
  3900 | Sewer    | 3900 ||| Stepping ~*~*~tactically~*~*~ (water).
  3902 | Sewer    | 3902 ||| Stepping ~*~*~tactically~*~*~ (water).
  3904 | Sewer    | 3904 ||| Stepping ~*~*~tactically~*~*~ (water).
  3906 | Sewer    | 3906 ||| Stepping ~*~*~tactically~*~*~ (water).
  3908 | Sewer    | 3908 ||| Stepping ~*~*~tactically~*~*~ (water).
  3910 | Sewer    | 3910 ||| Stepping ~*~*~tactically~*~*~ (water).
  3912 | Sewer    | 3912 ||| Stepping ~*~*~tactically~*~*~ (water).
  3914 | Sewer    | 3914 ||| Stepping ~*~*~tactically~*~*~ (water).
  3916 | Sewer    | 3916 ||| Stepping ~*~*~tactically~*~*~ (water).
  3918 | Sewer    | 3918 ||| Stepping ~*~*~tactically~*~*~ (water).
  3920 | Sewer    | 3920 ||| Stepping ~*~*~tactically~*~*~ (water).
  3922 | Sewer    | 3922 ||| Stepping ~*~*~tactically~*~*~ (water).
  3924 | Sewer    | 3924 ||| Stepping ~*~*~tactically~*~*~ (water).
  3926 | Sewer    | 3926 ||| Stepping ~*~*~tactically~*~*~ (water).
  3928 | Sewer    | 3928 ||| Stepping ~*~*~tactically~*~*~ (water).
  3930 | Sewer    | 3930 ||| Stepping ~*~*~tactically~*~*~ (water).
  3932 | Sewer    | 3932 ||| Stepping ~*~*~tactically~*~*~ (water).
  3934 | Sewer    | 3934 ||| Stepping ~*~*~tactically~*~*~ (water).
  3936 | Sewer    | 3936 ||| Stepping ~*~*~tactically~*~*~ (water).
  3938 | Sewer    | 3938 ||| Stepping ~*~*~tactically~*~*~ (water).
  3940 | Sewer    | 3940 ||| Stepping ~*~*~tactically~*~*~ (water).
  3942 | Sewer    | 3942 ||| Stepping ~*~*~tactically~*~*~ (water).
  3944 | Sewer    | 3944 ||| Stepping ~*~*~tactically~*~*~ (water).
  3946 | Sewer    | 3946 ||| Stepping ~*~*~tactically~*~*~ (water).
  3948 | Sewer    | 3948 ||| Stepping ~*~*~tactically~*~*~ (water).
  3950 | Sewer    | 3950 ||| Stepping ~*~*~tactically~*~*~ (water).
  3952 | Sewer    | 3952 ||| Stepping ~*~*~tactically~*~*~ (water).
  3954 | Sewer    | 3954 ||| Stepping ~*~*~tactically~*~*~ (water).
  3956 | Sewer    | 3956 ||| Stepping ~*~*~tactically~*~*~ (water).
  3958 | Sewer    | 3958 ||| Stepping ~*~*~tactically~*~*~ (water).
  3960 | Sewer    | 3960 ||| Stepping ~*~*~tactically~*~*~ (water).
  3962 | Sewer    | 3962 ||| Stepping ~*~*~tactically~*~*~ (water).
  3964 | Sewer    | 3964 ||| Stepping ~*~*~tactically~*~*~ (water).
  3966 | Sewer    | 3966 ||| Stepping ~*~*~tactically~*~*~ (water).
  3968 | Sewer    | 3968 ||| Stepping ~*~*~tactically~*~*~ (water).
  3970 | Sewer    | 3970 ||| Stepping ~*~*~tactically~*~*~ (water).
  3972 | Sewer    | 3972 ||| Stepping ~*~*~tactically~*~*~ (water).
  3974 | Sewer    | 3974 ||| Stepping ~*~*~tactically~*~*~ (water).
  3976 | Sewer    | 3976 ||| Stepping ~*~*~tactically~*~*~ (water).
  3978 | Sewer    | 3978 ||| Stepping ~*~*~tactically~*~*~ (water).
  3980 | Sewer    | 3980 ||| Stepping ~*~*~tactically~*~*~ (water).
  3982 | Sewer    | 3982 ||| Stepping ~*~*~tactically~*~*~ (water).
  3984 | Sewer    | 3984 ||| Stepping ~*~*~tactically~*~*~ (water).
  3986 | Sewer    | 3986 ||| Stepping ~*~*~tactically~*~*~ (water).
  3988 | Sewer    | 3988 ||| Stepping ~*~*~tactically~*~*~ (water).
  3990 | Sewer    | 3990 ||| Stepping ~*~*~tactically~*~*~ (water).
  3992 | Sewer    | 3992 ||| Stepping ~*~*~tactically~*~*~ (water).
  3994 | Sewer    | 3994 ||| Stepping ~*~*~tactically~*~*~ (water).
  3996 | Sewer    | 3996 ||| Stepping ~*~*~tactically~*~*~ (water).
  3998 | Sewer    | 3998 ||| Stepping ~*~*~tactically~*~*~ (water).
  4000 | Sewer    | 4000 ||| Stepping ~*~*~tactically~*~*~ (water).
  4002 | Sewer    | 4002 ||| Stepping ~*~*~tactically~*~*~ (water).
  4004 | Sewer    | 4004 ||| Stepping ~*~*~tactically~*~*~ (water).
  4006 | Sewer    | 4006 ||| Stepping ~*~*~tactically~*~*~ (water).
  4008 | Sewer    | 4008 ||| Stepping ~*~*~tactically~*~*~ (water).
  4010 | Sewer    | 4010 ||| Stepping ~*~*~tactically~*~*~ (water).
  4012 | Sewer    | 4012 ||| Stepping ~*~*~tactically~*~*~ (water).
  4014 | Sewer    | 4014 ||| Stepping ~*~*~tactically~*~*~ (water).
  4016 | Sewer    | 4016 ||| Stepping ~*~*~tactically~*~*~ (water).
  4018 | Sewer    | 4018 ||| Stepping ~*~*~tactically~*~*~ (water).
  4020 | Sewer    | 4020 ||| Stepping ~*~*~tactically~*~*~ (water).
  4022 | Sewer    | 4022 ||| Stepping ~*~*~tactically~*~*~ (water).
  4024 | Sewer    | 4024 ||| Stepping ~*~*~tactically~*~*~ (water).
  4026 | Sewer    | 4026 ||| Stepping ~*~*~tactically~*~*~ (water).
  4028 | Sewer    | 4028 ||| Stepping ~*~*~tactically~*~*~ (water).
  4030 | Sewer    | 4030 ||| Stepping ~*~*~tactically~*~*~ (water).
  4032 | Sewer    | 4032 ||| Stepping ~*~*~tactically~*~*~ (water).
  4034 | Sewer    | 4034 ||| Stepping ~*~*~tactically~*~*~ (water).
  4036 | Sewer    | 4036 ||| Stepping ~*~*~tactically~*~*~ (water).
  4038 | Sewer    | 4038 ||| Stepping ~*~*~tactically~*~*~ (water).
  4040 | Sewer    | 4040 ||| Stepping ~*~*~tactically~*~*~ (water).
  4042 | Sewer    | 4042 ||| Stepping ~*~*~tactically~*~*~ (water).
  4044 | Sewer    | 4044 ||| Stepping ~*~*~tactically~*~*~ (water).
  4046 | Sewer    | 4046 ||| Stepping ~*~*~tactically~*~*~ (water).
  4048 | Sewer    | 4048 ||| Stepping ~*~*~tactically~*~*~ (water).
  4050 | Sewer    | 4050 ||| Stepping ~*~*~tactically~*~*~ (water).
  4052 | Sewer    | 4052 ||| Stepping ~*~*~tactically~*~*~ (water).
  4054 | Sewer    | 4054 ||| Stepping ~*~*~tactically~*~*~ (water).
  4056 | Sewer    | 4056 ||| Stepping ~*~*~tactically~*~*~ (water).
  4058 | Sewer    | 4058 ||| Stepping ~*~*~tactically~*~*~ (water).
  4060 | Sewer    | 4060 ||| Stepping ~*~*~tactically~*~*~ (water).
  4062 | Sewer    | 4062 ||| Stepping ~*~*~tactically~*~*~ (water).
  4064 | Sewer    | 4064 ||| Stepping ~*~*~tactically~*~*~ (water).
  4066 | Sewer    | 4066 ||| Stepping ~*~*~tactically~*~*~ (water).
  4068 | Sewer    | 4068 ||| Stepping ~*~*~tactically~*~*~ (water).
  4070 | Sewer    | 4070 ||| Stepping ~*~*~tactically~*~*~ (water).
  4072 | Sewer    | 4072 ||| Stepping ~*~*~tactically~*~*~ (water).
  4074 | Sewer    | 4074 ||| Stepping ~*~*~tactically~*~*~ (water).
  4076 | Sewer    | 4076 ||| Stepping ~*~*~tactically~*~*~ (water).
  4078 | Sewer    | 4078 ||| Stepping ~*~*~tactically~*~*~ (water).
  4080 | Sewer    | 4080 ||| Stepping ~*~*~tactically~*~*~ (water).
  4082 | Sewer    | 4082 ||| Stepping ~*~*~tactically~*~*~ (water).
  4084 | Sewer    | 4084 ||| Stepping ~*~*~tactically~*~*~ (water).
  4086 | Sewer    | 4086 ||| Stepping ~*~*~tactically~*~*~ (water).
  4088 | Sewer    | 4088 ||| Stepping ~*~*~tactically~*~*~ (water).
  4090 | Sewer    | 4090 ||| Stepping ~*~*~tactically~*~*~ (water).
  4092 | Sewer    | 4092 ||| Stepping ~*~*~tactically~*~*~ (water).
  4094 | Sewer    | 4094 ||| Stepping ~*~*~tactically~*~*~ (water).
  4096 | Sewer    | 4096 ||| Stepping ~*~*~tactically~*~*~ (water).
  4098 | Sewer    | 4098 ||| Stepping ~*~*~tactically~*~*~ (water).
  4100 | Sewer    | 4100 ||| Stepping ~*~*~tactically~*~*~ (water).
  4102 | Sewer    | 4102 ||| Stepping ~*~*~tactically~*~*~ (water).
  4104 | Sewer    | 4104 ||| Stepping ~*~*~tactically~*~*~ (water).
  4106 | Sewer    | 4106 ||| Stepping ~*~*~tactically~*~*~ (water).
  4108 | Sewer    | 4108 ||| Stepping ~*~*~tactically~*~*~ (water).
  4110 | Sewer    | 4110 ||| Stepping ~*~*~tactically~*~*~ (water).
  4112 | Sewer    | 4112 ||| Stepping ~*~*~tactically~*~*~ (water).
  4114 | Sewer    | 4114 ||| Stepping ~*~*~tactically~*~*~ (water).
  4116 | Sewer    | 4116 ||| Stepping ~*~*~tactically~*~*~ (water).
  4118 | Sewer    | 4118 ||| Stepping ~*~*~tactically~*~*~ (water).
  4120 | Sewer    | 4120 ||| Stepping ~*~*~tactically~*~*~ (water).
  4122 | Sewer    | 4122 ||| Stepping ~*~*~tactically~*~*~ (water).
  4124 | Sewer    | 4124 ||| Stepping ~*~*~tactically~*~*~ (water).
  4126 | Sewer    | 4126 ||| Stepping ~*~*~tactically~*~*~ (water).
  4128 | Sewer    | 4128 ||| Stepping ~*~*~tactically~*~*~ (water).
  4130 | Sewer    | 4130 ||| Stepping ~*~*~tactically~*~*~ (water).
  4132 | Sewer    | 4132 ||| Stepping ~*~*~tactically~*~*~ (water).
  4134 | Sewer    | 4134 ||| Stepping ~*~*~tactically~*~*~ (water).
  4136 | Sewer    | 4136 ||| Stepping ~*~*~tactically~*~*~ (water).
  4138 | Sewer    | 4138 ||| Stepping ~*~*~tactically~*~*~ (water).
  4140 | Sewer    | 4140 ||| Stepping ~*~*~tactically~*~*~ (water).
  4142 | Sewer    | 4142 ||| Stepping ~*~*~tactically~*~*~ (water).
  4144 | Sewer    | 4144 ||| Stepping ~*~*~tactically~*~*~ (water).
  4146 | Sewer    | 4146 ||| Stepping ~*~*~tactically~*~*~ (water).
  4148 | Sewer    | 4148 ||| Stepping ~*~*~tactically~*~*~ (water).
  4150 | Sewer    | 4150 ||| Stepping ~*~*~tactically~*~*~ (water).
  4152 | Sewer    | 4152 ||| Stepping ~*~*~tactically~*~*~ (water).
  4154 | Sewer    | 4154 ||| Stepping ~*~*~tactically~*~*~ (water).
  4156 | Sewer    | 4156 ||| Stepping ~*~*~tactically~*~*~ (water).
  4158 | Sewer    | 4158 ||| Stepping ~*~*~tactically~*~*~ (water).
  4160 | Sewer    | 4160 ||| Stepping ~*~*~tactically~*~*~ (water).
  4162 | Sewer    | 4162 ||| Stepping ~*~*~tactically~*~*~ (water).
  4164 | Sewer    | 4164 ||| Stepping ~*~*~tactically~*~*~ (water).
  4166 | Sewer    | 4166 ||| Stepping ~*~*~tactically~*~*~ (water).
  4168 | Sewer    | 4168 ||| Stepping ~*~*~tactically~*~*~ (water).
  4170 | Sewer    | 4170 ||| Stepping ~*~*~tactically~*~*~ (water).
  4172 | Sewer    | 4172 ||| Stepping ~*~*~tactically~*~*~ (water).
  4174 | Sewer    | 4174 ||| Stepping ~*~*~tactically~*~*~ (water).
  4176 | Sewer    | 4176 ||| Stepping ~*~*~tactically~*~*~ (water).
  4178 | Sewer    | 4178 ||| Stepping ~*~*~tactically~*~*~ (water).
  4180 | Sewer    | 4180 ||| Stepping ~*~*~tactically~*~*~ (water).
  4182 | Sewer    | 4182 ||| Stepping ~*~*~tactically~*~*~ (water).
  4184 | Sewer    | 4184 ||| Stepping ~*~*~tactically~*~*~ (water).
  4186 | Sewer    | 4186 ||| Stepping ~*~*~tactically~*~*~ (water).
  4188 | Sewer    | 4188 ||| Stepping ~*~*~tactically~*~*~ (water).
  4190 | Sewer    | 4190 ||| Stepping ~*~*~tactically~*~*~ (water).
  4192 | Sewer    | 4192 ||| Stepping ~*~*~tactically~*~*~ (water).
  4194 | Sewer    | 4194 ||| Stepping ~*~*~tactically~*~*~ (water).
  4196 | Sewer    | 4196 ||| Stepping ~*~*~tactically~*~*~ (water).
  4198 | Sewer    | 4198 ||| Stepping ~*~*~tactically~*~*~ (water).
  4200 | Sewer    | 4200 ||| Stepping ~*~*~tactically~*~*~ (water).
  4202 | Sewer    | 4202 ||| Stepping ~*~*~tactically~*~*~ (water).
  4204 | Sewer    | 4204 ||| Stepping ~*~*~tactically~*~*~ (water).
  4206 | Sewer    | 4206 ||| Stepping ~*~*~tactically~*~*~ (water).
  4208 | Sewer    | 4208 ||| Stepping ~*~*~tactically~*~*~ (water).
  4210 | Sewer    | 4210 ||| Stepping ~*~*~tactically~*~*~ (water).
  4212 | Sewer    | 4212 ||| Stepping ~*~*~tactically~*~*~ (water).
  4214 | Sewer    | 4214 ||| Stepping ~*~*~tactically~*~*~ (water).
  4216 | Sewer    | 4216 ||| Stepping ~*~*~tactically~*~*~ (water).
  4218 | Sewer    | 4218 ||| Stepping ~*~*~tactically~*~*~ (water).
  4220 | Sewer    | 4220 ||| Stepping ~*~*~tactically~*~*~ (water).
  4222 | Sewer    | 4222 ||| Stepping ~*~*~tactically~*~*~ (water).
  4224 | Sewer    | 4224 ||| Stepping ~*~*~tactically~*~*~ (water).
  4226 | Sewer    | 4226 ||| Stepping ~*~*~tactically~*~*~ (water).
  4228 | Sewer    | 4228 ||| Stepping ~*~*~tactically~*~*~ (water).
  4230 | Sewer    | 4230 ||| Stepping ~*~*~tactically~*~*~ (water).
  4232 | Sewer    | 4232 ||| Stepping ~*~*~tactically~*~*~ (water).
  4234 | Sewer    | 4234 ||| Stepping ~*~*~tactically~*~*~ (water).
  4236 | Sewer    | 4236 ||| Stepping ~*~*~tactically~*~*~ (water).
  4238 | Sewer    | 4238 ||| Stepping ~*~*~tactically~*~*~ (water).
  4240 | Sewer    | 4240 ||| Stepping ~*~*~tactically~*~*~ (water).
  4242 | Sewer    | 4242 ||| Stepping ~*~*~tactically~*~*~ (water).
  4244 | Sewer    | 4244 ||| Stepping ~*~*~tactically~*~*~ (water).
  4246 | Sewer    | 4246 ||| Stepping ~*~*~tactically~*~*~ (water).
  4248 | Sewer    | 4248 ||| Stepping ~*~*~tactically~*~*~ (water).
  4250 | Sewer    | 4250 ||| Stepping ~*~*~tactically~*~*~ (water).
  4252 | Sewer    | 4252 ||| Stepping ~*~*~tactically~*~*~ (water).
  4254 | Sewer    | 4254 ||| Stepping ~*~*~tactically~*~*~ (water).
  4256 | Sewer    | 4256 ||| Stepping ~*~*~tactically~*~*~ (water).
  4258 | Sewer    | 4258 ||| Stepping ~*~*~tactically~*~*~ (water).
  4260 | Sewer    | 4260 ||| Stepping ~*~*~tactically~*~*~ (water).
  4262 | Sewer    | 4262 ||| Stepping ~*~*~tactically~*~*~ (water).
  4264 | Sewer    | 4264 ||| Stepping ~*~*~tactically~*~*~ (water).
  4266 | Sewer    | 4266 ||| Stepping ~*~*~tactically~*~*~ (water).
  4268 | Sewer    | 4268 ||| Stepping ~*~*~tactically~*~*~ (water).
  4270 | Sewer    | 4270 ||| Stepping ~*~*~tactically~*~*~ (water).
  4272 | Sewer    | 4272 ||| Stepping ~*~*~tactically~*~*~ (water).
  4274 | Sewer    | 4274 ||| Stepping ~*~*~tactically~*~*~ (water).
  4276 | Sewer    | 4276 ||| Stepping ~*~*~tactically~*~*~ (water).
  4278 | Sewer    | 4278 ||| Stepping ~*~*~tactically~*~*~ (water).
  4280 | Sewer    | 4280 ||| Stepping ~*~*~tactically~*~*~ (water).
  4282 | Sewer    | 4282 ||| Stepping ~*~*~tactically~*~*~ (water).
  4284 | Sewer    | 4284 ||| Stepping ~*~*~tactically~*~*~ (water).
  4286 | Sewer    | 4286 ||| Stepping ~*~*~tactically~*~*~ (water).
  4288 | Sewer    | 4288 ||| Stepping ~*~*~tactically~*~*~ (water).
  4290 | Sewer    | 4290 ||| Stepping ~*~*~tactically~*~*~ (water).
  4292 | Sewer    | 4292 ||| Stepping ~*~*~tactically~*~*~ (water).
  4294 | Sewer    | 4294 ||| Stepping ~*~*~tactically~*~*~ (water).
  4296 | Sewer    | 4296 ||| Stepping ~*~*~tactically~*~*~ (water).
  4298 | Sewer    | 4298 ||| Stepping ~*~*~tactically~*~*~ (water).
  4298 | Sewer    | 4298 ||| PLANNING SEWER
  4299 | Sewer    | 4299 ||| Stepping ~*~*~tactically~*~*~ (water).
  4301 | Sewer    | 4301 ||| Stepping ~*~*~tactically~*~*~ (water).
  4303 | Sewer    | 4303 ||| Stepping ~*~*~tactically~*~*~ (water).
  4305 | Sewer    | 4305 ||| Stepping ~*~*~tactically~*~*~ (water).
  4307 | Sewer    | 4307 ||| Stepping ~*~*~tactically~*~*~ (water).
  4309 | Sewer    | 4309 ||| Stepping ~*~*~tactically~*~*~ (water).
  4311 | Sewer    | 4311 ||| Stepping ~*~*~tactically~*~*~ (water).
  4313 | Sewer    | 4313 ||| Stepping ~*~*~tactically~*~*~ (water).
  4315 | Sewer    | 4315 ||| Stepping ~*~*~tactically~*~*~ (water).
  4317 | Sewer    | 4317 ||| Stepping ~*~*~tactically~*~*~ (water).
  4319 | Sewer    | 4319 ||| Stepping ~*~*~tactically~*~*~ (water).
  4321 | Sewer    | 4321 ||| Stepping ~*~*~tactically~*~*~ (water).
  4323 | Sewer    | 4323 ||| Stepping ~*~*~tactically~*~*~ (water).
  4325 | Sewer    | 4325 ||| Stepping ~*~*~tactically~*~*~ (water).
  4327 | Sewer    | 4327 ||| Stepping ~*~*~tactically~*~*~ (water).
  4329 | Sewer    | 4329 ||| Stepping ~*~*~tactically~*~*~ (water).
  4331 | Sewer    | 4331 ||| Stepping ~*~*~tactically~*~*~ (water).
  4333 | Sewer    | 4333 ||| Stepping ~*~*~tactically~*~*~ (water).
  4335 | Sewer    | 4335 ||| Stepping ~*~*~tactically~*~*~ (water).
  4337 | Sewer    | 4337 ||| Stepping ~*~*~tactically~*~*~ (water).
  4339 | Sewer    | 4339 ||| Stepping ~*~*~tactically~*~*~ (water).
  4341 | Sewer    | 4341 ||| Stepping ~*~*~tactically~*~*~ (water).
  4343 | Sewer    | 4343 ||| Stepping ~*~*~tactically~*~*~ (water).
  4345 | Sewer    | 4345 ||| Stepping ~*~*~tactically~*~*~ (water).
  4347 | Sewer    | 4347 ||| Stepping ~*~*~tactically~*~*~ (water).
  4349 | Sewer    | 4349 ||| Stepping ~*~*~tactically~*~*~ (water).
  4351 | Sewer    | 4351 ||| Stepping ~*~*~tactically~*~*~ (water).
  4353 | Sewer    | 4353 ||| Stepping ~*~*~tactically~*~*~ (water).
  4353 | Sewer    | 4353 ||| PLANNING SEWER
  4354 | Sewer    | 4354 ||| Stepping ~*~*~tactically~*~*~ (water).
  4355 | Sewer    | Upgraded the game from 0.31-a0-826-ga5cc291a1b to
                  | 0.31-a0-828-gb7646bb5e3
  4355 | Sewer    | 4355 ||| PLANNING SEWER
  4389 | Sewer    | 4389 ||| PLANNING SEWER
  4413 | Sewer    | Reached skill level 4 in Fighting
  4416 | Sewer    | Reached XP level 6. HP: 27/38 MP: 6/6
  4496 | Sewer    | Identified the +1 pair of gloves of Rotation {Contam Str+3
                  | Dex+3}
  4811 | Sewer    | 4811 ||| UPGRADING to +1 pair of gloves of Rotation {Contam
                  | Str+3 Dex+3}.
  4816 | Sewer    | 4816 ||| READING scroll labelled TASTISI DINKU.
  4817 | Sewer    | 4817 ||| READING 2 scrolls labelled NOEKAU BERA.
  4818 | Sewer    | 4818 ||| DROPPING scroll of amnesia.
  4841 | D:4      | 4841 ||| PLANNING D:1-11
  4873 | D:4      | Noticed Robin
  4886 | D:4      | Killed Robin
  4961 | D:4      | Noticed Sigmund
  4970 | D:4      | Killed Sigmund
  4971 | D:4      | Reached XP level 7. HP: 43/43 MP: 7/7
  5501 | D:4      | 5501 ||| UPGRADING to +0 helmet.
  5506 | D:4      | 5506 ||| READING scroll labelled KEUPHI WURE.
  5507 | D:4      | 5507 ||| DRINKING 2 metallic yellow potions.
  5508 | D:4      | 5508 ||| DROPPING potion of magic.
  5573 | D:5      | Entered Level 5 of the Dungeon
  6022 | D:5      | Reached skill level 5 in Fighting
  6272 | D:5      | Reached XP level 8. HP: 28/49 MP: 8/8
  6360 | D:5      | 6360 ||| SWAPPING to +0 orcbow.
  6361 | D:5      | 6361 ||| DROPPING +3 shortbow of draining.
  6408 | D:5      | Found a runed translucent gate.
  6408 | D:5      | Found a runed translucent gate.
  6408 | D:5      | Found a runed translucent gate.
  6410 | D:5      | Noticed qw's ghost (novice GrHu)
  6544 | D:5      | 6544 ||| UPGRADING to +0 cloak.
  6549 | D:5      | 6549 ||| UPGRADING to +6 ring of dexterity.
  6551 | D:5      | 6551 ||| UPGRADING to +4 ring of protection.
  6553 | D:5      | 6553 ||| DROPPING ring of protection from cold.
  6554 | D:5      | 6554 ||| READING 4 scrolls of identify.
  6554 | D:5      | 6554 ||| IDENTIFYING yellow potion
  6555 | D:5      | 6555 ||| DRINKING potion of experience.
  6555 | D:5      | Reached XP level 9. HP: 54/54 MP: 9/9
  6556 | D:5      | 6556 ||| READING 3 scrolls of identify.
  6556 | D:5      | 6556 ||| IDENTIFYING smoky black potion
  6557 | D:5      | 6557 ||| READING 2 scrolls of identify.
  6557 | D:5      | 6557 ||| IDENTIFYING glowing purple potion
  6606 | D:6      | 6606 ||| READING scroll of enchant armour.
  6606 | D:6      | 6606 ||| ENCHANTING +0 helmet.
  6613 | D:6      | Identified the +8 spear "Regeo" {freeze, rElec rF+ Int+2
                  | SInv}
  6886 | D:6      | Reached skill level 3 in Dodging
  6886 | D:6      | 6886 ||| Stepping ~*~*~tactically~*~*~ (cloud).
  7021 | D:6      | 7021 ||| UPGRADING to +1 cloak.
  7031 | D:6      | 7031 ||| DROPPING +0 cloak.
  7032 | D:6      | 7032 ||| DROPPING ring of wizardry.
  7098 | D:7      | Found a staircase to the Ecumenical Temple.
  7099 | D:7      | 7099 ||| PLANNING TEMPLE
  7099 | D:7      | 7099 ||| READING scroll labelled POPTIZ YMITIVU.
  7100 | D:7      | 7100 ||| READING 2 scrolls of identify.
  7100 | D:7      | 7100 ||| IDENTIFYING smoky blue potion
  7107 | Temple   | Entered the Ecumenical Temple
  7108 | Temple   | 7108 ||| PLANNING OKAWARU WORSHIP
  7126 | Temple   | Became a worshipper of Warmaster Okawaru
  7127 | Temple   | 7127 ||| PLANNING D:1-11
  7180 | D:7      | Found the +6 shillelagh "Devastator" {shatter}
  7433 | D:7      | Found a runed translucent gate.
  7433 | D:7      | Found a runed translucent gate.
  7434 | D:7      | Found a runed translucent gate.
  7435 | D:7      | Noticed a polar bear
  7435 | D:7      | Noticed a manticore
  7435 | D:7      | Noticed a manticore
  7436 | D:7      | Noticed a polar bear
  7446 | D:7      | Reached skill level 3 in Armour
  7466 | D:7      | Noticed Maggie
  7480 | D:7      | Killed Maggie
  7527 | D:7      | Found a snail-covered altar of Cheibriados.
  7532 | D:7      | Reached skill level 6 in Fighting
  7620 | D:7      | Found an opulent altar of Gozag.
  7678 | D:7      | Found a glowing silver altar of Zin.
  7878 | D:7      | 7878 ||| UPGRADING to +0 steam dragon scales.
  7888 | D:7      | 7888 ||| DROPPING +0 ring mail.
  7900 | D:8      | Noticed Psyche
  7902 | D:8      | 7902 ||| STAIRDANCE
  7975 | D:8      | 7975 ||| STAIRDANCE
  8040 | D:8      | Killed Psyche
  8040 | D:8      | Reached * piety under Okawaru
  8077 | D:8      | Noticed a cyclops
  8078 | D:8      | 8078 ||| INVOKING Heroism.
  8088 | D:8      | Killed a cyclops
  8089 | D:8      | Reached XP level 10. HP: 61/61 MP: 7/11
  8159 | D:8      | 8159 ||| INVOKING Heroism.
  8190 | D:8      | Reached skill level 3 in Invocations
  8203 | D:8      | 8203 ||| INVOKING Heroism.
  8220 | D:8      | Reached ** piety under Okawaru
  8222 | D:8      | Reached skill level 7 in Fighting
  8265 | D:8      | Found a flagged portal.
  8287 | D:8      | Found a shimmering blue altar of Sif Muna.
  8315 | D:8      | Noticed Joseph
  8316 | D:8      | 8316 ||| FLEEEEING.
  8324 | D:8      | 8324 ||| FLEEEEING.
  8325 | D:8      | 8325 ||| FLEEEEING.
  8326 | D:8      | 8326 ||| FLEEEEING.
  8327 | D:8      | 8327 ||| FLEEEEING.
  8329 | D:8      | 8329 ||| FLEEEEING.
  8330 | D:8      | 8330 ||| FLEEEEING.
  8331 | D:8      | 8331 ||| FLEEEEING.
  8332 | D:8      | 8332 ||| FLEEEEING.
  8335 | D:8      | 8335 ||| STAIRDANCE
  8367 | D:7      | 8367 ||| UPGRADING to +3 leather armour.
  8377 | D:7      | 8377 ||| DROPPING +0 steam dragon scales.
  8409 | D:8      | Killed Joseph
  8444 | D:8      | 8444 ||| INVOKING Heroism.
  8490 | D:8      | Found a bloodstained altar of Trog.
  8518 | D:8      | Found a broken altar of Ashenzari.
  8671 | D:8      | 8671 ||| INVOKING Heroism.
  8676 | D:8      | 8676 ||| Stepping ~*~*~tactically~*~*~ (cloud).
  8976 | D:8      | 8976 ||| RETREEAATING.
  8977 | D:8      | 8977 ||| STILL RETREEAATING.
  8978 | D:8      | 8978 ||| STILL RETREEAATING.
  8979 | D:8      | 8979 ||| STILL RETREEAATING.
  8980 | D:8      | 8980 ||| STILL RETREEAATING.
  8981 | D:8      | 8981 ||| STILL RETREEAATING.
  8982 | D:8      | 8982 ||| STILL RETREEAATING.
  8983 | D:8      | 8983 ||| STILL RETREEAATING.
  8984 | D:8      | 8984 ||| STILL RETREEAATING.
  8989 | D:8      | 8989 ||| Stepping ~*~*~tactically~*~*~ (retreating).
  8992 | D:8      | 8992 ||| Stepping ~*~*~tactically~*~*~ (retreating).
  8994 | D:8      | Reached skill level 8 in Fighting
  9000 | D:8      | Reached *** piety under Okawaru
  9106 | D:8      | 9106 ||| UPGRADING to +2 leather armour of cold resistance.
  9123 | D:9      | Found a staircase to the Orcish Mines.
  9124 | D:9      | 9124 ||| INVOKING Heroism.
  9125 | D:9      | 9125 ||| STAIRDANCE
  9141 | D:9      | 9141 ||| STAIRDANCE
  9141 | D:9      | Noticed a two-headed ogre
  9152 | D:8      | Reached XP level 11. HP: 68/68 MP: 14/14
  9158 | D:9      | 9158 ||| STAIRDANCE
  9160 | D:8      | 9160 ||| INVOKING Heroism.
  9167 | D:8      | Killed a two-headed ogre
  9446 | D:9      | Reached skill level 9 in Fighting
  9460 | D:9      | 9460 ||| INVOKING Heroism.
  9544 | D:9      | Noticed Prince Ribbit
  9558 | D:9      | 9558 ||| Stepping ~*~*~tactically~*~*~ (retreating).
  9569 | D:9      | Killed Prince Ribbit
  9571 | D:9      | Reached **** piety under Okawaru
  9725 | D:9      | Noticed Harold
  9726 | D:9      | 9726 ||| INVOKING Heroism.
  9735 | D:9      | Killed Harold
  9736 | D:9      | Reached skill level 6 in Dodging
  9859 | D:9      | 9859 ||| FLEEEEING.
  9860 | D:9      | 9860 ||| FLEEEEING.
  9861 | D:9      | 9861 ||| FLEEEEING.
  9862 | D:9      | 9862 ||| FLEEEEING.
  9863 | D:9      | 9863 ||| FLEEEEING.
  9864 | D:9      | 9864 ||| FLEEEEING.
  9865 | D:9      | 9865 ||| FLEEEEING.
  9866 | D:9      | 9866 ||| FLEEEEING.
  9867 | D:9      | 9867 ||| FLEEEEING.
  9868 | D:9      | 9868 ||| FLEEEEING.
  9869 | D:9      | 9869 ||| FLEEEEING.
  9870 | D:9      | 9870 ||| FLEEEEING.
  9871 | D:9      | 9871 ||| FLEEEEING.
  9883 | D:9      | 9883 ||| FLEEEEING.
  9884 | D:9      | 9884 ||| FLEEEEING.
 10163 | D:9      | 10163 ||| DROPPING +3 leather armour.
 10178 | D:10     | Entered Level 10 of the Dungeon
 10224 | D:10     | 10224 ||| INVOKING Heroism.
 10311 | D:10     | 10311 ||| FLEEEEING.
 10312 | D:10     | 10312 ||| FLEEEEING.
 10313 | D:10     | 10313 ||| FLEEEEING.
 10314 | D:10     | 10314 ||| FLEEEEING.
 10315 | D:10     | 10315 ||| FLEEEEING.
 10321 | D:10     | 10321 ||| FLEEEEING.
 10322 | D:10     | 10322 ||| FLEEEEING.
 10323 | D:10     | 10323 ||| FLEEEEING.
 10324 | D:10     | 10324 ||| FLEEEEING.
 10327 | D:10     | 10327 ||| FLEEEEING.
 10328 | D:10     | 10328 ||| FLEEEEING.
 10329 | D:10     | 10329 ||| INVOKING Heroism.
 10612 | D:10     | 10612 ||| STAIRDANCE
 10619 | D:10     | 10619 ||| INVOKING Heroism.
 10620 | D:10     | 10620 ||| STAIRDANCE
 10635 | D:10     | 10635 ||| STAIRDANCE
 10649 | D:10     | 10649 ||| STAIRDANCE
 10699 | D:10     | 10699 ||| RETREEAATING.
 10700 | D:10     | 10700 ||| STILL RETREEAATING.
 10702 | D:10     | 10702 ||| STILL RETREEAATING.
 10703 | D:10     | 10703 ||| STILL RETREEAATING.
 10705 | D:10     | 10705 ||| RETREEAATING.
 10707 | D:10     | 10707 ||| Stepping ~*~*~tactically~*~*~ (retreating).
 10714 | D:10     | Reached skill level 6 in Invocations
 11397 | D:10     | 11397 ||| READING scroll labelled KAXZAR DEAVEMM.
 11398 | D:10     | 11398 ||| READING scroll labelled BUSUAF NERR.
 11399 | D:10     | 11399 ||| READING 2 scrolls of identify.
 11399 | D:10     | 11399 ||| IDENTIFYING emerald potion
 11460 | D:11     | Reached skill level 10 in Fighting
 11493 | D:11     | 11493 ||| Stepping randomly (disturbance).
 11494 | D:11     | 11494 ||| Stepping randomly (disturbance).
 11727 | D:11     | Noticed a boulder beetle
 11728 | D:11     | 11728 ||| INVOKING Heroism.
 11742 | D:11     | Killed a boulder beetle
 11742 | D:11     | Reached ***** piety under Okawaru
 11809 | D:11     | Noticed a two-headed ogre
 11810 | D:11     | 11810 ||| INVOKING Heroism.
 11820 | D:11     | Killed a two-headed ogre
 11821 | D:11     | Reached skill level 15 in Ranged Weapons
 11821 | D:11     | Reached XP level 12. HP: 69/77 MP: 15/17
 11946 | D:11     | 11946 ||| READING scroll of enchant weapon.
 11946 | D:11     | 11946 ||| ENCHANTING +0 orcbow.
 12178 | D:11     | 12178 ||| INVOKING Heroism.
 12231 | D:11     | 12231 ||| INVOKING Heroism.
 12232 | D:11     | Noticed Sonja
 12233 | D:11     | 12233 ||| RETREEAATING.
 12236 | D:11     | 12236 ||| STILL RETREEAATING.
 12237 | D:11     | 12237 ||| STILL RETREEAATING.
 12238 | D:11     | 12238 ||| STILL RETREEAATING.
 12239 | D:11     | 12239 ||| STILL RETREEAATING.
 12240 | D:11     | 12240 ||| STILL RETREEAATING.
 12241 | D:11     | 12241 ||| STILL RETREEAATING.
 12242 | D:11     | 12242 ||| STILL RETREEAATING.
 12245 | D:11     | 12245 ||| STILL RETREEAATING.
 12255 | D:11     | Killed Sonja
 12295 | D:11     | 12295 ||| READING scroll of enchant weapon.
 12295 | D:11     | 12295 ||| ENCHANTING +1 orcbow.
 12298 | D:11     | Found a staircase to the Lair.
 12308 | D:11     | 12308 ||| INVOKING Heroism.
 12408 | D:11     | 12408 ||| PLANNING LAIR
 12472 | Lair:1   | Entered Level 1 of the Lair of Beasts
 12607 | Lair:1   | 12607 ||| RETREEAATING.
 12640 | Lair:1   | 12640 ||| INVOKING Heroism.
 12944 | Lair:1   | 12944 ||| INVOKING Heroism.
 12949 | Lair:1   | Reached skill level 9 in Invocations
 12962 | Lair:1   | Found a transporter.
 12963 | Lair:1   | Found a transporter.
 12963 | Lair:1   | Noticed a boulder beetle
 12964 | Lair:1   | Noticed a boulder beetle
 12969 | Lair:1   | Noticed a catoblepas
 12970 | Lair:1   | 12970 ||| INVOKING Finesse.
 13043 | Lair:1   | 13043 ||| RETREEAATING.
 13044 | Lair:1   | 13044 ||| STILL RETREEAATING.
 13045 | Lair:1   | 13045 ||| STILL RETREEAATING.
 13046 | Lair:1   | 13046 ||| STILL RETREEAATING.
 13047 | Lair:1   | 13047 ||| STILL RETREEAATING.
 13048 | Lair:1   | 13048 ||| RETREEAATING.
 13049 | Lair:1   | 13049 ||| INVOKING Heroism.
 13058 | Lair:1   | Killed a catoblepas
 13083 | Lair:1   | 13083 ||| INVOKING Heroism.
 13211 | Lair:1   | 13211 ||| RETREEAATING.
 13213 | Lair:1   | 13213 ||| RETREEAATING.
 13215 | Lair:1   | 13215 ||| INVOKING Heroism.
 13216 | Lair:1   | 13216 ||| Stepping ~*~*~tactically~*~*~ (retreating).
 13252 | Lair:1   | 13252 ||| INVOKING Heroism.
 13525 | Lair:1   | 13525 ||| RETREEAATING.
 13526 | Lair:1   | 13526 ||| STILL RETREEAATING.
 13527 | Lair:1   | 13527 ||| STILL RETREEAATING.
 13544 | Lair:1   | 13544 ||| Stepping ~*~*~tactically~*~*~ (retreating).
 13545 | Lair:1   | 13545 ||| Stepping ~*~*~tactically~*~*~ (retreating).
 13546 | Lair:1   | 13546 ||| Stepping ~*~*~tactically~*~*~ (retreating).
 13547 | Lair:1   | 13547 ||| Stepping ~*~*~tactically~*~*~ (retreating).
 13548 | Lair:1   | 13548 ||| INVOKING Heroism.
 13552 | Lair:1   | 13552 ||| Stepping ~*~*~tactically~*~*~ (retreating).
 13553 | Lair:1   | 13553 ||| Stepping ~*~*~tactically~*~*~ (retreating).
 13554 | Lair:1   | 13554 ||| Stepping ~*~*~tactically~*~*~ (retreating).
 13555 | Lair:1   | 13555 ||| Stepping ~*~*~tactically~*~*~ (retreating).
 13560 | Lair:1   | 13560 ||| Stepping ~*~*~tactically~*~*~ (retreating).
 13573 | Lair:1   | 13573 ||| Stepping ~*~*~tactically~*~*~ (retreating).
 13574 | Lair:1   | 13574 ||| INVOKING Heroism.
 13575 | Lair:1   | 13575 ||| Stepping ~*~*~tactically~*~*~ (retreating).
 13576 | Lair:1   | 13576 ||| Stepping ~*~*~tactically~*~*~ (retreating).
 13587 | Lair:1   | Reached XP level 13. HP: 50/82 MP: 18/20
 13765 | Lair:1   | 13765 ||| INVOKING Heroism.
 14165 | Lair:1   | 14165 ||| READING 2 scrolls of identify.
 14165 | Lair:1   | 14165 ||| IDENTIFYING sedimented puce potion
 14166 | Lair:1   | 14166 ||| DROPPING potion of brilliance.
 14496 | Lair:2   | 14496 ||| INVOKING Heroism.
 14507 | Lair:2   | Reached skill level 11 in Fighting
 14580 | Lair:2   | 14580 ||| RETREEAATING.
 14654 | Lair:2   | 14654 ||| INVOKING Heroism.
 14663 | Lair:2   | 14663 ||| RETREEAATING.
 14664 | Lair:2   | 14664 ||| STILL RETREEAATING.
 14665 | Lair:2   | 14665 ||| STILL RETREEAATING.
 14666 | Lair:2   | 14666 ||| Stepping ~*~*~tactically~*~*~ (retreating).
 15186 | Lair:2   | 15186 ||| UPGRADING to +5 ring of evasion.
 15188 | Lair:2   | 15188 ||| DROPPING +4 ring of protection.
 15189 | Lair:2   | 15189 ||| READING 3 scrolls of identify.
 15189 | Lair:2   | 15189 ||| IDENTIFYING murky white potion
 15300 | Lair:3   | 15300 ||| RETREEAATING.
 15305 | Lair:3   | 15305 ||| Stepping ~*~*~tactically~*~*~ (retreating).
 15307 | Lair:3   | 15307 ||| Stepping ~*~*~tactically~*~*~ (retreating).
 15319 | Lair:3   | Noticed Kirke
 15320 | Lair:3   | 15320 ||| RETREEAATING.
 15325 | Lair:3   | 15325 ||| INVOKING Heroism.
 15326 | Lair:3   | 15326 ||| Stepping ~*~*~tactically~*~*~ (retreating).
 15327 | Lair:3   | 15327 ||| INVOKING Finesse.
 15348 | Lair:3   | Killed Kirke
 15557 | Lair:3   | 15557 ||| INVOKING Heroism.
 15654 | Lair:3   | Found a staircase to the Shoals.
 15773 | Lair:3   | Found a hole to the Spider Nest.
 15774 | Lair:3   | 15774 ||| INVOKING Heroism.
 16062 | Lair:3   | 16062 ||| RETREEAATING.
 16063 | Lair:3   | 16063 ||| STILL RETREEAATING.
 16064 | Lair:3   | 16064 ||| STILL RETREEAATING.
 16065 | Lair:3   | 16065 ||| STILL RETREEAATING.
 16066 | Lair:3   | 16066 ||| Stepping ~*~*~tactically~*~*~ (retreating).
 16067 | Lair:3   | 16067 ||| Stepping ~*~*~tactically~*~*~ (retreating).
 16068 | Lair:3   | 16068 ||| Stepping ~*~*~tactically~*~*~ (retreating).
 16070 | Lair:3   | 16070 ||| Stepping ~*~*~tactically~*~*~ (retreating).
 16071 | Lair:3   | 16071 ||| STILL RETREEAATING.
 16072 | Lair:3   | 16072 ||| STILL RETREEAATING.
 16081 | Lair:3   | Reached skill level 12 in Fighting
 16356 | Lair:3   | 16356 ||| UPGRADING to +0 pair of boots.
 16403 | Lair:4   | 16403 ||| RETREEAATING.
 16404 | Lair:4   | 16404 ||| STILL RETREEAATING.
 16405 | Lair:4   | 16405 ||| STILL RETREEAATING.
 16406 | Lair:4   | 16406 ||| STILL RETREEAATING.
 16407 | Lair:4   | 16407 ||| STILL RETREEAATING.
 16408 | Lair:4   | 16408 ||| INVOKING Heroism.
 16416 | Lair:4   | Received a gift from Okawaru
 16429 | Lair:4   | Reached skill level 6 in Armour
 16434 | Lair:4   | Found a viscous altar of Jiyva.
 16434 | Lair:4   | Found a staircase to the Slime Pits.
 16476 | Lair:4   | 16476 ||| INVOKING Heroism.
 16515 | Lair:4   | 16515 ||| RETREEAATING.
 16517 | Lair:4   | 16517 ||| STILL RETREEAATING.
 16521 | Lair:4   | 16521 ||| STILL RETREEAATING.
 16541 | Lair:4   | 16541 ||| INVOKING Heroism.
 16553 | Lair:4   | 16553 ||| FLEEEEING.
 16559 | Lair:4   | Reached skill level 9 in Dodging
 16726 | Lair:4   | 16726 ||| INVOKING Heroism.
 16851 | Lair:4   | 16851 ||| READING scroll of enchant armour.
 16851 | Lair:4   | 16851 ||| ENCHANTING +1 helmet.
 16987 | Lair:4   | 16987 ||| INVOKING Heroism.
 17006 | Lair:4   | Gained mutation: Your large and strong wings let you fly.
                  | [Gargoyle growth]
 17006 | Lair:4   | Reached XP level 14. HP: 92/92 MP: 21/21
 17031 | Lair:4   | 17031 ||| RETREEAATING.
 17032 | Lair:4   | 17032 ||| STILL RETREEAATING.
 17039 | Lair:4   | Received a gift from Okawaru
 17048 | Lair:4   | 17048 ||| INVOKING Heroism.
 17064 | Lair:4   | 17064 ||| RETREEAATING.
 17065 | Lair:4   | 17065 ||| STILL RETREEAATING.
 17066 | Lair:4   | 17066 ||| STILL RETREEAATING.
 17067 | Lair:4   | 17067 ||| STILL RETREEAATING.
 17089 | Lair:4   | Reached skill level 13 in Fighting
 17165 | Lair:4   | 17165 ||| RETREEAATING.
 17225 | Lair:4   | 17225 ||| INVOKING Heroism.
 17226 | Lair:4   | 17226 ||| INVOKING Finesse.
 17717 | Lair:5   | Entered Level 5 of the Lair of Beasts
 17718 | Lair:5   | 17718 ||| STAIRDANCE
 17736 | Lair:5   | 17736 ||| STAIRDANCE
 17901 | Lair:5   | Identified the ring of Egamun {Fly Str+8 Int+6 Dex-2}
 17920 | Lair:5   | 17920 ||| RETREEAATING.
 17921 | Lair:5   | 17921 ||| STILL RETREEAATING.
 17923 | Lair:5   | 17923 ||| RETREEAATING.
 17925 | Lair:5   | 17925 ||| RETREEAATING.
 17928 | Lair:5   | 17928 ||| Stepping ~*~*~tactically~*~*~ (retreating).
 17929 | Lair:5   | 17929 ||| Stepping ~*~*~tactically~*~*~ (retreating).
 17930 | Lair:5   | 17930 ||| Stepping ~*~*~tactically~*~*~ (retreating).
 17931 | Lair:5   | 17931 ||| STILL RETREEAATING.
 17932 | Lair:5   | 17932 ||| STILL RETREEAATING.
 17933 | Lair:5   | 17933 ||| STILL RETREEAATING.
 17934 | Lair:5   | 17934 ||| Stepping ~*~*~tactically~*~*~ (retreating).
 17978 | Lair:5   | 17978 ||| INVOKING Heroism.
 17994 | Lair:5   | Reached skill level 14 in Fighting
 18227 | Lair:5   | 18227 ||| Stepping ~*~*~tactically~*~*~ (retreating).
 18238 | Lair:5   | 18238 ||| INVOKING Heroism.
 18365 | Lair:5   | 18365 ||| FLEEEEING.
 18366 | Lair:5   | 18366 ||| FLEEEEING.
 18367 | Lair:5   | 18367 ||| FLEEEEING.
 18368 | Lair:5   | 18368 ||| FLEEEEING.
 18369 | Lair:5   | 18369 ||| FLEEEEING.
 18370 | Lair:5   | 18370 ||| FLEEEEING.
 18371 | Lair:5   | 18371 ||| FLEEEEING.
 18405 | Lair:5   | Received a gift from Okawaru
 18414 | Lair:5   | 18414 ||| INVOKING Heroism.
 18415 | Lair:5   | 18415 ||| Stepping ~*~*~tactically~*~*~ (retreating).
 18416 | Lair:5   | 18416 ||| Stepping ~*~*~tactically~*~*~ (retreating).
 18417 | Lair:5   | 18417 ||| Stepping ~*~*~tactically~*~*~ (retreating).
 18418 | Lair:5   | 18418 ||| Stepping ~*~*~tactically~*~*~ (retreating).
 18496 | Lair:5   | 18496 ||| DROPPING ring of Egamun {Fly Str+8 Int+6 Dex-2}.
 18773 | Lair:5   | 18773 ||| RETREEAATING.
 18775 | Lair:5   | 18775 ||| INVOKING Heroism.
 18876 | Lair:5   | 18876 ||| FLEEEEING.
 18938 | Lair:5   | 18938 ||| Stepping ~*~*~tactically~*~*~ (retreating).
 18941 | Lair:5   | 18941 ||| INVOKING Heroism.
 19011 | Lair:5   | 19011 ||| RETREEAATING.
 19023 | Lair:5   | 19023 ||| Stepping ~*~*~tactically~*~*~ (retreating).
 19031 | Lair:5   | 19031 ||| INVOKING Heroism.
 19093 | Lair:5   | 19093 ||| Stepping ~*~*~tactically~*~*~ (retreating).
 19094 | Lair:5   | 19094 ||| Stepping ~*~*~tactically~*~*~ (retreating).
 19095 | Lair:5   | 19095 ||| Stepping ~*~*~tactically~*~*~ (retreating).
 19096 | Lair:5   | 19096 ||| Stepping ~*~*~tactically~*~*~ (retreating).
 19097 | Lair:5   | 19097 ||| Stepping ~*~*~tactically~*~*~ (retreating).
 19098 | Lair:5   | 19098 ||| Stepping ~*~*~tactically~*~*~ (retreating).
 19099 | Lair:5   | 19099 ||| Stepping ~*~*~tactically~*~*~ (retreating).
 19100 | Lair:5   | 19100 ||| Stepping ~*~*~tactically~*~*~ (retreating).
 19101 | Lair:5   | 19101 ||| Stepping ~*~*~tactically~*~*~ (retreating).
 19198 | Lair:5   | Identified the +13 plate armour of Zaff {Will+}
 19320 | Lair:5   | Reached skill level 15 in Fighting
 19652 | Lair:5   | 19652 ||| PLANNING D
 19652 | Lair:5   | 19652 ||| DROPPING ring of magical power.
 19653 | Lair:5   | 19653 ||| READING 2 scrolls labelled MESMOWUSUU.
 19654 | Lair:5   | 19654 ||| READING 7 scrolls of identify.
 19654 | Lair:5   | 19654 ||| IDENTIFYING pink potion
 19655 | Lair:5   | 19655 ||| DROPPING scroll of poison.
 19656 | Lair:5   | 19656 ||| DROPPING potion of invisibility.
 19970 | D:12     | Received a gift from Okawaru
 19985 | D:12     | 19985 ||| Stepping ~*~*~tactically~*~*~ (retreating).
 19986 | D:12     | 19986 ||| Stepping ~*~*~tactically~*~*~ (retreating).
 19987 | D:12     | 19987 ||| Stepping ~*~*~tactically~*~*~ (retreating).
 19988 | D:12     | 19988 ||| Stepping ~*~*~tactically~*~*~ (retreating).
 19989 | D:12     | 19989 ||| Stepping ~*~*~tactically~*~*~ (retreating).
 19990 | D:12     | 19990 ||| Stepping ~*~*~tactically~*~*~ (retreating).
 19991 | D:12     | 19991 ||| Stepping ~*~*~tactically~*~*~ (retreating).
 20431 | D:12     | Found a portal to a secret trove of treasure.
 20441 | D:12     | Reached XP level 15. HP: 89/103 MP: 22/22
 20976 | D:13     | 20976 ||| READING 6 scrolls of teleportation.
 21070 | D:13     | Noticed Urug
 21071 | D:13     | 21071 ||| INVOKING Heroism.
 21072 | D:13     | 21072 ||| INVOKING Finesse.
 21074 | D:13     | 21074 ||| Stepping ~*~*~tactically~*~*~ (retreating).
 21086 | D:13     | Killed Urug
 21172 | D:13     | 21172 ||| Stepping randomly (disturbance).
 21330 | D:13     | Noticed Frances
 21331 | D:13     | 21331 ||| INVOKING Heroism.
 21332 | D:13     | 21332 ||| INVOKING Finesse.
 21356 | D:13     | 21356 ||| Stepping ~*~*~tactically~*~*~ (retreating).
 21357 | D:13     | 21357 ||| Stepping ~*~*~tactically~*~*~ (retreating).
 21358 | D:13     | 21358 ||| Stepping ~*~*~tactically~*~*~ (retreating).
 21364 | D:13     | Killed Frances
 21582 | D:13     | Noticed Snorg
 21590 | D:13     | 21590 ||| INVOKING Heroism.
 21596 | D:13     | Killed Snorg
 21739 | D:13     | Found a gate to the Vaults.
 22252 | D:14     | 22252 ||| PLANNING GAUNTLET
 22271 | D:14     | Found a gate leading to a gauntlet.
 22279 | Gauntlet | Entered a Gauntlet
 22279 | Gauntlet | Found a transporter.
 22288 | Gauntlet | Found a transporter.
 22303 | Gauntlet | Found a runed translucent gate.
 22305 | Gauntlet | Found a transporter.
 22306 | Gauntlet | Found a runed translucent gate.
 22306 | Gauntlet | Found a runed translucent gate.
 22309 | Gauntlet | Found a transporter.
 22330 | Gauntlet | Found a transporter.
 22343 | Gauntlet | Found a transporter.
 22357 | Gauntlet | Found a transporter.
 22386 | Gauntlet | Found a transporter.
 22386 | Gauntlet | Found a transporter.
 22391 | Gauntlet | Found a transporter.
 22424 | Gauntlet | Found a transporter.
 22450 | Gauntlet | Found a transporter.
 22552 | Gauntlet | 22552 ||| DROPPING scarf of harm.
 22558 | Gauntlet | 22558 ||| INVOKING Heroism.
 22559 | Gauntlet | 22559 ||| INVOKING Finesse.
 22610 | Gauntlet | 22610 ||| DROPPING +1 pair of gloves of hurling.
 22630 | Gauntlet | 22630 ||| INVOKING Heroism.
 22673 | D:14     | 22673 ||| PLANNING D
 22705 | D:14     | 22705 ||| INVOKING Heroism.
 22706 | D:14     | 22706 ||| RETREEAATING.
 22722 | D:14     | Reached skill level 16 in Fighting
 22744 | D:14     | 22744 ||| INVOKING Heroism.
 22890 | D:14     | Noticed Louise
 22891 | D:14     | 22891 ||| INVOKING Heroism.
 22901 | Abyss:3  | Cast into level 3 of the Abyss (Louise)
 22906 | Abyss:3  | Found a corrupted altar of Lugonu.
 22907 | Abyss:3  | Found a corrupted altar of Lugonu.
 23067 | Abyss:3  | Found a corrupted altar of Lugonu.
 23117 | Abyss:3  | Noticed a balrug
 23117 | Abyss:3  | 23117 ||| RETREEAATING.
 23118 | Abyss:3  | 23118 ||| STILL RETREEAATING.
 23119 | Abyss:3  | 23119 ||| INVOKING Heroism.
 23150 | Abyss:3  | Noticed an Executioner
 23164 | Abyss:3  | HP: 19/104 [Executioner (17)]
 23165 | Abyss:3  | 23165 ||| READING 5 scrolls of teleportation.
 23166 | Abyss:3  | 23166 ||| DRINKING 3 potions of heal wounds.
 23168 | Abyss:3  | 23168 ||| DRINKING 2 potions of heal wounds.
 23169 | Abyss:3  | HP: 26/104 [Executioner (3)]
 23170 | Abyss:3  | 23170 ||| DRINKING potion of heal wounds.
 23174 | Abyss:3  | HP: 26/104 [Executioner (4)]
 23179 | Abyss:3  | 23179 ||| READING 4 scrolls of teleportation.
 23189 | Abyss:3  | Killed a balrug
 23190 | Abyss:3  | Reached skill level 12 in Dodging
 23208 | Abyss:3  | 23208 ||| INVOKING Heroism.
 23212 | Abyss:3  | HP: 22/104 [will-o-the-wisp/foxfire (13)]
 23262 | Abyss:3  | 23262 ||| INVOKING Heroism.
 23323 | Abyss:3  | 23323 ||| INVOKING Heroism.
 23335 | Abyss:3  | Noticed a bone dragon
 23343 | D:14     | Escaped the Abyss
 23382 | D:14     | 23382 ||| INVOKING Heroism.
 23392 | D:14     | Killed Louise
 23393 | D:14     | Reached skill level 9 in Armour
 24053 | D:14     | 24053 ||| UPGRADING to +1 pair of boots.
 24063 | D:14     | 24063 ||| DROPPING +0 pair of boots.
 24107 | D:15     | Entered Level 15 of the Dungeon
 24118 | D:15     | 24118 ||| INVOKING Heroism.
 24121 | D:15     | 24121 ||| Stepping ~*~*~tactically~*~*~ (retreating).
 24123 | D:15     | 24123 ||| Stepping ~*~*~tactically~*~*~ (retreating).
 24157 | D:15     | Reached XP level 16. HP: 106/111 MP: 23/23
 24212 | D:15     | Found a glowing golden altar of the Shining One.
 24239 | D:15     | 24239 ||| RETREEAATING.
 24240 | D:15     | 24240 ||| STILL RETREEAATING.
 24244 | D:15     | 24244 ||| INVOKING Heroism.
 24252 | D:15     | Received a gift from Okawaru
 24256 | D:15     | Reached skill level 17 in Fighting
 24256 | D:15     | Paralysed by something for 5 turns
 24416 | D:15     | Found a runed translucent gate.
 24416 | D:15     | Found a runed translucent gate.
 24416 | D:15     | Found a runed translucent gate.
 24418 | D:15     | Noticed qw's ghost (journeyman GrHu)
 24526 | D:15     | 24526 ||| INVOKING Heroism.
 24572 | D:15     | Found a staircase to the Depths.
 24580 | D:15     | 24580 ||| READING scroll of brand weapon.
 24580 | D:15     | 24580 ||| BRANDING +2 orcbow.
 24611 | D:15     | 24611 ||| INVOKING Heroism.
 25150 | D:15     | Found a sacrificial altar of Ru.
 25184 | D:15     | 25184 ||| PLANNING ORC
 25184 | D:15     | 25184 ||| DROPPING +0 helmet of intelligence.
 25332 | Orc:1    | Entered Level 1 of the Orcish Mines
 25336 | Orc:1    | 25336 ||| RETREEAATING.
 25337 | Orc:1    | 25337 ||| STILL RETREEAATING.
 25338 | Orc:1    | 25338 ||| Stepping ~*~*~tactically~*~*~ (retreating).
 25339 | Orc:1    | 25339 ||| Stepping ~*~*~tactically~*~*~ (retreating).
 25340 | Orc:1    | 25340 ||| STILL RETREEAATING.
 25341 | Orc:1    | 25341 ||| STILL RETREEAATING.
 25342 | Orc:1    | 25342 ||| INVOKING Heroism.
 25353 | Orc:1    | 25353 ||| DRINKING 11 potions of curing.
 25353 | Orc:1    | 25353 ||| (to cure confusion)
 25512 | Orc:2    | Entered Level 2 of the Orcish Mines
 25520 | Orc:2    | Reached skill level 18 in Fighting
 25590 | Orc:1    | Noticed Josephine
 25605 | Orc:1    | 25605 ||| INVOKING Heroism.
 25609 | Orc:1    | Killed Josephine
 25609 | Orc:1    | Noticed Nergalle
 25631 | Orc:1    | HP: 23/112 [orc high priest/divine providence (11)]
 25632 | Orc:1    | 25632 ||| READING 4 scrolls of teleportation.
 25638 | Orc:1    | 25638 ||| READING 3 scrolls of teleportation.
 25640 | Orc:1    | HP: 22/112 [orc warrior/+0 vampiric glaive[an orc high
                  | priest] (4)]
 25643 | Orc:1    | Killed Nergalle
 25648 | Orc:1    | 25648 ||| READING 2 scrolls of teleportation.
 25653 | Orc:1    | 25653 ||| INVOKING Heroism.
 25654 | Orc:1    | 25654 ||| READING scroll of teleportation.
 26107 | Orc:2    | Found a dark tunnel.
 26207 | Orc:2    | Found a staircase to the Elven Halls.
 26266 | Orc:2    | 26266 ||| FLEEEEING.
 26273 | Orc:2    | 26273 ||| FLEEEEING.
 26274 | Orc:2    | 26274 ||| RETREEAATING.
 26275 | Orc:2    | 26275 ||| STILL RETREEAATING.
 26276 | Orc:2    | 26276 ||| FLEEEEING.
 26277 | Orc:2    | 26277 ||| INVOKING Heroism.
 26280 | Orc:2    | 26280 ||| RETREEAATING.
 26291 | Orc:2    | 26291 ||| STILL RETREEAATING.
 26292 | Orc:2    | 26292 ||| Stepping ~*~*~tactically~*~*~ (retreating).
 26301 | Orc:2    | 26301 ||| Stepping ~*~*~tactically~*~*~ (retreating).
 26302 | Orc:2    | 26302 ||| Stepping ~*~*~tactically~*~*~ (retreating).
 26303 | Orc:2    | 26303 ||| Stepping ~*~*~tactically~*~*~ (retreating).
 26310 | Orc:2    | 26310 ||| Stepping ~*~*~tactically~*~*~ (retreating).
 26318 | Orc:2    | 26318 ||| Stepping ~*~*~tactically~*~*~ (retreating).
 26334 | Orc:2    | 26334 ||| INVOKING Heroism.
 26478 | Orc:2    | Found Rekeuw's Weapon Emporium.
 26480 | Orc:2    | 26480 ||| INVOKING Heroism.
 26496 | Orc:2    | Found Nopuguirph's Distillery.
 26503 | Orc:2    | Found Borusix's Jewellery Boutique.
 26505 | Orc:2    | Found Egaoxo's Armour Emporium.
 26511 | Orc:2    | 26511 ||| BUYING +6 ring of dexterity (504 gold).
 26511 | Orc:2    | Bought a +6 ring of dexterity for 504 gold pieces
 26576 | Orc:2    | Found a runed translucent gate.
 26576 | Orc:2    | Found a runed translucent gate.
 26576 | Orc:2    | Found a runed translucent gate.
 26584 | Orc:2    | Noticed qw's ghost (adept GrHu)
 26585 | Orc:2    | Found the +3 crown of Dyrovepreva {rElec Int+2 SInv}
 26586 | Orc:2    | Found an iron altar of Okawaru.
 26601 | Orc:2    | 26601 ||| INVOKING Heroism.
 26793 | Orc:2    | 26793 ||| PLANNING SHOALS:1-3
 26793 | Orc:2    | 26793 ||| UPGRADING to +6 ring of dexterity.
 26795 | Orc:2    | 26795 ||| DROPPING ring of fire.
 26796 | Orc:2    | 26796 ||| DROPPING +5 ring of evasion.
 27031 | Shoals:1 | Entered Level 1 of the Shoals
 27036 | Shoals:1 | 27036 ||| STAIRDANCE
 27084 | Shoals:1 | 27084 ||| STAIRDANCE
 27163 | Shoals:1 | 27163 ||| INVOKING Heroism.
 27216 | Shoals:1 | 27216 ||| RETREEAATING.
 27221 | Shoals:1 | 27221 ||| INVOKING Heroism.
 27255 | Shoals:1 | 27255 ||| INVOKING Heroism.
 27281 | Shoals:1 | Noticed Roxanne
 27299 | Shoals:1 | Killed Roxanne
 27566 | Shoals:1 | Noticed a kraken
 27587 | Shoals:1 | Killed a kraken
 28154 | Shoals:1 | 28154 ||| READING 18 scrolls of identify.
 28154 | Shoals:1 | 28154 ||| IDENTIFYING amethyst potion
 28155 | Shoals:1 | 28155 ||| DROPPING potion of attraction.
 28216 | Shoals:2 | Identified the +2 rapier "Nuomorub" {spect, Str-2 Int+3
                  | SInv}
 28223 | Shoals:2 | Reached XP level 17. HP: 119/119 MP: 24/24
 28277 | Shoals:2 | 28277 ||| INVOKING Heroism.
 28286 | Shoals:2 | 28286 ||| Stepping ~*~*~tactically~*~*~ (retreating).
 28287 | Shoals:2 | 28287 ||| Stepping ~*~*~tactically~*~*~ (retreating).
 28441 | Shoals:2 | 28441 ||| INVOKING Heroism.
 28442 | Shoals:2 | 28442 ||| INVOKING Finesse.
 28443 | Shoals:2 | 28443 ||| RETREEAATING.
 28444 | Shoals:2 | 28444 ||| STILL RETREEAATING.
 28445 | Shoals:2 | 28445 ||| Stepping ~*~*~tactically~*~*~ (retreating).
 28446 | Shoals:2 | 28446 ||| Stepping ~*~*~tactically~*~*~ (retreating).
 28499 | Shoals:2 | 28499 ||| INVOKING Heroism.
 28524 | Shoals:2 | 28524 ||| INVOKING Finesse.
 28606 | Shoals:2 | Reached skill level 19 in Fighting
 28620 | Shoals:2 | 28620 ||| RETREEAATING.
 28688 | Shoals:2 | 28688 ||| RETREEAATING.
 28731 | Shoals:2 | You are sucked into a shaft and drop 1 floor!
 28732 | Shoals:3 | 28732 ||| INVOKING Heroism.
 28756 | Shoals:3 | 28756 ||| INVOKING Heroism.
 28856 | Shoals:3 | 28856 ||| READING scroll of enchant weapon.
 28856 | Shoals:3 | 28856 ||| ENCHANTING +2 orcbow of draining.
 28903 | Shoals:3 | 28903 ||| INVOKING Heroism.
 28904 | Shoals:3 | 28904 ||| INVOKING Finesse.
 29693 | Shoals:3 | 29693 ||| STAIRDANCE
 29711 | Shoals:3 | Reached skill level 15 in Dodging
 29712 | Shoals:3 | 29712 ||| INVOKING Heroism.
 29754 | Shoals:3 | 29754 ||| RETREEAATING.
 29755 | Shoals:3 | 29755 ||| Stepping ~*~*~tactically~*~*~ (retreating).
 29756 | Shoals:3 | 29756 ||| Stepping ~*~*~tactically~*~*~ (retreating).
 29760 | Shoals:3 | 29760 ||| INVOKING Heroism.
 29760 | Shoals:3 | Noticed a kraken
 29796 | Shoals:3 | 29796 ||| FLEEEEING.
 29797 | Shoals:3 | 29797 ||| FLEEEEING.
 29798 | Shoals:3 | 29798 ||| STAIRDANCE
 29861 | Shoals:3 | 29861 ||| STAIRDANCE
 29918 | Shoals:3 | 29918 ||| STAIRDANCE
 29990 | Shoals:3 | 29990 ||| STAIRDANCE
 30076 | Shoals:3 | 30076 ||| STAIRDANCE
 30132 | Shoals:3 | 30132 ||| STAIRDANCE
 30213 | Shoals:3 | 30213 ||| STAIRDANCE
 30266 | Shoals:3 | Killed a kraken
 30708 | Shoals:3 | 30708 ||| INVOKING Heroism.
 30709 | Shoals:3 | 30709 ||| INVOKING Finesse.
 30797 | Shoals:3 | 30797 ||| INVOKING Heroism.
 30902 | Shoals:3 | 30902 ||| PLANNING SPIDER:1-3
 31047 | Spider:1 | Entered Level 1 of the Spider Nest
 31064 | Spider:1 | 31064 ||| Stepping ~*~*~tactically~*~*~ (retreating).
 31074 | Spider:1 | 31074 ||| DRINKING 10 potions of curing.
 31074 | Spider:1 | 31074 ||| (to cure confusion)
 31117 | Spider:1 | 31117 ||| RETREEAATING.
 31118 | Spider:1 | 31118 ||| STILL RETREEAATING.
 31121 | Spider:1 | 31121 ||| Stepping ~*~*~tactically~*~*~ (retreating).
 31122 | Spider:1 | 31122 ||| Stepping ~*~*~tactically~*~*~ (retreating).
 31123 | Spider:1 | 31123 ||| Stepping ~*~*~tactically~*~*~ (retreating).
 31124 | Spider:1 | 31124 ||| Stepping ~*~*~tactically~*~*~ (retreating).
 31125 | Spider:1 | 31125 ||| Stepping ~*~*~tactically~*~*~ (retreating).
 31126 | Spider:1 | 31126 ||| INVOKING Finesse.
 31252 | Spider:1 | 31252 ||| INVOKING Heroism.
 31318 | Spider:1 | 31318 ||| RETREEAATING.
 31319 | Spider:1 | 31319 ||| STILL RETREEAATING.
 31320 | Spider:1 | 31320 ||| STILL RETREEAATING.
 31321 | Spider:1 | 31321 ||| STILL RETREEAATING.
 31323 | Spider:1 | 31323 ||| STILL RETREEAATING.
 31324 | Spider:1 | 31324 ||| STILL RETREEAATING.
 31648 | Spider:1 | 31648 ||| Stepping ~*~*~tactically~*~*~ (retreating).
 31651 | Spider:1 | 31651 ||| Stepping ~*~*~tactically~*~*~ (retreating).
 31654 | Spider:1 | 31654 ||| Stepping ~*~*~tactically~*~*~ (retreating).
 31655 | Spider:1 | 31655 ||| Stepping ~*~*~tactically~*~*~ (retreating).
 31656 | Spider:1 | 31656 ||| Stepping ~*~*~tactically~*~*~ (retreating).
 31666 | Spider:1 | Reached XP level 18. HP: 113/128 MP: 25/25
 31930 | Spider:2 | Identified the +2 pair of gloves of the Salmon {*Corrode
                  | rF+ Str+2 Slay+3}
 31930 | Spider:2 | Noticed Nikola
 31931 | Spider:2 | 31931 ||| INVOKING Heroism.
 31932 | Spider:2 | 31932 ||| STAIRDANCE
 31943 | Spider:2 | 31943 ||| INVOKING Finesse.
 31944 | Spider:2 | 31944 ||| STAIRDANCE
 31981 | Spider:2 | 31981 ||| STAIRDANCE
 32014 | Spider:2 | 32014 ||| STAIRDANCE
 32224 | Spider:2 | 32224 ||| INVOKING Heroism.
 32236 | Spider:2 | Killed Nikola
 32300 | Spider:2 | 32300 ||| INVOKING Finesse.
 32395 | Spider:2 | 32395 ||| Stepping randomly (disturbance).
 32553 | Spider:2 | 32553 ||| INVOKING Finesse.
 32678 | Spider:2 | 32678 ||| Stepping ~*~*~tactically~*~*~ (retreating).
 32679 | Spider:2 | 32679 ||| Stepping ~*~*~tactically~*~*~ (retreating).
 32680 | Spider:2 | 32680 ||| Stepping ~*~*~tactically~*~*~ (retreating).
 32681 | Spider:2 | 32681 ||| Stepping ~*~*~tactically~*~*~ (retreating).
 32682 | Spider:2 | 32682 ||| Stepping ~*~*~tactically~*~*~ (retreating).
 32683 | Spider:2 | 32683 ||| Stepping ~*~*~tactically~*~*~ (retreating).
 32685 | Spider:2 | 32685 ||| INVOKING Heroism.
 32857 | Spider:2 | 32857 ||| RETREEAATING.
 32858 | Spider:2 | 32858 ||| STILL RETREEAATING.
 32859 | Spider:2 | 32859 ||| STILL RETREEAATING.
 32868 | Spider:2 | 32868 ||| FLEEEEING.
 32877 | Spider:2 | 32877 ||| DRINKING 9 potions of curing.
 32877 | Spider:2 | 32877 ||| (to cure confusion)
 32880 | Spider:2 | 32880 ||| INVOKING Finesse.
 32881 | Spider:2 | 32881 ||| INVOKING Heroism.
 33112 | Spider:2 | Reached skill level 20 in Fighting
 33147 | Spider:2 | 33147 ||| Stepping ~*~*~tactically~*~*~ (retreating).
 33641 | Spider:2 | 33641 ||| UPGRADING to +2 pair of gloves of the Salmon
                  | {*Corrode rF+ Str+2 Slay+3}.
 33648 | Spider:2 | Gained mutation: You are dopey. (Int -2) [mutagenic glow]
 33651 | Spider:2 | 33651 ||| UPGRADING to amulet of faith.
 33962 | Spider:3 | 33962 ||| Stepping ~*~*~tactically~*~*~ (retreating).
 33963 | Spider:3 | 33963 ||| Stepping ~*~*~tactically~*~*~ (retreating).
 33964 | Spider:3 | 33964 ||| Stepping ~*~*~tactically~*~*~ (retreating).
 33965 | Spider:3 | 33965 ||| Stepping ~*~*~tactically~*~*~ (retreating).
 33966 | Spider:3 | 33966 ||| Stepping ~*~*~tactically~*~*~ (retreating).
 33967 | Spider:3 | 33967 ||| Stepping ~*~*~tactically~*~*~ (retreating).
 33968 | Spider:3 | 33968 ||| Stepping ~*~*~tactically~*~*~ (retreating).
 33969 | Spider:3 | 33969 ||| Stepping ~*~*~tactically~*~*~ (retreating).
 33970 | Spider:3 | 33970 ||| Stepping ~*~*~tactically~*~*~ (retreating).
 33971 | Spider:3 | 33971 ||| Stepping ~*~*~tactically~*~*~ (retreating).
 34057 | Spider:3 | 34057 ||| INVOKING Heroism.
 34093 | Spider:3 | 34093 ||| Stepping randomly (disturbance).
 34094 | Spider:3 | 34094 ||| Stepping randomly (disturbance).
 34535 | Spider:3 | 34535 ||| FLEEEEING.
 34536 | Spider:3 | 34536 ||| FLEEEEING.
 34537 | Spider:3 | 34537 ||| FLEEEEING.
 34538 | Spider:3 | 34538 ||| FLEEEEING.
 34539 | Spider:3 | 34539 ||| FLEEEEING.
 34540 | Spider:3 | 34540 ||| FLEEEEING.
 34542 | Spider:3 | 34542 ||| FLEEEEING.
 34544 | Spider:3 | 34544 ||| FLEEEEING.
 34545 | Spider:3 | 34545 ||| FLEEEEING.
 34546 | Spider:3 | 34546 ||| FLEEEEING.
 34547 | Spider:3 | 34547 ||| FLEEEEING.
 34548 | Spider:3 | 34548 ||| FLEEEEING.
 34549 | Spider:3 | 34549 ||| INVOKING Finesse.
 34682 | Spider:3 | 34682 ||| INVOKING Finesse.
 34684 | Spider:3 | 34684 ||| RETREEAATING.
 34685 | Spider:3 | 34685 ||| STILL RETREEAATING.
 34686 | Spider:3 | 34686 ||| STILL RETREEAATING.
 34687 | Spider:3 | 34687 ||| STILL RETREEAATING.
 34688 | Spider:3 | 34688 ||| Stepping ~*~*~tactically~*~*~ (retreating).
 34811 | Spider:3 | 34811 ||| FLEEEEING.
 34826 | Spider:3 | 34826 ||| INVOKING Heroism.
 35061 | Spider:3 | 35061 ||| Stepping ~*~*~tactically~*~*~ (retreating).
 35062 | Spider:3 | 35062 ||| Stepping ~*~*~tactically~*~*~ (retreating).
 35063 | Spider:3 | 35063 ||| Stepping ~*~*~tactically~*~*~ (retreating).
 35069 | Spider:3 | 35069 ||| INVOKING Heroism.
 35103 | Spider:3 | 35103 ||| INVOKING Heroism.
 35127 | Spider:3 | 35127 ||| FLEEEEING.
 35128 | Spider:3 | 35128 ||| FLEEEEING.
 35132 | Spider:3 | 35132 ||| STAIRDANCE
 35263 | Spider:2 | 35263 ||| DROPPING ring of see invisible.
 35286 | Spider:3 | 35286 ||| FLEEEEING.
 35287 | Spider:3 | 35287 ||| FLEEEEING.
 35459 | Spider:3 | 35459 ||| PLANNING SHOALS:4
 35626 | Shoals:4 | Entered Level 4 of the Shoals
 35740 | Shoals:4 | 35740 ||| RETREEAATING.
 35748 | Shoals:4 | Reached skill level 21 in Fighting
 35760 | Shoals:4 | 35760 ||| INVOKING Heroism.
 36134 | Shoals:4 | 36134 ||| INVOKING Heroism.
 36188 | Shoals:4 | 36188 ||| INVOKING Heroism.
 36189 | Shoals:4 | 36189 ||| RETREEAATING.
 36442 | Shoals:4 | Identified the +1 scimitar "Concordance" {freeze, SInv}
 36501 | Shoals:4 | 36501 ||| RETREEAATING.
 36505 | Shoals:4 | 36505 ||| INVOKING Heroism.
 36871 | Shoals:4 | 36871 ||| INVOKING Heroism.
 36880 | Shoals:4 | Upgraded the game from 0.31-a0-828-gb7646bb5e3 to
                  | 0.31-a0-830-g2a533130d9
 36880 | Shoals:4 | 36880 ||| PLANNING SHOALS:4
 36954 | Shoals:4 | 36954 ||| INVOKING Heroism.
 36955 | Shoals:4 | 36955 ||| INVOKING Finesse.
 36959 | Shoals:4 | Reached XP level 19. HP: 134/137 MP: 18/26
 37167 | Shoals:4 | 37167 ||| INVOKING Heroism.
 37289 | Shoals:4 | Found Lasei's Magic Scroll Shop.
 37362 | Shoals:4 | 37362 ||| INVOKING Heroism.
 37395 | Shoals:4 | 37395 ||| INVOKING Finesse.
 37464 | Shoals:4 | Got a barnacled rune of Zot
 37465 | Shoals:4 | 37465 ||| PLANNING VAULTS:1-4
 37465 | Shoals:4 | 37465 ||| DROPPING +1 pair of boots.
 37466 | Shoals:4 | 37466 ||| UPGRADING to +3 leather armour of willpower.
 37830 | Vaults:1 | Entered Level 1 of the Vaults
 37852 | Vaults:1 | 37852 ||| RETREEAATING.
 37916 | Vaults:1 | 37916 ||| FLEEEEING.
 37917 | Vaults:1 | 37917 ||| FLEEEEING.
 37985 | Vaults:1 | 37985 ||| RETREEAATING.
 38121 | Vaults:1 | 38121 ||| READING scroll of enchant weapon.
 38121 | Vaults:1 | 38121 ||| ENCHANTING +3 orcbow of draining.
 38122 | Vaults:1 | 38122 ||| DROPPING +0 arbalest.
 38176 | Vaults:1 | Received a gift from Okawaru
 38227 | Vaults:1 | 38227 ||| RETREEAATING.
 38228 | Vaults:1 | 38228 ||| STILL RETREEAATING.
 38229 | Vaults:1 | 38229 ||| STILL RETREEAATING.
 38230 | Vaults:1 | 38230 ||| STILL RETREEAATING.
 38231 | Vaults:1 | 38231 ||| STILL RETREEAATING.
 38232 | Vaults:1 | 38232 ||| STILL RETREEAATING.
 38238 | Vaults:1 | 38238 ||| Stepping ~*~*~tactically~*~*~ (retreating).
 38240 | Vaults:1 | 38240 ||| STILL RETREEAATING.
 38241 | Vaults:1 | 38241 ||| STILL RETREEAATING.
 38242 | Vaults:1 | 38242 ||| STILL RETREEAATING.
 38243 | Vaults:1 | 38243 ||| STILL RETREEAATING.
 38244 | Vaults:1 | 38244 ||| STILL RETREEAATING.
 38245 | Vaults:1 | 38245 ||| STILL RETREEAATING.
 38246 | Vaults:1 | 38246 ||| STILL RETREEAATING.
 38247 | Vaults:1 | 38247 ||| STILL RETREEAATING.
 38248 | Vaults:1 | 38248 ||| STILL RETREEAATING.
 38249 | Vaults:1 | 38249 ||| STILL RETREEAATING.
 38250 | Vaults:1 | 38250 ||| STILL RETREEAATING.
 38251 | Vaults:1 | 38251 ||| STILL RETREEAATING.
 38252 | Vaults:1 | 38252 ||| STILL RETREEAATING.
 38253 | Vaults:1 | 38253 ||| STILL RETREEAATING.
 38254 | Vaults:1 | 38254 ||| STILL RETREEAATING.
 38319 | Vaults:1 | 38319 ||| INVOKING Heroism.
 38320 | Vaults:1 | 38320 ||| RETREEAATING.
 38321 | Vaults:1 | 38321 ||| STILL RETREEAATING.
 38322 | Vaults:1 | 38322 ||| STILL RETREEAATING.
 38325 | Vaults:1 | 38325 ||| INVOKING Finesse.
 38334 | Vaults:1 | Reached skill level 22 in Fighting
 38573 | Vaults:1 | 38573 ||| INVOKING Heroism.
 38574 | Vaults:1 | 38574 ||| INVOKING Finesse.
 38686 | Vaults:1 | Found a runed translucent door.
 38739 | Vaults:1 | 38739 ||| FLEEEEING.
 38740 | Vaults:1 | 38740 ||| FLEEEEING.
 38741 | Vaults:1 | 38741 ||| FLEEEEING.
 38742 | Vaults:1 | 38742 ||| FLEEEEING.
 38743 | Vaults:1 | 38743 ||| FLEEEEING.
 38744 | Vaults:1 | 38744 ||| FLEEEEING.
 38745 | Vaults:1 | 38745 ||| FLEEEEING.
 38747 | Vaults:1 | 38747 ||| FLEEEEING.
 38748 | Vaults:1 | 38748 ||| FLEEEEING.
 38749 | Vaults:1 | 38749 ||| FLEEEEING.
 38755 | Vaults:1 | 38755 ||| FLEEEEING.
 38756 | Vaults:1 | 38756 ||| FLEEEEING.
 38757 | Vaults:1 | 38757 ||| FLEEEEING.
 38758 | Vaults:1 | 38758 ||| FLEEEEING.
 38759 | Vaults:1 | 38759 ||| FLEEEEING.
 38760 | Vaults:1 | 38760 ||| FLEEEEING.
 38767 | Vaults:1 | 38767 ||| FLEEEEING.
 38768 | Vaults:1 | 38768 ||| FLEEEEING.
 38769 | Vaults:1 | 38769 ||| FLEEEEING.
 38770 | Vaults:1 | 38770 ||| FLEEEEING.
 38771 | Vaults:1 | 38771 ||| FLEEEEING.
 38916 | Vaults:1 | 38916 ||| RETREEAATING.
 39053 | Vaults:1 | Reached skill level 12 in Armour
 39166 | Vaults:1 | Noticed qw's ghost (adept GrHu)
 39168 | Vaults:1 | 39168 ||| DROPPING +2 robe of willpower.
 39327 | Vaults:2 | 39327 ||| FLEEEEING.
 39328 | Vaults:2 | 39328 ||| FLEEEEING.
 39329 | Vaults:2 | 39329 ||| FLEEEEING.
 39331 | Vaults:2 | 39331 ||| FLEEEEING.
 39332 | Vaults:2 | 39332 ||| FLEEEEING.
 39333 | Vaults:2 | 39333 ||| FLEEEEING.
 39334 | Vaults:2 | 39334 ||| RETREEAATING.
 39335 | Vaults:2 | 39335 ||| STILL RETREEAATING.
 39336 | Vaults:2 | 39336 ||| STILL RETREEAATING.
 39337 | Vaults:2 | 39337 ||| STILL RETREEAATING.
 39338 | Vaults:2 | 39338 ||| Stepping ~*~*~tactically~*~*~ (retreating).
 39339 | Vaults:2 | 39339 ||| STILL RETREEAATING.
 39340 | Vaults:2 | 39340 ||| INVOKING Heroism.
 39341 | Vaults:2 | 39341 ||| INVOKING Finesse.
 39364 | Vaults:2 | HP: 33/139 [ghoul (19)]
 39365 | Vaults:2 | 39365 ||| READING 4 scrolls of teleportation.
 39366 | Vaults:2 | 39366 ||| DRINKING 3 potions of heal wounds.
 39422 | Vaults:2 | 39422 ||| FLEEEEING.
 39423 | Vaults:2 | 39423 ||| FLEEEEING.
 39424 | Vaults:2 | 39424 ||| FLEEEEING.
 39425 | Vaults:2 | 39425 ||| FLEEEEING.
 39426 | Vaults:2 | 39426 ||| FLEEEEING.
 39427 | Vaults:2 | 39427 ||| FLEEEEING.
 39428 | Vaults:2 | 39428 ||| FLEEEEING.
 39429 | Vaults:2 | 39429 ||| FLEEEEING.
 39431 | Vaults:2 | 39431 ||| STAIRDANCE
 39623 | Vaults:2 | 39623 ||| STAIRDANCE
 39651 | Vaults:1 | 39651 ||| DROPPING +2 leather armour of cold resistance.
 39679 | Vaults:2 | 39679 ||| STAIRDANCE
 39763 | Vaults:2 | 39763 ||| READING scroll of acquirement.
 39763 | Vaults:2 | 39763 ||| 39763 ||| Offered manual of Conjurations
 39763 | Vaults:2 | 39763 ||| 39763 ||| Offered +1 triple crossbow of draining
 39763 | Vaults:2 | 39763 ||| 39763 ||| Offered ring "Voqerel" {rN+ Will-
                  | Int+6}
 39763 | Vaults:2 | 39763 ||| 39763 ||| Offered 787 gold pieces
 39763 | Vaults:2 | 39763 ||| ACQUIRING +1 triple crossbow of draining
 39763 | Vaults:2 | Acquired a +1 triple crossbow of draining
 39765 | Vaults:2 | 39765 ||| SWAPPING to +1 triple crossbow of draining.
 39766 | Vaults:2 | 39766 ||| DROPPING +4 orcbow of draining.
 39767 | Vaults:2 | 39767 ||| DROPPING +0 arbalest of flaming.
 39810 | Vaults:2 | 39810 ||| INVOKING Heroism.
 39932 | Vaults:2 | 39932 ||| Stepping ~*~*~tactically~*~*~ (retreating).
 39933 | Vaults:2 | 39933 ||| Stepping ~*~*~tactically~*~*~ (retreating).
 39934 | Vaults:2 | 39934 ||| Stepping ~*~*~tactically~*~*~ (retreating).
 39936 | Vaults:2 | 39936 ||| Stepping ~*~*~tactically~*~*~ (retreating).
 39937 | Vaults:2 | 39937 ||| INVOKING Heroism.
 39963 | Vaults:2 | HP: 33/139 [yaktaur[a yaktaur captain] (12)]
 39964 | Vaults:2 | 39964 ||| READING 3 scrolls of teleportation.
 39965 | Vaults:2 | 39965 ||| DRINKING 2 potions of heal wounds.
 40008 | Vaults:2 | 40008 ||| INVOKING Heroism.
 40209 | Vaults:2 | 40209 ||| Stepping ~*~*~tactically~*~*~ (retreating).
 40212 | Vaults:2 | Received a gift from Okawaru
 40649 | Vaults:2 | Found a staircase to the Crypt.
 40669 | Vaults:2 | 40669 ||| FLEEEEING.
 40674 | Vaults:2 | 40674 ||| FLEEEEING.
 40675 | Vaults:2 | 40675 ||| FLEEEEING.
 40680 | Vaults:2 | 40680 ||| FLEEEEING.
 41024 | Vaults:2 | 41024 ||| DROPPING +0 troll leather armour.
 41025 | Vaults:2 | 41025 ||| DROPPING +2 ring mail of cold resistance.
 41047 | Vaults:3 | Noticed Zenata
 41048 | Vaults:3 | 41048 ||| INVOKING Heroism.
 41049 | Vaults:3 | 41049 ||| INVOKING Finesse.
 41050 | Vaults:3 | 41050 ||| STAIRDANCE
 41059 | Vaults:2 | Killed Zenata
 41206 | Vaults:3 | Reached XP level 20. HP: 143/145 MP: 27/27
 41218 | Vaults:3 | 41218 ||| Stepping ~*~*~tactically~*~*~ (retreating).
 41220 | Vaults:3 | 41220 ||| Stepping ~*~*~tactically~*~*~ (retreating).
 41221 | Vaults:3 | 41221 ||| Stepping ~*~*~tactically~*~*~ (retreating).
 41222 | Vaults:3 | 41222 ||| Stepping ~*~*~tactically~*~*~ (retreating).
 41223 | Vaults:3 | 41223 ||| Stepping ~*~*~tactically~*~*~ (retreating).
 41224 | Vaults:3 | 41224 ||| Stepping ~*~*~tactically~*~*~ (retreating).
 41227 | Vaults:3 | 41227 ||| Stepping ~*~*~tactically~*~*~ (retreating).
 41228 | Vaults:3 | 41228 ||| Stepping ~*~*~tactically~*~*~ (retreating).
 41229 | Vaults:3 | 41229 ||| INVOKING Heroism.
 41232 | Vaults:3 | 41232 ||| Stepping ~*~*~tactically~*~*~ (retreating).
 41279 | Vaults:3 | 41279 ||| INVOKING Heroism.
 41522 | Vaults:3 | 41522 ||| RETREEAATING.
 41523 | Vaults:3 | 41523 ||| STILL RETREEAATING.
 41524 | Vaults:3 | 41524 ||| STILL RETREEAATING.
 41527 | Vaults:3 | 41527 ||| Stepping ~*~*~tactically~*~*~ (retreating).
 41528 | Vaults:3 | 41528 ||| Stepping ~*~*~tactically~*~*~ (retreating).
 41545 | Vaults:3 | 41545 ||| FLEEEEING.
 41546 | Vaults:3 | 41546 ||| FLEEEEING.
 41547 | Vaults:3 | 41547 ||| FLEEEEING.
 41548 | Vaults:3 | 41548 ||| FLEEEEING.
 41549 | Vaults:3 | 41549 ||| FLEEEEING.
 41550 | Vaults:3 | 41550 ||| FLEEEEING.
 41551 | Vaults:3 | 41551 ||| FLEEEEING.
 41552 | Vaults:3 | 41552 ||| FLEEEEING.
 41553 | Vaults:3 | 41553 ||| FLEEEEING.
 41554 | Vaults:3 | 41554 ||| FLEEEEING.
 41556 | Vaults:3 | 41556 ||| FLEEEEING.
 41557 | Vaults:3 | 41557 ||| FLEEEEING.
 41806 | Vaults:3 | 41806 ||| INVOKING Heroism.
 41810 | Vaults:3 | Reached skill level 18 in Ranged Weapons
 41993 | Vaults:3 | 41993 ||| READING scroll of enchant armour.
 41993 | Vaults:3 | 41993 ||| ENCHANTING +1 pair of boots.
 42032 | Vaults:3 | 42032 ||| RETREEAATING.
 42035 | Vaults:3 | 42035 ||| STILL RETREEAATING.
 42036 | Vaults:3 | 42036 ||| STILL RETREEAATING.
 42095 | Vaults:3 | 42095 ||| RETREEAATING.
 42099 | Vaults:3 | 42099 ||| STILL RETREEAATING.
 42100 | Vaults:3 | 42100 ||| STILL RETREEAATING.
 42101 | Vaults:3 | 42101 ||| STILL RETREEAATING.
 42102 | Vaults:3 | 42102 ||| STILL RETREEAATING.
 42103 | Vaults:3 | 42103 ||| STILL RETREEAATING.
 42106 | Vaults:3 | 42106 ||| Stepping ~*~*~tactically~*~*~ (retreating).
 42107 | Vaults:3 | 42107 ||| Stepping ~*~*~tactically~*~*~ (retreating).
 42185 | Vaults:3 | 42185 ||| RETREEAATING.
 42186 | Vaults:3 | 42186 ||| STILL RETREEAATING.
 42187 | Vaults:3 | 42187 ||| STILL RETREEAATING.
 42190 | Vaults:3 | 42190 ||| Stepping ~*~*~tactically~*~*~ (retreating).
 42191 | Vaults:3 | 42191 ||| Stepping ~*~*~tactically~*~*~ (retreating).
 42192 | Vaults:3 | 42192 ||| Stepping ~*~*~tactically~*~*~ (retreating).
 42193 | Vaults:3 | 42193 ||| Stepping ~*~*~tactically~*~*~ (retreating).
 42194 | Vaults:3 | 42194 ||| Stepping ~*~*~tactically~*~*~ (retreating).
 42195 | Vaults:3 | 42195 ||| Stepping ~*~*~tactically~*~*~ (retreating).
 42199 | Vaults:3 | Received a gift from Okawaru
 42568 | Vaults:4 | 42568 ||| FLEEEEING.
 42578 | Vaults:4 | 42578 ||| FLEEEEING.
 42601 | Vaults:4 | 42601 ||| FLEEEEING.
 42602 | Vaults:4 | 42602 ||| FLEEEEING.
 42603 | Vaults:4 | 42603 ||| FLEEEEING.
 42604 | Vaults:4 | 42604 ||| FLEEEEING.
 42605 | Vaults:4 | 42605 ||| FLEEEEING.
 42606 | Vaults:4 | 42606 ||| FLEEEEING.
 42607 | Vaults:4 | 42607 ||| FLEEEEING.
 42608 | Vaults:4 | 42608 ||| FLEEEEING.
 42609 | Vaults:4 | 42609 ||| FLEEEEING.
 42610 | Vaults:4 | 42610 ||| FLEEEEING.
 42613 | Vaults:4 | 42613 ||| STAIRDANCE
 42658 | Vaults:4 | 42658 ||| STAIRDANCE
 42665 | Vaults:4 | 42665 ||| STAIRDANCE
 42782 | Vaults:4 | 42782 ||| READING scroll of acquirement.
 42782 | Vaults:4 | 42782 ||| 42782 ||| Offered amulet "Hippekidd" {Acrobat
                  | Harm Will+ Str-3}
 42782 | Vaults:4 | 42782 ||| 42782 ||| Offered staff of death
 42782 | Vaults:4 | 42782 ||| 42782 ||| Offered scarf "Jenwon" {rC+ rF+, rElec
                  | Regen+}
 42782 | Vaults:4 | 42782 ||| 42782 ||| Offered 396 gold pieces
 42782 | Vaults:4 | 42782 ||| ACQUIRING scarf "Jenwon" {rC+ rF+, rElec Regen+}
 42782 | Vaults:4 | Acquired the scarf "Jenwon" {rC+ rF+, rElec Regen+}
 42784 | Vaults:4 | 42784 ||| DROPPING scarf "Kygging" {harm, rPois rF+ Str+3
                  | Stlth-}.
 42953 | Vaults:4 | 42953 ||| FLEEEEING.
 42954 | Vaults:4 | 42954 ||| FLEEEEING.
 42955 | Vaults:4 | 42955 ||| FLEEEEING.
 42956 | Vaults:4 | 42956 ||| FLEEEEING.
 42957 | Vaults:4 | 42957 ||| FLEEEEING.
 42958 | Vaults:4 | 42958 ||| FLEEEEING.
 42959 | Vaults:4 | 42959 ||| FLEEEEING.
 42960 | Vaults:4 | 42960 ||| FLEEEEING.
 42961 | Vaults:4 | 42961 ||| FLEEEEING.
 42962 | Vaults:4 | 42962 ||| FLEEEEING.
 42963 | Vaults:4 | 42963 ||| FLEEEEING.
 42964 | Vaults:4 | 42964 ||| FLEEEEING.
 42965 | Vaults:4 | 42965 ||| FLEEEEING.
 42966 | Vaults:4 | 42966 ||| FLEEEEING.
 42967 | Vaults:4 | 42967 ||| FLEEEEING.
 42968 | Vaults:4 | 42968 ||| FLEEEEING.
 42973 | Vaults:4 | 42973 ||| RETREEAATING.
 42974 | Vaults:4 | 42974 ||| STILL RETREEAATING.
 42975 | Vaults:4 | 42975 ||| STILL RETREEAATING.
 42976 | Vaults:4 | 42976 ||| STILL RETREEAATING.
 42977 | Vaults:4 | 42977 ||| STILL RETREEAATING.
 42978 | Vaults:4 | 42978 ||| STILL RETREEAATING.
 42979 | Vaults:4 | 42979 ||| STILL RETREEAATING.
 42980 | Vaults:4 | 42980 ||| STILL RETREEAATING.
 42981 | Vaults:4 | 42981 ||| STILL RETREEAATING.
 42982 | Vaults:4 | 42982 ||| Stepping ~*~*~tactically~*~*~ (retreating).
 42983 | Vaults:4 | 42983 ||| Stepping ~*~*~tactically~*~*~ (retreating).
 42984 | Vaults:4 | 42984 ||| Stepping ~*~*~tactically~*~*~ (retreating).
 42987 | Vaults:4 | 42987 ||| Stepping ~*~*~tactically~*~*~ (retreating).
 42988 | Vaults:4 | 42988 ||| INVOKING Finesse.
 42989 | Vaults:4 | Noticed Donald
 43006 | Vaults:4 | Killed Donald
 43008 | Vaults:4 | Received a gift from Okawaru
 43016 | Vaults:4 | Noticed Mara
 43017 | Vaults:4 | 43017 ||| INVOKING Heroism.
 43020 | Vaults:4 | 43020 ||| INVOKING Finesse.
 43027 | Vaults:4 | Killed Mara
 43156 | Vaults:4 | Noticed Frederick
 43157 | Vaults:4 | 43157 ||| INVOKING Heroism.
 43158 | Vaults:4 | 43158 ||| INVOKING Finesse.
 43165 | Vaults:4 | Killed Frederick
 43269 | Vaults:4 | 43269 ||| FLEEEEING.
 43270 | Vaults:4 | 43270 ||| FLEEEEING.
 43282 | Vaults:4 | 43282 ||| FLEEEEING.
 43283 | Vaults:4 | 43283 ||| FLEEEEING.
 43284 | Vaults:4 | 43284 ||| FLEEEEING.
 43285 | Vaults:4 | 43285 ||| FLEEEEING.
 43286 | Vaults:4 | 43286 ||| FLEEEEING.
 43287 | Vaults:4 | 43287 ||| FLEEEEING.
 43290 | Vaults:4 | 43290 ||| FLEEEEING.
 43291 | Vaults:4 | 43291 ||| FLEEEEING.
 43292 | Vaults:4 | 43292 ||| FLEEEEING.
 43293 | Vaults:4 | 43293 ||| FLEEEEING.
 43294 | Vaults:4 | 43294 ||| FLEEEEING.
 43295 | Vaults:4 | 43295 ||| FLEEEEING.
 43296 | Vaults:4 | 43296 ||| FLEEEEING.
 43297 | Vaults:4 | 43297 ||| FLEEEEING.
 43298 | Vaults:4 | 43298 ||| FLEEEEING.
 43304 | Vaults:4 | 43304 ||| FLEEEEING.
 43305 | Vaults:4 | 43305 ||| FLEEEEING.
 43306 | Vaults:4 | 43306 ||| FLEEEEING.
 43307 | Vaults:4 | 43307 ||| FLEEEEING.
 43308 | Vaults:4 | 43308 ||| FLEEEEING.
 43309 | Vaults:4 | 43309 ||| FLEEEEING.
 43312 | Vaults:4 | 43312 ||| STAIRDANCE
 43370 | Vaults:3 | 43370 ||| UPGRADING to scarf "Jenwon" {rC+ rF+, rElec
                  | Regen+}.
 43380 | Vaults:3 | 43380 ||| DROPPING +1 cloak.
 43508 | Vaults:4 | 43508 ||| RETREEAATING.
 43560 | Vaults:4 | 43560 ||| ZAPPING wand of digging (3).
 43562 | Vaults:4 | 43562 ||| PLANNING VAULTS:1-4
 43571 | Vaults:4 | 43571 ||| INVOKING Heroism.
 43737 | Vaults:4 | 43737 ||| PLANNING VAULTS:1-4
 43817 | Vaults:4 | Noticed Jory
 43818 | Vaults:4 | 43818 ||| RETREEAATING.
 43819 | Vaults:4 | 43819 ||| STILL RETREEAATING.
 43828 | Vaults:4 | 43828 ||| RETREEAATING.
 43829 | Vaults:4 | 43829 ||| STILL RETREEAATING.
 43830 | Vaults:4 | 43830 ||| STILL RETREEAATING.
 43831 | Vaults:4 | 43831 ||| STILL RETREEAATING.
 43832 | Vaults:4 | 43832 ||| STILL RETREEAATING.
 43833 | Vaults:4 | 43833 ||| STILL RETREEAATING.
 43834 | Vaults:4 | 43834 ||| STILL RETREEAATING.
 43835 | Vaults:4 | 43835 ||| STILL RETREEAATING.
 43836 | Vaults:4 | 43836 ||| STILL RETREEAATING.
 43837 | Vaults:4 | 43837 ||| INVOKING Heroism.
 43845 | Vaults:4 | Killed Jory
 43909 | Vaults:4 | 43909 ||| INVOKING Heroism.
 44107 | Vaults:4 | Received a gift from Okawaru
 44267 | Vaults:4 | 44267 ||| PLANNING SPIDER:4
 44267 | Vaults:4 | 44267 ||| UPGRADING to +2 troll leather armour.
 44277 | Vaults:4 | 44277 ||| DROPPING +3 leather armour of willpower.
 44692 | Spider:4 | Entered Level 4 of the Spider Nest
 44697 | Spider:4 | Reached XP level 21. HP: 151/151 MP: 28/28
 44979 | Spider:4 | Noticed Arachne
 44985 | Spider:4 | Killed Arachne
 44985 | Spider:4 | Reached ****** piety under Okawaru
 44986 | Spider:4 | 44986 ||| INVOKING Receive Weapon.
 44986 | Spider:4 | 44986 ||| 44986 ||| Offered +1 heavy longbow with value
                  | 3230
 44986 | Spider:4 | 44986 ||| 44986 ||| Offered +5 antimagic longbow with value
                  | 3325
 44986 | Spider:4 | 44986 ||| 44986 ||| Offered +4 longbow of freezing with
                  | value 3295
 44986 | Spider:4 | 44986 ||| 44986 ||| Offered +7 longbow of Mens Rea {freeze,
                  | *Corrode rF- Dex+8} with value 3650
 44986 | Spider:4 | 44986 ||| ACQUIRING +7 longbow of Mens Rea {freeze,
                  | *Corrode rF- Dex+8}
 44986 | Spider:4 | Acquired the +7 longbow of Mens Rea {freeze, *Corrode rF-
                  | Dex+8}
 44986 | Spider:4 | Received a gift from Okawaru
 44987 | Spider:4 | 44987 ||| INVOKING Receive Armour.
 44987 | Spider:4 | 44987 ||| 44987 ||| Offered +6 plate armour of Greed {rElec
                  | rC+ Dex+2} with value difference nil
 44987 | Spider:4 | 44987 ||| 44987 ||| Offered +1 plate armour of Recklessness
                  | {rElec} with value difference nil
 44987 | Spider:4 | 44987 ||| 44987 ||| Offered +0 plate armour of Youthful
                  | Indiscretion {rC- rCorr Str+2 Stlth+} with value difference
                  | nil
 44987 | Spider:4 | 44987 ||| 44987 ||| Offered +1 plate armour "Herri"
                  | {Rampage rN+} with value difference nil
 44987 | Spider:4 | 44987 ||| GAVE UP ACQUIRING OKAWARU ARMOUR
 44987 | Spider:4 | Acquired the +6 plate armour of Greed {rElec rC+ Dex+2}
 44987 | Spider:4 | Received a gift from Okawaru
 44989 | Spider:4 | 44989 ||| SWAPPING to +7 longbow of Mens Rea {freeze,
                  | *Corrode rF- Dex+8}.
 45396 | Spider:4 | 45396 ||| RETREEAATING.
 45398 | Spider:4 | 45398 ||| Stepping ~*~*~tactically~*~*~ (retreating).
 45400 | Spider:4 | 45400 ||| Stepping ~*~*~tactically~*~*~ (retreating).
 45408 | Spider:4 | Received a gift from Okawaru
 45411 | Spider:4 | 45411 ||| RETREEAATING.
 45412 | Spider:4 | 45412 ||| STILL RETREEAATING.
 45418 | Spider:4 | 45418 ||| Stepping ~*~*~tactically~*~*~ (retreating).
 45496 | Spider:4 | 45496 ||| RETREEAATING.
 45497 | Spider:4 | 45497 ||| STILL RETREEAATING.
 45498 | Spider:4 | 45498 ||| Stepping ~*~*~tactically~*~*~ (retreating).
 45499 | Spider:4 | 45499 ||| Stepping ~*~*~tactically~*~*~ (retreating).
 45500 | Spider:4 | 45500 ||| Stepping ~*~*~tactically~*~*~ (retreating).
 45501 | Spider:4 | 45501 ||| Stepping ~*~*~tactically~*~*~ (retreating).
 45557 | Spider:4 | Reached skill level 18 in Dodging
 45565 | Spider:4 | 45565 ||| INVOKING Finesse.
 45726 | Spider:4 | Got a gossamer rune of Zot
 45778 | Spider:4 | 45778 ||| PLANNING DEPTHS
 45778 | Spider:4 | 45778 ||| DROPPING scarf of repulsion.
 45779 | Spider:4 | 45779 ||| DROPPING +1 pair of boots of stealth.
 45780 | Spider:4 | 45780 ||| DROPPING +0 pair of gloves of hurling.
 45781 | Spider:4 | 45781 ||| DROPPING ring of protection from fire.
 46157 | Depths:1 | Entered Level 1 of the Depths
 46160 | Depths:1 | 46160 ||| STAIRDANCE
 46373 | Depths:1 | Found a one-way gate to the infinite horrors of the Abyss.
 46433 | Depths:1 | Found a transporter.
 46469 | Depths:1 | Found a gateway to Hell.
 46479 | Depths:1 | Received a gift from Okawaru
 46492 | Depths:1 | 46492 ||| INVOKING Heroism.
 46493 | Depths:1 | 46493 ||| INVOKING Finesse.
 46619 | Depths:1 | Found a transporter.
 46723 | Depths:1 | Found a transporter.
 46770 | Depths:1 | 46770 ||| Stepping ~*~*~tactically~*~*~ (retreating).
 46795 | Depths:1 | Found a transporter.
 46976 | Depths:2 | Identified the +0 scale mail of Courage {rElec Str+4
                  | Slay-6}
 46992 | Depths:2 | 46992 ||| INVOKING Heroism.
 46993 | Depths:2 | 46993 ||| INVOKING Finesse.
 47077 | Depths:2 | 47077 ||| RETREEAATING.
 47078 | Depths:2 | 47078 ||| STILL RETREEAATING.
 47080 | Depths:2 | 47080 ||| Stepping ~*~*~tactically~*~*~ (retreating).
 47142 | Depths:2 | 47142 ||| INVOKING Heroism.
 47143 | Depths:2 | 47143 ||| INVOKING Finesse.
 47179 | Depths:2 | Found Kioxadat's Distillery.
 47185 | Depths:2 | 47185 ||| BUYING 2 potions of might (128 gold).
 47185 | Depths:2 | Bought 2 potions of might for 128 gold pieces
 47185 | Depths:2 | 47185 ||| BUYING potion of cancellation (128 gold).
 47185 | Depths:2 | Bought a potion of cancellation for 128 gold pieces
 47185 | Depths:2 | 47185 ||| BUYING potion of curing (48 gold).
 47185 | Depths:2 | Bought a potion of curing for 48 gold pieces
 47185 | Depths:2 | 47185 ||| BUYING potion of heal wounds (80 gold).
 47185 | Depths:2 | Bought a potion of heal wounds for 80 gold pieces
 47185 | Depths:2 | 47185 ||| BUYING potion of magic (128 gold).
 47185 | Depths:2 | Bought a potion of magic for 128 gold pieces
 47250 | Depths:2 | Identified the -1 hat of Useasuov {Contam rC+ Regen+ Dex+3}
 47359 | Depths:2 | 47359 ||| RETREEAATING.
 47360 | Depths:2 | 47360 ||| STILL RETREEAATING.
 47361 | Depths:2 | 47361 ||| STILL RETREEAATING.
 47362 | Depths:2 | 47362 ||| STILL RETREEAATING.
 47363 | Depths:2 | 47363 ||| STILL RETREEAATING.
 47364 | Depths:2 | 47364 ||| STILL RETREEAATING.
 47365 | Depths:2 | 47365 ||| STILL RETREEAATING.
 47367 | Depths:2 | 47367 ||| RETREEAATING.
 47368 | Depths:2 | 47368 ||| STILL RETREEAATING.
 47371 | Depths:2 | 47371 ||| INVOKING Finesse.
 47380 | Depths:2 | 47380 ||| RETREEAATING.
 47389 | Depths:2 | Received a gift from Okawaru
 47418 | Depths:2 | 47418 ||| INVOKING Heroism.
 47556 | Depths:2 | 47556 ||| RETREEAATING.
 47557 | Depths:2 | 47557 ||| Stepping ~*~*~tactically~*~*~ (retreating).
 47616 | Depths:2 | 47616 ||| RETREEAATING.
 47618 | Depths:2 | 47618 ||| RETREEAATING.
 47632 | Depths:2 | 47632 ||| Stepping ~*~*~tactically~*~*~ (retreating).
 47633 | Depths:2 | 47633 ||| Stepping ~*~*~tactically~*~*~ (retreating).
 47771 | Depths:2 | 47771 ||| Stepping ~*~*~tactically~*~*~ (retreating).
 47772 | Depths:2 | 47772 ||| Stepping ~*~*~tactically~*~*~ (retreating).
 47883 | Depths:2 | Found a one-way gate leading to the halls of Pandemonium.
 47884 | Depths:2 | 47884 ||| RETREEAATING.
 47885 | Depths:2 | 47885 ||| STILL RETREEAATING.
 47887 | Depths:2 | 47887 ||| FLEEEEING.
 47888 | Depths:2 | 47888 ||| FLEEEEING.
 47889 | Depths:2 | 47889 ||| FLEEEEING.
 47890 | Depths:2 | 47890 ||| INVOKING Heroism.
 47892 | Depths:2 | 47892 ||| Stepping ~*~*~tactically~*~*~ (retreating).
 47899 | Depths:2 | 47899 ||| Stepping ~*~*~tactically~*~*~ (retreating).
 47900 | Depths:2 | 47900 ||| Stepping ~*~*~tactically~*~*~ (retreating).
 47944 | Depths:2 | 47944 ||| INVOKING Finesse.
 48037 | Depths:2 | 48037 ||| UPGRADING to -1 hat of Useasuov {Contam rC+
                  | Regen+ Dex+3}.
 48047 | Depths:2 | 48047 ||| DROPPING +2 helmet.
 48104 | Depths:3 | Found a transporter.
 48105 | Depths:3 | Found a radiant altar of Vehumet.
 48142 | Depths:3 | Received a gift from Okawaru
 48189 | Depths:3 | 48189 ||| INVOKING Heroism.
 48190 | Depths:3 | 48190 ||| INVOKING Finesse.
 48201 | Depths:3 | Reached XP level 22. HP: 156/156 MP: 22/29
 48286 | Depths:3 | 48286 ||| RETREEAATING.
 48287 | Depths:3 | 48287 ||| STILL RETREEAATING.
 48453 | Depths:3 | Found Wieph's Book Emporium.
 48453 | Depths:3 | Found Awkux's Jewellery Shop.
 48454 | Depths:3 | Found Suasmy's Book Emporium.
 48582 | Depths:3 | 48582 ||| INVOKING Finesse.
 48597 | Depths:3 | 48597 ||| RETREEAATING.
 48664 | Depths:3 | Found Mollubie's Armour Shoppe.
 48686 | Depths:3 | 48686 ||| BUYING +1 leather armour of fire resistance (308
                  | gold).
 48686 | Depths:3 | Bought a +1 leather armour of fire resistance for 308 gold
                  | pieces
 48904 | Depths:3 | 48904 ||| DROPPING +0 ring mail of fire resistance.
 48906 | Depths:3 | Noticed a golden dragon
 48910 | Depths:3 | 48910 ||| Stepping ~*~*~tactically~*~*~ (retreating).
 48911 | Depths:3 | 48911 ||| RETREEAATING.
 48912 | Depths:3 | 48912 ||| STILL RETREEAATING.
 48913 | Depths:3 | 48913 ||| STILL RETREEAATING.
 48915 | Depths:3 | 48915 ||| INVOKING Heroism.
 48923 | Depths:3 | Killed a golden dragon
 48970 | Depths:4 | Entered Level 4 of the Depths
 48992 | Depths:4 | 48992 ||| INVOKING Heroism.
 48996 | Depths:4 | 48996 ||| RETREEAATING.
 49029 | Depths:4 | Found a gate to the Realm of Zot.
 49029 | Depths:4 | Noticed a golden dragon
 49030 | Depths:4 | 49030 ||| RETREEAATING.
 49031 | Depths:4 | 49031 ||| STILL RETREEAATING.
 49032 | Depths:4 | 49032 ||| STILL RETREEAATING.
 49033 | Depths:4 | 49033 ||| STILL RETREEAATING.
 49034 | Depths:4 | 49034 ||| STILL RETREEAATING.
 49035 | Depths:4 | 49035 ||| STILL RETREEAATING.
 49037 | Depths:4 | 49037 ||| STILL RETREEAATING.
 49038 | Depths:4 | 49038 ||| INVOKING Heroism.
 49040 | Depths:4 | 49040 ||| Stepping ~*~*~tactically~*~*~ (retreating).
 49041 | Depths:4 | 49041 ||| Stepping ~*~*~tactically~*~*~ (retreating).
 49042 | Depths:4 | 49042 ||| Stepping ~*~*~tactically~*~*~ (retreating).
 49043 | Depths:4 | 49043 ||| Stepping ~*~*~tactically~*~*~ (retreating).
 49054 | Depths:4 | 49054 ||| Stepping ~*~*~tactically~*~*~ (retreating).
 49055 | Depths:4 | 49055 ||| Stepping ~*~*~tactically~*~*~ (retreating).
 49058 | Depths:4 | 49058 ||| INVOKING Heroism.
 49061 | Depths:4 | Killed a golden dragon
 49102 | Depths:4 | 49102 ||| INVOKING Heroism.
 49148 | Depths:4 | 49148 ||| FLEEEEING.
 49149 | Depths:4 | 49149 ||| FLEEEEING.
 49207 | Depths:4 | Noticed a golden dragon
 49208 | Depths:4 | 49208 ||| INVOKING Heroism.
 49212 | Depths:4 | Killed a golden dragon
 49255 | Depths:4 | 49255 ||| RETREEAATING.
 49266 | Depths:4 | Noticed a caustic shrike
 49267 | Depths:4 | 49267 ||| INVOKING Heroism.
 49268 | Depths:4 | 49268 ||| INVOKING Finesse.
 49270 | Depths:4 | 49270 ||| RETREEAATING.
 49270 | Depths:4 | Noticed a caustic shrike
 49272 | Depths:4 | Noticed a caustic shrike
 49273 | Depths:4 | Noticed a caustic shrike
 49274 | Depths:4 | 49274 ||| Stepping ~*~*~tactically~*~*~ (retreating).
 49276 | Depths:4 | Killed a caustic shrike
 49277 | Depths:4 | Reached skill level 23 in Fighting
 49280 | Depths:4 | 49280 ||| STILL RETREEAATING.
 49281 | Depths:4 | 49281 ||| Stepping ~*~*~tactically~*~*~ (retreating).
 49282 | Depths:4 | 49282 ||| Stepping ~*~*~tactically~*~*~ (retreating).
 49283 | Depths:4 | 49283 ||| Stepping ~*~*~tactically~*~*~ (retreating).
 49284 | Depths:4 | 49284 ||| Stepping ~*~*~tactically~*~*~ (retreating).
 49285 | Depths:4 | 49285 ||| Stepping ~*~*~tactically~*~*~ (retreating).
 49286 | Depths:4 | 49286 ||| Stepping ~*~*~tactically~*~*~ (retreating).
 49294 | Depths:4 | Killed a caustic shrike
 49300 | Depths:4 | Killed a caustic shrike
 49306 | Depths:4 | Killed a caustic shrike
 49308 | Depths:4 | Paralysed by something for 5 turns
 49359 | Depths:4 | 49359 ||| INVOKING Heroism.
 49360 | Depths:4 | 49360 ||| INVOKING Finesse.
 49413 | Depths:4 | 49413 ||| RETREEAATING.
 49414 | Depths:4 | 49414 ||| STILL RETREEAATING.
 49415 | Depths:4 | 49415 ||| STILL RETREEAATING.
 49416 | Depths:4 | 49416 ||| Stepping ~*~*~tactically~*~*~ (retreating).
 49417 | Depths:4 | 49417 ||| Stepping ~*~*~tactically~*~*~ (retreating).
 49418 | Depths:4 | 49418 ||| Stepping ~*~*~tactically~*~*~ (retreating).
 49419 | Depths:4 | 49419 ||| Stepping ~*~*~tactically~*~*~ (retreating).
 49420 | Depths:4 | 49420 ||| Stepping ~*~*~tactically~*~*~ (retreating).
 49585 | Depths:4 | Found a one-way gateway to a ziggurat.
 49711 | Depths:4 | 49711 ||| PLANNING VAULTS:5
 49941 | Vaults:5 | Entered Level 5 of the Vaults
 49942 | Vaults:5 | 49942 ||| RETREEAATING.
 49943 | Vaults:5 | 49943 ||| Stepping ~*~*~tactically~*~*~ (retreating).
 49946 | Vaults:5 | 49946 ||| INVOKING Heroism.
 49947 | Vaults:5 | 49947 ||| INVOKING Finesse.
 50015 | Vaults:5 | 50015 ||| Stepping ~*~*~tactically~*~*~ (retreating).
 50016 | Vaults:5 | 50016 ||| Stepping ~*~*~tactically~*~*~ (retreating).
 50021 | Vaults:5 | 50021 ||| Stepping ~*~*~tactically~*~*~ (retreating).
 50028 | Vaults:5 | 50028 ||| Stepping ~*~*~tactically~*~*~ (retreating).
 50068 | Vaults:5 | 50068 ||| INVOKING Heroism.
 50069 | Vaults:5 | 50069 ||| INVOKING Finesse.
 50090 | Vaults:5 | Noticed a golden dragon
 50092 | Vaults:5 | 50092 ||| RETREEAATING.
 50096 | Vaults:5 | 50096 ||| STILL RETREEAATING.
 50101 | Vaults:5 | 50101 ||| RETREEAATING.
 50102 | Vaults:5 | 50102 ||| STILL RETREEAATING.
 50103 | Vaults:5 | 50103 ||| STILL RETREEAATING.
 50104 | Vaults:5 | 50104 ||| STILL RETREEAATING.
 50105 | Vaults:5 | Killed a golden dragon
 50114 | Vaults:5 | Reached skill level 21 in Dodging
 50158 | Vaults:5 | 50158 ||| INVOKING Heroism.
 50167 | Vaults:5 | Reached XP level 23. HP: 165/165 MP: 28/30
 50207 | Vaults:5 | Received a gift from Okawaru
 50220 | Vaults:5 | 50220 ||| INVOKING Heroism.
 50254 | Vaults:5 | 50254 ||| INVOKING Finesse.
 50262 | Vaults:5 | Noticed a golden dragon
 50263 | Vaults:5 | 50263 ||| RETREEAATING.
 50269 | Vaults:5 | Killed a golden dragon
 50326 | Vaults:5 | Identified the +1 glaive of the Boar {speed, Will- Int+5}
 50355 | Vaults:5 | 50355 ||| INVOKING Heroism.
 50364 | Vaults:5 | 50364 ||| INVOKING Finesse.
 50385 | Vaults:5 | Reached skill level 24 in Fighting
 50387 | Vaults:5 | 50387 ||| RETREEAATING.
 50388 | Vaults:5 | 50388 ||| STILL RETREEAATING.
 50389 | Vaults:5 | 50389 ||| STILL RETREEAATING.
 50406 | Vaults:5 | 50406 ||| STILL RETREEAATING.
 50407 | Vaults:5 | 50407 ||| STILL RETREEAATING.
 50408 | Vaults:5 | 50408 ||| RETREEAATING.
 50409 | Vaults:5 | 50409 ||| STILL RETREEAATING.
 50410 | Vaults:5 | 50410 ||| Stepping ~*~*~tactically~*~*~ (retreating).
 50411 | Vaults:5 | 50411 ||| Stepping ~*~*~tactically~*~*~ (retreating).
 50412 | Vaults:5 | 50412 ||| STILL RETREEAATING.
 50413 | Vaults:5 | 50413 ||| Stepping ~*~*~tactically~*~*~ (retreating).
 50414 | Vaults:5 | 50414 ||| Stepping ~*~*~tactically~*~*~ (retreating).
 50415 | Vaults:5 | 50415 ||| Stepping ~*~*~tactically~*~*~ (retreating).
 50416 | Vaults:5 | 50416 ||| Stepping ~*~*~tactically~*~*~ (retreating).
 50417 | Vaults:5 | 50417 ||| Stepping ~*~*~tactically~*~*~ (retreating).
 50418 | Vaults:5 | 50418 ||| Stepping ~*~*~tactically~*~*~ (retreating).
 50419 | Vaults:5 | 50419 ||| Stepping ~*~*~tactically~*~*~ (retreating).
 50420 | Vaults:5 | 50420 ||| Stepping ~*~*~tactically~*~*~ (retreating).
 50422 | Vaults:5 | 50422 ||| STILL RETREEAATING.
 50423 | Vaults:5 | 50423 ||| Stepping ~*~*~tactically~*~*~ (retreating).
 50426 | Vaults:5 | 50426 ||| Stepping ~*~*~tactically~*~*~ (retreating).
 50427 | Vaults:5 | 50427 ||| DRINKING 3 potions of resistance.
 50428 | Vaults:5 | 50428 ||| Stepping ~*~*~tactically~*~*~ (retreating).
 50429 | Vaults:5 | 50429 ||| Stepping ~*~*~tactically~*~*~ (retreating).
 50430 | Vaults:5 | 50430 ||| Stepping ~*~*~tactically~*~*~ (retreating).
 50431 | Vaults:5 | 50431 ||| INVOKING Heroism.
 50432 | Vaults:5 | 50432 ||| INVOKING Finesse.
 50436 | Vaults:5 | 50436 ||| Stepping ~*~*~tactically~*~*~ (retreating).
 50437 | Vaults:5 | 50437 ||| Stepping ~*~*~tactically~*~*~ (retreating).
 50438 | Vaults:5 | 50438 ||| Stepping ~*~*~tactically~*~*~ (retreating).
 50445 | Vaults:5 | Received a gift from Okawaru
 50446 | Vaults:5 | 50446 ||| STILL RETREEAATING.
 50447 | Vaults:5 | 50447 ||| Stepping ~*~*~tactically~*~*~ (retreating).
 50464 | Vaults:5 | 50464 ||| Stepping ~*~*~tactically~*~*~ (retreating).
 50465 | Vaults:5 | 50465 ||| Stepping ~*~*~tactically~*~*~ (retreating).
 50474 | Vaults:5 | 50474 ||| Stepping ~*~*~tactically~*~*~ (retreating).
 50475 | Vaults:5 | 50475 ||| Stepping ~*~*~tactically~*~*~ (retreating).
 50487 | Vaults:5 | 50487 ||| Stepping ~*~*~tactically~*~*~ (retreating).
 50542 | Vaults:5 | Identified the ring of Jealousy {rC+ Str+3}
 50546 | Vaults:5 | Got a silver rune of Zot
 50594 | Vaults:5 | 50594 ||| INVOKING Heroism.
 50597 | Vaults:5 | 50597 ||| RETREEAATING.
 50629 | Vaults:5 | Identified the +11 long sword "Ojiankom" {heavy, Int+4}
 50688 | Vaults:5 | Received a gift from Okawaru
 50714 | Vaults:5 | 50714 ||| RETREEAATING.
 50715 | Vaults:5 | 50715 ||| STILL RETREEAATING.
 50716 | Vaults:5 | 50716 ||| RETREEAATING.
 50717 | Vaults:5 | 50717 ||| Stepping ~*~*~tactically~*~*~ (retreating).
 50754 | Vaults:5 | 50754 ||| RETREEAATING.
 50755 | Vaults:5 | 50755 ||| STILL RETREEAATING.
 50756 | Vaults:5 | 50756 ||| STILL RETREEAATING.
 50757 | Vaults:5 | 50757 ||| STILL RETREEAATING.
 50758 | Vaults:5 | 50758 ||| Stepping ~*~*~tactically~*~*~ (retreating).
 50759 | Vaults:5 | 50759 ||| Stepping ~*~*~tactically~*~*~ (retreating).
 50760 | Vaults:5 | 50760 ||| Stepping ~*~*~tactically~*~*~ (retreating).
 50761 | Vaults:5 | 50761 ||| Stepping ~*~*~tactically~*~*~ (retreating).
 50762 | Vaults:5 | 50762 ||| Stepping ~*~*~tactically~*~*~ (retreating).
 50763 | Vaults:5 | 50763 ||| Stepping ~*~*~tactically~*~*~ (retreating).
 50764 | Vaults:5 | 50764 ||| Stepping ~*~*~tactically~*~*~ (retreating).
 50765 | Vaults:5 | 50765 ||| Stepping ~*~*~tactically~*~*~ (retreating).
 50777 | Vaults:5 | 50777 ||| DRINKING potion of experience.
 50777 | Vaults:5 | Reached XP level 24. HP: 173/173 MP: 30/30
 50805 | Vaults:5 | Identified the +7 plate armour "Bitygu" {Rampage rPois
                  | Regen+}
 50990 | Vaults:5 | 50990 ||| READING scroll of acquirement.
 50990 | Vaults:5 | 50990 ||| 50990 ||| Offered +0 plate armour of Vaovex {rF+
                  | Str+2 Int+2}
 50990 | Vaults:5 | 50990 ||| 50990 ||| Offered amulet of Sacac {Spirit Rampage
                  | +Inv Int+3}
 50990 | Vaults:5 | 50990 ||| 50990 ||| Offered +2 antimagic arbalest
 50990 | Vaults:5 | 50990 ||| 50990 ||| Offered 675 gold pieces
 50990 | Vaults:5 | 50990 ||| ACQUIRING 675 gold pieces
 50990 | Vaults:5 | Acquired 675 gold pieces
 51089 | Vaults:5 | 51089 ||| INVOKING Heroism.
 51142 | Vaults:5 | Identified the +0 leather armour of the Abyss {rPois Int+4}
 51325 | Vaults:5 | 51325 ||| PLANNING SHOPPING SPREE
 51325 | Vaults:5 | 51325 ||| DROPPING +1 leather armour of fire resistance.
 51326 | Vaults:5 | 51326 ||| DROPPING +0 leather armour of the Abyss {rPois
                  | Int+4}.
 51327 | Vaults:5 | 51327 ||| DROPPING +0 leather armour of positive energy.
 51328 | Vaults:5 | 51328 ||| DROPPING ring of Jealousy {rC+ Str+3}.
 51329 | Vaults:5 | 51329 ||| PLANNING ZOT:1-4
 51357 | Vaults:5 | 51357 ||| SWAPPING to +1 triple crossbow of draining.
 51597 | Zot:1    | Entered Level 1 of the Realm of Zot
 51606 | Zot:1    | 51606 ||| INVOKING Heroism.
 51610 | Zot:1    | Reached skill level 21 in Ranged Weapons
 51663 | Zot:1    | 51663 ||| RETREEAATING.
 51669 | Zot:1    | 51669 ||| RETREEAATING.
 51670 | Zot:1    | 51670 ||| STILL RETREEAATING.
 51671 | Zot:1    | 51671 ||| Stepping ~*~*~tactically~*~*~ (retreating).
 51672 | Zot:1    | 51672 ||| Stepping ~*~*~tactically~*~*~ (retreating).
 51673 | Zot:1    | 51673 ||| Stepping ~*~*~tactically~*~*~ (retreating).
 51675 | Zot:1    | 51675 ||| Stepping ~*~*~tactically~*~*~ (retreating).
 51689 | Zot:1    | 51689 ||| INVOKING Heroism.
 51691 | Zot:1    | 51691 ||| Stepping ~*~*~tactically~*~*~ (retreating).
 51692 | Zot:1    | 51692 ||| Stepping ~*~*~tactically~*~*~ (retreating).
 51693 | Zot:1    | 51693 ||| Stepping ~*~*~tactically~*~*~ (retreating).
 51694 | Zot:1    | 51694 ||| Stepping ~*~*~tactically~*~*~ (retreating).
 52247 | Zot:1    | 52247 ||| INVOKING Heroism.
 52249 | Zot:1    | 52249 ||| RETREEAATING.
 52540 | Zot:2    | Noticed an orb of fire
 52541 | Zot:2    | 52541 ||| DRINKING 2 potions of resistance.
 52541 | Zot:2    | Gained mutation: You sometimes lose your temper in combat.
                  | [an orb of fire]
 52542 | Zot:2    | 52542 ||| RETREEAATING.
 52543 | Zot:2    | 52543 ||| STILL RETREEAATING.
 52544 | Zot:2    | 52544 ||| DRINKING potion of resistance.
 52545 | Zot:2    | 52545 ||| Stepping ~*~*~tactically~*~*~ (retreating).
 52546 | Zot:2    | 52546 ||| Stepping ~*~*~tactically~*~*~ (retreating).
 52547 | Zot:2    | 52547 ||| Stepping ~*~*~tactically~*~*~ (retreating).
 52548 | Zot:2    | 52548 ||| Stepping ~*~*~tactically~*~*~ (retreating).
 52549 | Zot:2    | 52549 ||| INVOKING Heroism.
 52550 | Zot:2    | 52550 ||| INVOKING Finesse.
 52553 | Zot:2    | Gained mutation: Your body sometimes deteriorates upon
                  | taking damage. [an orb of fire]
 52554 | Zot:2    | Killed an orb of fire
 52559 | Zot:2    | 52559 ||| Stepping ~*~*~tactically~*~*~ (retreating).
 52566 | Zot:2    | 52566 ||| Stepping ~*~*~tactically~*~*~ (retreating).
 52567 | Zot:2    | 52567 ||| Stepping ~*~*~tactically~*~*~ (retreating).
 52568 | Zot:2    | 52568 ||| Stepping ~*~*~tactically~*~*~ (retreating).
 52569 | Zot:2    | 52569 ||| Stepping ~*~*~tactically~*~*~ (retreating).
 52572 | Zot:2    | 52572 ||| Stepping ~*~*~tactically~*~*~ (retreating).
 52573 | Zot:2    | 52573 ||| Stepping ~*~*~tactically~*~*~ (retreating).
 52574 | Zot:2    | 52574 ||| Stepping ~*~*~tactically~*~*~ (retreating).
 52575 | Zot:2    | 52575 ||| Stepping ~*~*~tactically~*~*~ (retreating).
 52576 | Zot:2    | 52576 ||| Stepping ~*~*~tactically~*~*~ (retreating).
 52732 | Zot:2    | 52732 ||| DRINKING 10 potions of mutation.
 52732 | Zot:2    | Lost mutation: You are dopey. (Int -2) [potion of mutation]
 52732 | Zot:2    | Lost mutation: You sometimes lose your temper in combat.
                  | [potion of mutation]
 52732 | Zot:2    | Lost mutation: Your body sometimes deteriorates upon taking
                  | damage. [potion of mutation]
 52732 | Zot:2    | Gained mutation: Armour fits poorly on your strangely
                  | shaped body. [potion of mutation]
 52732 | Zot:2    | Gained mutation: You sometimes lose your temper in combat.
                  | [potion of mutation]
 52732 | Zot:2    | Lost mutation: You sometimes lose your temper in combat.
                  | [potion of mutation]
 52838 | Zot:2    | 52838 ||| INVOKING Heroism.
 52846 | Zot:2    | 52846 ||| Stepping ~*~*~tactically~*~*~ (retreating).
 52847 | Zot:2    | 52847 ||| Stepping ~*~*~tactically~*~*~ (retreating).
 52856 | Zot:2    | 52856 ||| Stepping ~*~*~tactically~*~*~ (retreating).
 52857 | Zot:2    | 52857 ||| STAIRDANCE
 52864 | Zot:2    | 52864 ||| STAIRDANCE
 52875 | Zot:2    | 52875 ||| STAIRDANCE
 53003 | Zot:2    | 53003 ||| INVOKING Heroism.
 53031 | Zot:2    | Identified the +0 pair of boots of Liberty {rF+}
 53091 | Zot:2    | Reached XP level 25. HP: 180/180 MP: 30/30
 53235 | Zot:2    | 53235 ||| Stepping ~*~*~tactically~*~*~ (retreating).
 53273 | Zot:2    | 53273 ||| RETREEAATING.
 53274 | Zot:2    | 53274 ||| STILL RETREEAATING.
 53275 | Zot:2    | 53275 ||| STILL RETREEAATING.
 53276 | Zot:2    | 53276 ||| STILL RETREEAATING.
 53277 | Zot:2    | 53277 ||| STILL RETREEAATING.
 53278 | Zot:2    | 53278 ||| STILL RETREEAATING.
 53279 | Zot:2    | 53279 ||| STILL RETREEAATING.
 53280 | Zot:2    | 53280 ||| STILL RETREEAATING.
 53281 | Zot:2    | 53281 ||| STILL RETREEAATING.
 53306 | Zot:2    | Received a gift from Okawaru
 53465 | Zot:2    | Noticed an ancient lich
 53476 | Zot:2    | Reached skill level 25 in Fighting
 53516 | Zot:2    | 53516 ||| Stepping ~*~*~tactically~*~*~ (retreating).
 53521 | Zot:2    | 53521 ||| Stepping ~*~*~tactically~*~*~ (retreating).
 53558 | Zot:2    | 53558 ||| INVOKING Heroism.
 53561 | Zot:2    | 53561 ||| RETREEAATING.
 53568 | Zot:2    | 53568 ||| INVOKING Finesse.
 53572 | Zot:2    | Killed an ancient lich
 53620 | Zot:2    | Found a stormy altar of Qazlal.
 53622 | Zot:2    | Found the +11 plutonium sword {Contam Stlth-}
 53644 | Zot:2    | 53644 ||| UPGRADING to +0 pair of boots of Liberty {rF+}.
 53654 | Zot:2    | 53654 ||| DROPPING +4 ring of slaying {mikee}.
 53661 | Zot:3    | 53661 ||| INVOKING Heroism.
 53915 | Zot:3    | 53915 ||| INVOKING Heroism.
 53958 | Zot:3    | 53958 ||| INVOKING Heroism.
 54072 | Zot:3    | Reached skill level 26 in Fighting
 54185 | Zot:3    | Received a gift from Okawaru
 54548 | Zot:3    | 54548 ||| DROPPING amulet of regeneration.
 54583 | Zot:4    | 54583 ||| INVOKING Heroism.
 54687 | Zot:4    | 54687 ||| INVOKING Heroism.
 54752 | Zot:4    | 54752 ||| INVOKING Heroism.
 54755 | Zot:4    | 54755 ||| RETREEAATING.
 54794 | Zot:4    | 54794 ||| Stepping randomly (disturbance).
 54915 | Zot:4    | 54915 ||| FLEEEEING.
 54916 | Zot:4    | 54916 ||| FLEEEEING.
 54918 | Zot:4    | 54918 ||| FLEEEEING.
 54919 | Zot:4    | 54919 ||| FLEEEEING.
 55004 | Zot:4    | 55004 ||| Stepping ~*~*~tactically~*~*~ (retreating).
 55009 | Zot:4    | 55009 ||| Stepping ~*~*~tactically~*~*~ (retreating).
 55010 | Zot:4    | 55010 ||| Stepping ~*~*~tactically~*~*~ (retreating).
 55011 | Zot:4    | 55011 ||| Stepping ~*~*~tactically~*~*~ (retreating).
 55012 | Zot:4    | 55012 ||| Stepping ~*~*~tactically~*~*~ (retreating).
 55013 | Zot:4    | 55013 ||| Stepping ~*~*~tactically~*~*~ (retreating).
 55014 | Zot:4    | 55014 ||| Stepping ~*~*~tactically~*~*~ (retreating).
 55028 | Zot:4    | 55028 ||| Stepping ~*~*~tactically~*~*~ (retreating).
 55049 | Zot:4    | 55049 ||| INVOKING Heroism.
 55168 | Zot:4    | 55168 ||| INVOKING Heroism.
 55218 | Zot:4    | 55218 ||| INVOKING Heroism.
 55265 | Zot:4    | 55265 ||| FLEEEEING.
 55266 | Zot:4    | 55266 ||| FLEEEEING.
 55267 | Zot:4    | 55267 ||| FLEEEEING.
 55284 | Zot:4    | 55284 ||| FLEEEEING.
 55305 | Zot:4    | 55305 ||| FLEEEEING.
 55306 | Zot:4    | 55306 ||| FLEEEEING.
 55307 | Zot:4    | 55307 ||| FLEEEEING.
 55804 | Zot:4    | 55804 ||| INVOKING Heroism.
 55863 | Zot:4    | 55863 ||| PLANNING ORB
 55863 | Zot:4    | 55863 ||| DROPPING amulet of magic regeneration.
 55864 | Zot:4    | 55864 ||| READING scroll labelled DUTIXI VYTOEXT.
 55919 | Zot:5    | Entered Level 5 of the Realm of Zot
 55961 | Zot:5    | 55961 ||| Stepping randomly (disturbance).
 55962 | Zot:5    | 55962 ||| Stepping randomly (disturbance).
 56210 | Zot:5    | 56210 ||| INVOKING Heroism.
 56211 | Zot:5    | 56211 ||| RETREEAATING.
 56216 | Zot:5    | Received a gift from Okawaru
 56217 | Zot:5    | Reached skill level 27 in Fighting
 56241 | Zot:5    | Reached XP level 26. HP: 193/193 MP: 31/31
 56463 | Zot:5    | 56463 ||| INVOKING Heroism.
 56512 | Zot:5    | Identified the +8 trident of Ettieh {freeze, *Slow rF++ rC+
                  | Dex+3}
 56537 | Zot:5    | Noticed an orb of fire
 56537 | Zot:5    | 56537 ||| INVOKING Heroism.
 56538 | Zot:5    | 56538 ||| INVOKING Finesse.
 56571 | Zot:5    | Noticed a dread lich
 56574 | Zot:5    | Killed a dread lich
 56580 | Zot:5    | 56580 ||| INVOKING Heroism.
 56629 | Zot:5    | 56629 ||| INVOKING Heroism.
 56634 | Zot:5    | 56634 ||| Stepping ~*~*~tactically~*~*~ (retreating).
 56634 | Zot:5    | Noticed a Killer Klown
 56635 | Zot:5    | 56635 ||| Stepping ~*~*~tactically~*~*~ (retreating).
 56636 | Zot:5    | 56636 ||| Stepping ~*~*~tactically~*~*~ (retreating).
 56640 | Zot:5    | 56640 ||| INVOKING Finesse.
 56654 | Zot:5    | 56654 ||| RETREEAATING.
 56658 | Zot:5    | Received a gift from Okawaru
 56662 | Zot:5    | Killed a Killer Klown
 56664 | Zot:5    | Noticed a Killer Klown
 56667 | Zot:5    | Killed a Killer Klown
 56668 | Zot:5    | Reached skill level 15 in Armour
 56673 | Zot:5    | Noticed an orb of fire
 56674 | Zot:5    | 56674 ||| INVOKING Heroism.
 56679 | Zot:5    | Gained mutation: Your spells are a little easier to cast,
                  | but a little less powerful. [an orb of fire]
 56682 | Zot:5    | Gained mutation: You sometimes lose your temper in combat.
                  | [an orb of fire]
 56683 | Zot:5    | Killed an orb of fire
 56688 | Zot:5    | 56688 ||| DRINKING 9 potions of mutation.
 56688 | Zot:5    | Lost mutation: You sometimes lose your temper in combat.
                  | [potion of mutation]
 56688 | Zot:5    | Lost mutation: Armour fits poorly on your strangely shaped
                  | body. [potion of mutation]
 56688 | Zot:5    | Gained mutation: You are dopey. (Int -2) [potion of
                  | mutation]
 56688 | Zot:5    | Gained mutation: Armour fits poorly on your strangely
                  | shaped body. [potion of mutation]
 56688 | Zot:5    | Gained mutation: You are agile. (Dex +4, Str/Int -1)
                  | [potion of mutation]
 56688 | Zot:5    | Gained mutation: You expend magic power (3 MP) to
                  | strengthen your wands. [potion of mutation]
 56738 | Zot:5    | 56738 ||| RETREEAATING.
 56739 | Zot:5    | 56739 ||| STILL RETREEAATING.
 56740 | Zot:5    | 56740 ||| STILL RETREEAATING.
 56751 | Zot:5    | 56751 ||| INVOKING Heroism.
 56777 | Zot:5    | 56777 ||| RETREEAATING.
 56778 | Zot:5    | 56778 ||| STILL RETREEAATING.
 56779 | Zot:5    | 56779 ||| STILL RETREEAATING.
 56780 | Zot:5    | 56780 ||| STILL RETREEAATING.
 56781 | Zot:5    | 56781 ||| STILL RETREEAATING.
 56782 | Zot:5    | 56782 ||| STILL RETREEAATING.
 56783 | Zot:5    | 56783 ||| STILL RETREEAATING.
 56785 | Zot:5    | Noticed a Killer Klown
 56786 | Zot:5    | 56786 ||| INVOKING Finesse.
 56791 | Zot:5    | 56791 ||| INVOKING Heroism.
 56798 | Zot:5    | Killed a Killer Klown
 56825 | Zot:5    | 56825 ||| INVOKING Heroism.
 56825 | Zot:5    | Gained mutation: You occasionally shout uncontrollably at
                  | your foes. [an orb of fire]
 56827 | Zot:5    | Gained mutation: Your spells are easier to cast, but less
                  | powerful. [an orb of fire]
 56831 | Zot:5    | Gained mutation: You do not regenerate when monsters are
                  | visible. [an orb of fire]
 56838 | Zot:5    | Killed an orb of fire
 56847 | Zot:5    | 56847 ||| DRINKING 8 potions of mutation.
 56847 | Zot:5    | Lost mutation: You are agile. (Dex +4, Str/Int -1) [potion
                  | of mutation]
 56847 | Zot:5    | Lost mutation: You do not regenerate when monsters are
                  | visible. [potion of mutation]
 56847 | Zot:5    | Gained mutation: Your body sometimes deteriorates upon
                  | taking damage. [potion of mutation]
 56847 | Zot:5    | Gained mutation: You have very sharp teeth. [potion of
                  | mutation]
 56847 | Zot:5    | Gained mutation: You have large cloven feet. [potion of
                  | mutation]
 56886 | Zot:5    | 56886 ||| INVOKING Heroism.
 56927 | Zot:5    | Got the Orb of Zot
 56928 | Zot:5    | 56928 ||| PLANNING ESCAPE
 56928 | Zot:5    | 56928 ||| SWAPPING to +7 longbow of Mens Rea {freeze,
                  | *Corrode rF- Dex+8}.
 56929 | Zot:5    | 56929 ||| UPGRADING to +2 pair of boots.
 56940 | Zot:5    | 56940 ||| DRINKING 8 potions of haste.
 56941 | Zot:5    | 56941 ||| Stepping ~*~*~tactically~*~*~ (retreating).
 56949 | Zot:5    | 56949 ||| INVOKING Heroism.
 57010 | Zot:5    | Noticed a Killer Klown
 57011 | Zot:5    | 57011 ||| DRINKING 7 potions of haste.
 57015 | Zot:5    | 57015 ||| INVOKING Finesse.
 57015 | Zot:5    | Noticed a Killer Klown
 57016 | Zot:5    | 57016 ||| RETREEAATING.
 57017 | Zot:5    | 57017 ||| STILL RETREEAATING.
 57018 | Zot:5    | 57018 ||| STILL RETREEAATING.
 57019 | Zot:5    | 57019 ||| STILL RETREEAATING.
 57021 | Zot:5    | 57021 ||| STILL RETREEAATING.
 57022 | Zot:5    | 57022 ||| STILL RETREEAATING.
 57023 | Zot:5    | 57023 ||| STILL RETREEAATING.
 57025 | Zot:5    | 57025 ||| STILL RETREEAATING.
 57026 | Zot:5    | 57026 ||| STILL RETREEAATING.
 57030 | Zot:5    | 57030 ||| STILL RETREEAATING.
 57032 | Zot:5    | 57032 ||| RETREEAATING.
 57033 | Zot:5    | 57033 ||| INVOKING Heroism.
 57037 | Zot:5    | Killed a Killer Klown
 57043 | Zot:5    | 57043 ||| RETREEAATING.
 57043 | Zot:5    | Noticed a Killer Klown
 57044 | Zot:5    | 57044 ||| Stepping ~*~*~tactically~*~*~ (retreating).
 57045 | Zot:5    | Killed a Killer Klown
 57046 | Zot:5    | 57046 ||| STILL RETREEAATING.
 57046 | Zot:5    | Noticed a Killer Klown
 57047 | Zot:5    | 57047 ||| STILL RETREEAATING.
 57048 | Zot:5    | 57048 ||| STILL RETREEAATING.
 57049 | Zot:5    | 57049 ||| Stepping ~*~*~tactically~*~*~ (retreating).
 57050 | Zot:5    | 57050 ||| Stepping ~*~*~tactically~*~*~ (retreating).
 57054 | Zot:5    | Killed a Killer Klown
 57058 | Zot:5    | 57058 ||| Stepping ~*~*~tactically~*~*~ (retreating).
 57072 | Zot:5    | Killed a Killer Klown
 57252 | Zot:1    | 57252 ||| DRINKING 6 potions of haste.
 57253 | Zot:1    | 57253 ||| INVOKING Heroism.
 57254 | Zot:1    | 57254 ||| INVOKING Finesse.
 57337 | Depths:2 | Reached skill level 18 in Armour
 57433 | D:13     | 57433 ||| DRINKING 5 potions of haste.
 57434 | D:13     | 57434 ||| INVOKING Heroism.
 57524 | D:9      | Noticed Erhanuup the pandemonium lord
 57525 | D:9      | 57525 ||| DRINKING 4 potions of haste.
 57526 | D:9      | 57526 ||| INVOKING Heroism.
 57533 | D:9      | Killed Erhanuup the pandemonium lord
 57653 | D:4      | 57653 ||| Stepping ~*~*~tactically~*~*~ (retreating).
 57654 | D:4      | 57654 ||| Stepping ~*~*~tactically~*~*~ (retreating).
 57700 | D:4      | Gained mutation: You passively map a small area around you.
                  | [a cacodemon]
 57730 | D:2      | 57730 ||| Stepping ~*~*~tactically~*~*~ (retreating).
 57731 | D:2      | 57731 ||| Stepping ~*~*~tactically~*~*~ (retreating).
 57760 | D:2      | Noticed Ruivurch the pandemonium lord
 57761 | D:2      | 57761 ||| DRINKING 3 potions of haste.
 57762 | D:2      | 57762 ||| INVOKING Heroism.
 57763 | D:2      | 57763 ||| INVOKING Finesse.
 57771 | D:2      | Killed Ruivurch the pandemonium lord
 57781 | D:2      | 57781 ||| Stepping ~*~*~tactically~*~*~ (cloud).
 57786 | D:2      | 57786 ||| STAIRDANCE
 57805 | D:$      | Escaped with the Orb!

Levels and vault maps discovered:
D:1:      dpeg_arrival_arbitrary_b, layout_basic
D:2:      layout_basic, serial_shops, shop
D:3:      layout_rooms, uniq_crazy_yiuf_cottage
D:4:      layout_basic, lemuel_coloured_pillars_altar,
          nicolae_overflow_two_pavilions, portal_sewer_entry_c,
          kennysheep_generic_room_4, uniq_robin, uniq_sigmund
D:5:      layout_basic, gammafunk_ghost_necromancy, reono_crystal_passage
D:6:      layout_cave_pools
D:7:      lemuel_bear_cage, layout_loops_ring,
          mainiacjoe_overflow_small_starburst,
          pdpol_temple_overflow_zin_treasury_gozag_greed,
          minmay_temple_entry_gardened_gates, uniq_maggie
D:8:      kennysheep_blocky_room, layout_gridville, kennysheep_mini,
          mainiacjoe_overflow_cross_hatched, mainiacjoe_overflow_alcove_2,
          enter_bailey_5, uniq_psyche, uniq_joseph
D:9:      layout_grid_maze, orc_0_dummy, hangedman_decor_riveting, st_stairs_8,
          nicolae_letterblocks [nicolae_letter_subblock,
          nicolae_letter_subblock, nicolae_letter_subblock,
          nicolae_letter_subblock, nicolae_letter_subblock,
          nicolae_letter_subblock, nicolae_letter_subblock,
          nicolae_letter_subblock, nicolae_letter_subblock,
          nicolae_letter_subblock, nicolae_letter_subblock,
          nicolae_letter_subblock, nicolae_letter_subblock,
          nicolae_letter_subblock, nicolae_letter_subblock,
          nicolae_letter_subblock, nicolae_letter_subblock,
          nicolae_letter_subblock, nicolae_letter_subblock,
          nicolae_letter_subblock, nicolae_letter_subblock,
          nicolae_letter_subblock, nicolae_letter_subblock,
          nicolae_letter_subblock, nicolae_letter_subblock], uniq_harold,
          uniq_prince_ribbit1
D:10:     layout_stronghold
D:11:     layout_irregular_city, erik_lair_dragon, uniq_sonja
D:12:     layout_stronghold, nicolae_trove_entry_path_of_doom
D:13:     layout_stronghold, david_vaults_3, uniq_snorg, uniq_frances
D:14:     layout_loops_ring, gauntlet_entry_generic, minivault_11, uniq_louise
D:15:     grunt_enter_depths_hoard, layout_irregular_city,
          gammafunk_ghost_hydra_chop, nicolae_ru_path_of_blood, tso_metal_star
Temple:   nicolae_temple_god_jail
Lair:1:   gammafunk_boulding_lane, layout_layer_cave, grunt_megastairs_1
Lair:2:   layout_cave_pods, minivault_24, dreamdust_gnoll_shepherd
Lair:3:   layout_cave_pods, elwin_shoals_entry_rooms,
          hellmonk_spider_entry_not_the_bees, grunt_megastairs_5, uniq_kirke
Lair:4:   layout_cave_pods, nicolae_slime_entry_slimehenge, lemuel_fruit_tree
Lair:5:   hangedman_lair_caniforms_friends, layout_cave_pods,
          kennysheep_basilisk_garden, serial_bayou_shore_a
Shoals:1: layout_shoals, uniq_roxanne
Shoals:2: layout_shoals, nicolae_shoals_lost_giant_amphitheater
Shoals:3: layout_shoals, nicolae_shoals_beach_house_on_fowls_legs
Shoals:4: shoals_end_simple, layout_shoals, serial_shops, nicolae_shop_rolled_up
Spider:1: layout_spider_delve
Spider:2: layout_chambers, uniq_nikola
Spider:3: layout_chambers
Spider:4: hellmonk_spider_rune_bug_friends, uniq_arachne
Orc:1:    layout_caves, uniq_josephine, uniq_nergalle, uniq_urug
Orc:2:    st_orc_elflike, layout_caves, gammafunk_ghost_fury_of_okawaru,
          nicolae_volcano_entry_hallway
Vaults:1: ebering_ghost_reflecting_pool, nicolae_vaults_offset_grid_hallway_1,
          hangedman_vaults_snaps, nicolae_vaults_trapezoid_4, vaults_dpeg_ring,
          layout_vaults_quadrants
Vaults:2: v_misc_26, minmay_crypt_entry_simple_walls, nicolae_vaults_gold_heap,
          nicolae_vaults_antechamber_and_loot_room, nicolae_vaults_tangram_2,
          nicolae_vaults_tangram_2, v_misc_12, nicolae_vaults_little_squares_5,
          nicolae_vaults_trapezoid_1, vaults_dpeg_diagonal,
          nicolae_vaults_double_plus_1, nicolae_vaults_tetromino_Z_1,
          layout_vaults_chaotic_city
Vaults:3: v_misc_18, nicolae_vaults_sealed_display,
          nicolae_vaults_ellipses_ellipsis, nicolae_vaults_shelves_hall,
          vaults_room_grid, nicolae_vaults_security_offices_4,
          hangedman_vaults_locks, nicolae_vaults_specimen_jars,
          layout_vaults_omnicross, uniq_zenata, uniq_margery
Vaults:4: nicolae_vaults_three_branches, dpeg_vaults_monster_row,
          nicolae_vaults_tetromino_T_2, nicolae_vaults_weapon_check,
          nicolae_vaults_frosty_reception, nicolae_vaults_surprise_closet,
          vaults_room_grid, nicolae_vaults_more_shelving_2,
          nicolae_vaults_tetromino_L_1, nicolae_vaults_little_squares_4,
          ontoclasm_vaults_decontamination, grunt_vaults_hallway_short,
          hangedman_vaults_stretched_pinwheel, ontoclasm_vaults_misaligned,
          layout_vaults_ring, uniq_mara, uniq_donald, uniq_frederick, uniq_jory
Vaults:5
Depths:1: layout_roguey, kennysheep_cross_bottleneck, hell_entry,
          marbit_kobold_abyss_entry, nicolae_diode_intersection
Depths:2: nicolae_cairo_tiling_large_dashed, layout_honeycomb, hellmouth_1,
          serial_shops, shop, rand_demon_pan_entry_5,
          minmay_staircase_windowed_small
Depths:3: gammafunk_sealed_library, layout_gridlike, hell_entry, serial_shops,
          nicolae_shop_hallway_plus, rand_demon_pan_entry_1, abyss_entry,
          corner_web_ring, minmay_shop_grove, minmay_staircase_bubble
Depths:4: grunt_x_marks_the_spot, layout_cave_shapes, enter_ziggurat_b,
          hex_tiny, pf_coc_iceberg
Zot:1:    layout_gridlike
Zot:2:    regret_index_qazlal_generations, layout_basic
Zot:3:    layout_onion, uniq_josephina
Zot:4:    kennysheep_room_grid, layout_basic
Zot:5:    layout_twisted_circle

Skill      XL: |  1  2  3  4  5  6  7  8  9 10 11 12 13 14 15 16 17 18 19 20 21 22 23 24 25 26 |
---------------+-------------------------------------------------------------------------------+-----
Armour         | 1 2 3 4 6 8 9 10 11 12 19 | 19.2
Ranged Weapons | 5 6 7 8 14 15 16 17 20 22 | 22.0
Fighting       | 3 4 5 6 8 10 12 15 16 18 19 21 22 23 24 27 | 27.0
Dodging        | 2 4 5 6 7 9 10 12 14 16 17 19 21 22 | 22.0
Invocations    | 2 4 7 10 11 | 11.6
Stealth        | |  1.1

Action                     |  1- 3 |  4- 6 |  7- 9 | 10-12 | 13-15 | 16-18 | 19-21 | 22-24 | 25-27 || total
---------------------------+-------+-------+-------+-------+-------+-------+-------+-------+-------++-------
   Fire: Shortbow          |   119 |   166 |    65 |       |       |       |       |       |       ||   350
         Orcbow            |       |       |   122 |   830 |  1845 |  2089 |   412 |       |       ||  5298
         Triple crossbow   |       |       |       |       |       |       |   578 |   179 |   692 ||  1449
         Longbow           |       |       |       |       |       |       |   456 |   683 |   204 ||  1343
 Invoke: Heroism           |       |       |     1 |    24 |    33 |    38 |    23 |    22 |    27 ||   168
         Finesse           |       |       |       |     1 |     5 |    12 |    15 |     9 |     7 ||    49
         Receive Weapon    |       |       |       |       |       |       |     1 |       |       ||     1
         Receive Armour    |       |       |       |       |       |       |     1 |       |       ||     1
  Evoke: Wand              |       |       |       |       |       |       |     1 |       |       ||     1
    Use: Scroll            |     5 |     8 |     7 |     5 |     8 |     7 |     6 |     1 |     1 ||    48
         Potion            |     4 |       |     2 |       |     3 |     3 |     2 |     5 |     8 ||    27
 Armour: Leather armour    |     4 |       |       |   217 |   354 |   500 |   253 |       |       ||  1328
         Ring mail         |    18 |    84 |    25 |       |       |       |       |       |       ||   127
         Steam dragon scal |       |       |     5 |    10 |       |       |       |       |       ||    15
         Skin              |       |       |     1 |       |       |       |       |       |       ||     1
         Troll leather arm |       |       |       |       |       |       |    75 |   175 |   256 ||   506
  Dodge: Dodged            |    23 |    89 |    32 |   287 |  1100 |  1591 |  1195 |   669 |   904 ||  5890
  Block: Other             |       |    42 |    13 |    94 |   228 |   209 |       |       |       ||   586
         Reflection        |       |       |     1 |     6 |     4 |    12 |       |       |       ||    23

Table legend:
 A = Non-vault XP
 B = Vault XP
 C = Vault XP percentage of total XP
 D = Non-vault monster count
 E = Vault monster count
 F = Vault count percentage of total count
                 A         B        C        D         E       F
            +---------+---------+-------+---------+---------+-------
      Total |  683001 |  405084 |  37.2 |    1288 |     581 |  31.1
            +---------+---------+-------+---------+---------+-------
        D:1 |      24 |       0 |   0.0 |      16 |       0 |   0.0
        D:2 |      48 |       0 |   0.0 |      16 |       0 |   0.0
        D:3 |      49 |       0 |   0.0 |      14 |       0 |   0.0
        D:4 |     106 |     273 |  72.0 |       5 |      20 |  80.0
        D:5 |     574 |       0 |   0.0 |      11 |       0 |   0.0
        D:6 |     446 |       0 |   0.0 |      10 |       0 |   0.0
        D:7 |     683 |     404 |  37.2 |       9 |       1 |  10.0
        D:8 |    3774 |    2066 |  35.4 |      35 |      14 |  28.6
        D:9 |    2364 |    1528 |  39.3 |      31 |       4 |  11.4
       D:10 |    1711 |       0 |   0.0 |      18 |       0 |   0.0
       D:11 |    3278 |    2234 |  40.5 |       7 |       7 |  50.0
       D:12 |    5125 |     331 |   6.1 |      19 |       1 |   5.0
       D:13 |    5244 |    8161 |  60.9 |      13 |      22 |  62.9
       D:14 |    8687 |    1151 |  11.7 |      15 |       1 |   6.2
       D:15 |   16254 |    1795 |   9.9 |      36 |       2 |   5.3
     Lair:1 |   11509 |     781 |   6.4 |      33 |       4 |  10.8
     Lair:2 |    3843 |    1073 |  21.8 |      19 |       5 |  20.8
     Lair:3 |    4095 |    4769 |  53.8 |      16 |      17 |  51.5
     Lair:4 |   15921 |      94 |   0.6 |      51 |       5 |   8.9
     Lair:5 |    8826 |   11123 |  55.8 |      26 |      61 |  70.1
   Shoals:1 |   17639 |    1404 |   7.4 |      32 |       1 |   3.0
   Shoals:2 |   35575 |       0 |   0.0 |      66 |       0 |   0.0
   Shoals:3 |   18807 |    1311 |   6.5 |      33 |       1 |   2.9
   Shoals:4 |   14438 |   20196 |  58.3 |      35 |      33 |  48.5
   Spider:1 |   12190 |       0 |   0.0 |      26 |       0 |   0.0
   Spider:2 |   17372 |    2094 |  10.8 |      51 |       1 |   1.9
   Spider:3 |   27691 |       0 |   0.0 |      72 |       0 |   0.0
   Spider:4 |   18377 |   22129 |  54.6 |      37 |      29 |  43.9
      Orc:1 |    3219 |    2501 |  43.7 |      32 |       6 |  15.8
      Orc:2 |    1820 |    8137 |  81.7 |      27 |      25 |  48.1
   Vaults:1 |   33697 |    2615 |   7.2 |      48 |       4 |   7.7
   Vaults:2 |   17568 |   14276 |  44.8 |      32 |      15 |  31.9
   Vaults:3 |   18193 |   19799 |  52.1 |      23 |      26 |  53.1
   Vaults:4 |   30418 |   25915 |  46.0 |      50 |      33 |  39.8
   Vaults:5 |   28201 |   84571 |  75.0 |      44 |      89 |  66.9
   Depths:1 |   15970 |     574 |   3.5 |      23 |       3 |  11.5
   Depths:2 |   32285 |    4527 |  12.3 |      40 |       8 |  16.7
   Depths:3 |   29830 |    1996 |   6.3 |      32 |       5 |  13.5
   Depths:4 |   28499 |   19727 |  40.9 |      20 |      16 |  44.4
      Zot:1 |   26494 |       0 |   0.0 |      23 |       0 |   0.0
      Zot:2 |   31867 |   37119 |  53.8 |      26 |      32 |  55.2
      Zot:3 |   39877 |       0 |   0.0 |      32 |       0 |   0.0
      Zot:4 |   34326 |   15064 |  30.5 |      29 |      12 |  29.3
      Zot:5 |   43099 |   81909 |  65.5 |      30 |      37 |  55.2
    Abyss:3 |   12988 |       0 |   0.0 |      25 |       0 |   0.0
      Sewer |       0 |     233 | 100.0 |       0 |      37 | 100.0
   Gauntlet |       0 |    3204 | 100.0 |       0 |       4 | 100.0
            +---------+---------+-------+---------+---------+-------
